Workbook
Name diesel_LHV: 36
Name electricity_conversion: 0.0036
Name Mtoe_to_PJ: 41.868
Name petrol_LHV: 32
Name veh_to_pkm_cars: 1.104
Name veh_to_tkm_heavylorry: 0.175
Name veh_to_tkm_lightlorry: 1.107

Sheet GEMINI
A1: COUNTRY/ AGG REGION | B1: Variable | C1: Value | D1: NEW value | E1: Unit | F1: Base year | G1: End year | H1: Class | I1: Explanation | J1: Source | K1: Database code | AA1: Region | AB1: Implemented | AC1: Type | AD1: Sector | AE1: Impactful | AF1: Actual account
A2: USA (USA) | B2: Share of renewable in Electricity 1 | C2: 19.55 | E2: % | G2: 2020 | H2: Target | J2: CAT | K2: 311 | AA2: =INDEX(Regions!$B$4:$B$19,MATCH(GEMINI!A2,Regions!$C$4:$C$19,0)) -> USA | AB2: yes | AC2: =INDEX(PolicyMapping!$B:$B,MATCH($B2,PolicyMapping!$A:$A,0)) -> clean energy | AD2: =INDEX(PolicyMapping!$C:$C,MATCH($B2,PolicyMapping!$A:$A,0)) -> power
A3: =A2 -> USA (USA) | B3: Share of renewable in Electricity 2 | C3: 22.95 | D3: 29.5 | E3: % | G3: 2025 | H3: Target | J3: CAT | K3: 312 | AA3: =INDEX(Regions!$B$4:$B$19,MATCH(GEMINI!A3,Regions!$C$4:$C$19,0)) -> USA | AB3: yes | AC3: =INDEX(PolicyMapping!$B:$B,MATCH($B3,PolicyMapping!$A:$A,0)) -> clean energy | AD3: =INDEX(PolicyMapping!$C:$C,MATCH($B3,PolicyMapping!$A:$A,0)) -> power
A4: =A3 -> USA (USA) | B4: Share of renewable in Electricity 3 | C4: 24.12 | D4: 34.5 | E4: % | G4: 2030 | H4: Target | J4: CAT | K4: 313 | AA4: =INDEX(Regions!$B$4:$B$19,MATCH(GEMINI!A4,Regions!$C$4:$C$19,0)) -> USA | AB4: yes | AC4: =INDEX(PolicyMapping!$B:$B,MATCH($B4,PolicyMapping!$A:$A,0)) -> clean energy | AD4: =INDEX(PolicyMapping!$C:$C,MATCH($B4,PolicyMapping!$A:$A,0)) -> power
A5: USA (USA) | B5: Energy savings | Residential buildings | D5: 15 | E5: PJ | G5: 2020 | H5: Target | J5: GCAM | K5: 91 | AA5: =INDEX(Regions!$B$4:$B$19,MATCH(GEMINI!A5,Regions!$C$4:$C$19,0)) -> USA | AB5: yes | AC5: =INDEX(PolicyMapping!$B:$B,MATCH($B5,PolicyMapping!$A:$A,0)) -> efficiency standard | AD5: =INDEX(PolicyMapping!$C:$C,MATCH($B5,PolicyMapping!$A:$A,0)) -> buildings
A6: USA (USA) | B6: Energy savings | Residential buildings | D6: 65 | E6: PJ | G6: 2025 | H6: Target | J6: GCAM | K6: 98 | AA6: =INDEX(Regions!$B$4:$B$19,MATCH(GEMINI!A6,Regions!$C$4:$C$19,0)) -> USA | AB6: yes | AC6: =INDEX(PolicyMapping!$B:$B,MATCH($B6,PolicyMapping!$A:$A,0)) -> efficiency standard | AD6: =INDEX(PolicyMapping!$C:$C,MATCH($B6,PolicyMapping!$A:$A,0)) -> buildings | AE6: yes
A7: USA (USA) | B7: Energy savings | Residential buildings | D7: 225 | E7: PJ | G7: 2030 | H7: Target | J7: GCAM | K7: 65 | AA7: =INDEX(Regions!$B$4:$B$19,MATCH(GEMINI!A7,Regions!$C$4:$C$19,0)) -> USA | AB7: yes | AC7: =INDEX(PolicyMapping!$B:$B,MATCH($B7,PolicyMapping!$A:$A,0)) -> efficiency standard | AD7: =INDEX(PolicyMapping!$C:$C,MATCH($B7,PolicyMapping!$A:$A,0)) -> buildings | AE7: yes
A8: USA (USA) | B8: Energy savings | Commercial buildings | D8: 85 | E8: PJ | G8: 2020 | H8: Target | J8: GCAM | K8: 308 | AA8: =INDEX(Regions!$B$4:$B$19,MATCH(GEMINI!A8,Regions!$C$4:$C$19,0)) -> USA | AB8: yes | AC8: =INDEX(PolicyMapping!$B:$B,MATCH($B8,PolicyMapping!$A:$A,0)) -> efficiency standard | AD8: =INDEX(PolicyMapping!$C:$C,MATCH($B8,PolicyMapping!$A:$A,0)) -> buildings
A9: USA (USA) | B9: Energy savings | Commercial buildings | D9: 240 | E9: PJ | G9: 2025 | H9: Target | J9: GCAM | K9: 145 | AA9: =INDEX(Regions!$B$4:$B$19,MATCH(GEMINI!A9,Regions!$C$4:$C$19,0)) -> USA | AB9: yes | AC9: =INDEX(PolicyMapping!$B:$B,MATCH($B9,PolicyMapping!$A:$A,0)) -> efficiency standard | AD9: =INDEX(PolicyMapping!$C:$C,MATCH($B9,PolicyMapping!$A:$A,0)) -> buildings
A10: USA (USA) | B10: Energy savings | Commercial buildings | D10: 465 | E10: PJ | G10: 2030 | H10: Target | J10: GCAM | K10: 161 | AA10: =INDEX(Regions!$B$4:$B$19,MATCH(GEMINI!A10,Regions!$C$4:$C$19,0)) -> USA | AB10: yes | AC10: =INDEX(PolicyMapping!$B:$B,MATCH($B10,PolicyMapping!$A:$A,0)) -> efficiency standard | AD10: =INDEX(PolicyMapping!$C:$C,MATCH($B10,PolicyMapping!$A:$A,0)) -> buildings
A11: USA (USA) | B11: EV share of new vehicles sales | D11: 27 | E11: % | G11: 2030 | H11: Target | J11: CAT | K11: 164 | AA11: =INDEX(Regions!$B$4:$B$19,MATCH(GEMINI!A11,Regions!$C$4:$C$19,0)) -> USA | AB11: yes | AC11: =INDEX(PolicyMapping!$B:$B,MATCH($B11,PolicyMapping!$A:$A,0)) -> clean energy | AD11: =INDEX(PolicyMapping!$C:$C,MATCH($B11,PolicyMapping!$A:$A,0)) -> transport
A12: China (CHI) | B12: Share of renewables (electricity production) | Including hydro | C12: 26.5 | E12: % | G12: 2020 | H12: Alternate interpretation | J12: CD-LINK | K12: 166 | AA12: =INDEX(Regions!$B$4:$B$19,MATCH(GEMINI!A12,Regions!$C$4:$C$19,0)) -> China | AB12: yes | AC12: =INDEX(PolicyMapping!$B:$B,MATCH($B12,PolicyMapping!$A:$A,0)) -> clean energy | AD12: =INDEX(PolicyMapping!$C:$C,MATCH($B12,PolicyMapping!$A:$A,0)) -> power
A13: China (CHI) | B13: Share of renewables (electricity production) | Including hydro | D13: 35 | E13: % | G13: 2030 | K13: 168 | AA13: =INDEX(Regions!$B$4:$B$19,MATCH(GEMINI!A13,Regions!$C$4:$C$19,0)) -> China | AB13: yes | AC13: =INDEX(PolicyMapping!$B:$B,MATCH($B13,PolicyMapping!$A:$A,0)) -> clean energy | AD13: =INDEX(PolicyMapping!$C:$C,MATCH($B13,PolicyMapping!$A:$A,0)) -> power
A14: China (CHI) | B14: Electric and plug-in vehicles | Production | Share of new cars | D14: 25 | E14: % | G14: 2025 | K14: 27 | AA14: =INDEX(Regions!$B$4:$B$19,MATCH(GEMINI!A14,Regions!$C$4:$C$19,0)) -> China | AB14: yes | AC14: =INDEX(PolicyMapping!$B:$B,MATCH($B14,PolicyMapping!$A:$A,0)) -> clean energy | AD14: =INDEX(PolicyMapping!$C:$C,MATCH($B14,PolicyMapping!$A:$A,0)) -> transport
A15: =A12 -> China (CHI) | B15: Industrial output (MtCO2/IVA (US$2005)) | C15: -40 | E15: % | F15: 2015 | G15: 2025 | H15: Target | I15: 40% reduction in Industrial output (MtCO2/IVA) between 2015 and 2025. Assumes that Industry as a proportion of IVA is constant across the 10 year period | J15: CD-LINK | K15: 28 | AA15: =INDEX(Regions!$B$4:$B$19,MATCH(GEMINI!A15,Regions!$C$4:$C$19,0)) -> China | AB15: yes | AC15: =INDEX(PolicyMapping!$B:$B,MATCH($B15,PolicyMapping!$A:$A,0)) -> cap on emissions | AD15: =INDEX(PolicyMapping!$C:$C,MATCH($B15,PolicyMapping!$A:$A,0)) -> industry
A16: =A15 -> China (CHI) | B16: Share of non-fossil energy in TPES | C16: 20 | D16: 25 | E16: % | G16: 2030 | H16: Target | J16: CD-LINK | K16: 29 | AA16: =INDEX(Regions!$B$4:$B$19,MATCH(GEMINI!A16,Regions!$C$4:$C$19,0)) -> China | AB16: yes | AC16: =INDEX(PolicyMapping!$B:$B,MATCH($B16,PolicyMapping!$A:$A,0)) -> clean energy | AD16: =INDEX(PolicyMapping!$C:$C,MATCH($B16,PolicyMapping!$A:$A,0)) -> system
A17: =A16 -> China (CHI) | B17: Renewable Target in Electricity Consumption | C17: 35 | E17: % | G17: 2030 | H17: Target | J17: CAT | K17: 32 | AA17: =INDEX(Regions!$B$4:$B$19,MATCH(GEMINI!A17,Regions!$C$4:$C$19,0)) -> China | AB17: yes | AC17: =INDEX(PolicyMapping!$B:$B,MATCH($B17,PolicyMapping!$A:$A,0)) -> clean energy | AD17: =INDEX(PolicyMapping!$C:$C,MATCH($B17,PolicyMapping!$A:$A,0)) -> system
A18: =A17 -> China (CHI) | B18: EV share of new vehicles sales | D18: 36 | E18: % | G18: 2030 | H18: target | J18: CAT | K18: 45 | AA18: =INDEX(Regions!$B$4:$B$19,MATCH(GEMINI!A18,Regions!$C$4:$C$19,0)) -> China | AB18: yes | AC18: =INDEX(PolicyMapping!$B:$B,MATCH($B18,PolicyMapping!$A:$A,0)) -> clean energy | AD18: =INDEX(PolicyMapping!$C:$C,MATCH($B18,PolicyMapping!$A:$A,0)) -> transport
A19: =A18 -> China (CHI) | B19: Electricity capacity | Solar + Wind | D19: 1200 | E19: GW | G19: 2030 | H19: target | J19: AT | K19: 310 | AA19: =INDEX(Regions!$B$4:$B$19,MATCH(GEMINI!A19,Regions!$C$4:$C$19,0)) -> China | AB19: yes | AC19: =INDEX(PolicyMapping!$B:$B,MATCH($B19,PolicyMapping!$A:$A,0)) -> clean energy | AD19: =INDEX(PolicyMapping!$C:$C,MATCH($B19,PolicyMapping!$A:$A,0)) -> power
A20: India (IND) | B20: Share of renewables (electricity production) 3 | C20: 24 | E20: % | G20: 2027 | H20: Planned | J20: CD-LINK | K20: 311 | AA20: =INDEX(Regions!$B$4:$B$19,MATCH(GEMINI!A20,Regions!$C$4:$C$19,0)) -> India | AB20: yes | AC20: =INDEX(PolicyMapping!$B:$B,MATCH($B20,PolicyMapping!$A:$A,0)) -> clean energy | AD20: =INDEX(PolicyMapping!$C:$C,MATCH($B20,PolicyMapping!$A:$A,0)) -> power | AE20: yes
A21: =A20 -> India (IND) | B21: Share of renewables (electricity production) 1 | C21: 15 | E21: % | G21: 2020 | H21: Alternate interpretation | J21: CD-LINK | K21: 230 | AA21: =INDEX(Regions!$B$4:$B$19,MATCH(GEMINI!A21,Regions!$C$4:$C$19,0)) -> India | AB21: yes | AC21: =INDEX(PolicyMapping!$B:$B,MATCH($B21,PolicyMapping!$A:$A,0)) -> clean energy | AD21: =INDEX(PolicyMapping!$C:$C,MATCH($B21,PolicyMapping!$A:$A,0)) -> power
A22: =A21 -> India (IND) | B22: Electricity capacity|Biomass | C22: 10 | E22: GW | G22: 2022 | H22: Target | J22: CD-LINK | K22: 314 | AA22: =INDEX(Regions!$B$4:$B$19,MATCH(GEMINI!A22,Regions!$C$4:$C$19,0)) -> India | AB22: yes | AC22: =INDEX(PolicyMapping!$B:$B,MATCH($B22,PolicyMapping!$A:$A,0)) -> clean energy | AD22: =INDEX(PolicyMapping!$C:$C,MATCH($B22,PolicyMapping!$A:$A,0)) -> power
A23: =A22 -> India (IND) | B23: Electricity capacity | Wind | C23: 60 | E23: GW | G23: 2022 | H23: Target | J23: CD-LINK | K23: 314 | AA23: =INDEX(Regions!$B$4:$B$19,MATCH(GEMINI!A23,Regions!$C$4:$C$19,0)) -> India | AB23: yes | AC23: =INDEX(PolicyMapping!$B:$B,MATCH($B23,PolicyMapping!$A:$A,0)) -> clean energy | AD23: =INDEX(PolicyMapping!$C:$C,MATCH($B23,PolicyMapping!$A:$A,0)) -> power
A24: =A23 -> India (IND) | B24: Electricity capacity | Solar | C24: 100 | E24: GW | G24: 2022 | H24: Target | J24: CD-LINK | K24: =K23 -> 314 | AA24: =INDEX(Regions!$B$4:$B$19,MATCH(GEMINI!A24,Regions!$C$4:$C$19,0)) -> India | AB24: yes | AC24: =INDEX(PolicyMapping!$B:$B,MATCH($B24,PolicyMapping!$A:$A,0)) -> clean energy | AD24: =INDEX(PolicyMapping!$C:$C,MATCH($B24,PolicyMapping!$A:$A,0)) -> power
A25: =A24 -> India (IND) | B25: Electricity capacity | Renewable | D25: 450 | E25: GW | G25: 2030 | H25: Target | J25: CAT | K25: =K24 -> 314 | AA25: =INDEX(Regions!$B$4:$B$19,MATCH(GEMINI!A25,Regions!$C$4:$C$19,0)) -> India | AB25: yes | AC25: =INDEX(PolicyMapping!$B:$B,MATCH($B25,PolicyMapping!$A:$A,0)) -> clean energy | AD25: =INDEX(PolicyMapping!$C:$C,MATCH($B25,PolicyMapping!$A:$A,0)) -> power
A26: =A25 -> India (IND) | B26: EV share of new vehicles sales | D26: 30 | E26: % | G26: 2030 | H26: Target | J26: CAT | K26: =K25 -> 314 | AA26: =INDEX(Regions!$B$4:$B$19,MATCH(GEMINI!A26,Regions!$C$4:$C$19,0)) -> India | AB26: yes | AC26: =INDEX(PolicyMapping!$B:$B,MATCH($B26,PolicyMapping!$A:$A,0)) -> clean energy | AD26: =INDEX(PolicyMapping!$C:$C,MATCH($B26,PolicyMapping!$A:$A,0)) -> transport
A27: Brazil (BRA) | B27: Share of renewables (electricity consumption) | Non-fossil | Including nuclear | D27: 48 | E27: % | G27: 2030 | H27: Target | J27: CAT | K27: =K26 -> 314 | AA27: =INDEX(Regions!$B$4:$B$19,MATCH(GEMINI!A27,Regions!$C$4:$C$19,0)) -> Brazil | AB27: yes | AC27: =INDEX(PolicyMapping!$B:$B,MATCH($B27,PolicyMapping!$A:$A,0)) -> clean energy | AD27: =INDEX(PolicyMapping!$C:$C,MATCH($B27,PolicyMapping!$A:$A,0)) -> system
A28: =A27 -> Brazil (BRA) | B28: Share of renewables (electricity production) | Excluding hydro | D28: 23 | E28: % | G28: 2024 | H28: Target | J28: CAT | K28: =K27 -> 314 | AA28: =INDEX(Regions!$B$4:$B$19,MATCH(GEMINI!A28,Regions!$C$4:$C$19,0)) -> Brazil | AB28: yes | AC28: =INDEX(PolicyMapping!$B:$B,MATCH($B28,PolicyMapping!$A:$A,0)) -> clean energy | AD28: =INDEX(PolicyMapping!$C:$C,MATCH($B28,PolicyMapping!$A:$A,0)) -> power
A29: =A28 -> Brazil (BRA) | B29: Electricity capacity | Bioenergy | C29: 13 | E29: GW | G29: 2025 | H29: Target | J29: CD-LINK | K29: =K28 -> 314 | AA29: =INDEX(Regions!$B$4:$B$19,MATCH(GEMINI!A29,Regions!$C$4:$C$19,0)) -> Brazil | AB29: yes | AC29: =INDEX(PolicyMapping!$B:$B,MATCH($B29,PolicyMapping!$A:$A,0)) -> clean energy | AD29: =INDEX(PolicyMapping!$C:$C,MATCH($B29,PolicyMapping!$A:$A,0)) -> power
A30: =A29 -> Brazil (BRA) | B30: Electricity capacity | Wind | C30: 16.5 | D30: 27 | E30: GW | G30: 2025 | H30: Target | J30: GCAM | K30: =K29 -> 314 | AA30: =INDEX(Regions!$B$4:$B$19,MATCH(GEMINI!A30,Regions!$C$4:$C$19,0)) -> Brazil | AB30: yes | AC30: =INDEX(PolicyMapping!$B:$B,MATCH($B30,PolicyMapping!$A:$A,0)) -> clean energy | AD30: =INDEX(PolicyMapping!$C:$C,MATCH($B30,PolicyMapping!$A:$A,0)) -> power
A31: =A30 -> Brazil (BRA) | B31: Electricity capacity | Hydro | C31: 88.5 | E31: GW | G31: 2025 | H31: Target | J31: CD-LINK | K31: =K30 -> 314 | AA31: =INDEX(Regions!$B$4:$B$19,MATCH(GEMINI!A31,Regions!$C$4:$C$19,0)) -> Brazil | AB31: yes | AC31: =INDEX(PolicyMapping!$B:$B,MATCH($B31,PolicyMapping!$A:$A,0)) -> clean energy | AD31: =INDEX(PolicyMapping!$C:$C,MATCH($B31,PolicyMapping!$A:$A,0)) -> power
A32: =A31 -> Brazil (BRA) | B32: Electricity capacity | Solar | D32: 3.5 | E32: GW | G32: 2025 | H32: Target | J32: GCAM | K32: =K31 -> 314 | AA32: =INDEX(Regions!$B$4:$B$19,MATCH(GEMINI!A32,Regions!$C$4:$C$19,0)) -> Brazil | AB32: yes | AC32: =INDEX(PolicyMapping!$B:$B,MATCH($B32,PolicyMapping!$A:$A,0)) -> clean energy | AD32: =INDEX(PolicyMapping!$C:$C,MATCH($B32,PolicyMapping!$A:$A,0)) -> power
A33: Russia (RUS) | B33: Share of Renewable in Electricity (Excluding Hydro) | C33: 4.5 | E33: % | G33: 2030 | H33: Target | J33: CAT | K33: =K32 -> 314 | AA33: =INDEX(Regions!$B$4:$B$19,MATCH(GEMINI!A33,Regions!$C$4:$C$19,0)) -> Russia | AB33: yes | AC33: =INDEX(PolicyMapping!$B:$B,MATCH($B33,PolicyMapping!$A:$A,0)) -> clean energy | AD33: =INDEX(PolicyMapping!$C:$C,MATCH($B33,PolicyMapping!$A:$A,0)) -> power
A34: Russia (RUS) | B34: Share of Renewable in Electricity (Excluding Hydro) | C34: 9 | E34: % | G34: 2035 | H34: Target | J34: CAT | K34: =K33 -> 314 | AA34: =INDEX(Regions!$B$4:$B$19,MATCH(GEMINI!A34,Regions!$C$4:$C$19,0)) -> Russia | AB34: yes | AC34: =INDEX(PolicyMapping!$B:$B,MATCH($B34,PolicyMapping!$A:$A,0)) -> clean energy | AD34: =INDEX(PolicyMapping!$C:$C,MATCH($B34,PolicyMapping!$A:$A,0)) -> power
A35: =A33 -> Russia (RUS) | B35: Coal Share in TPES | C35: 15.8 | E35: % | G35: 2030 | H35: Target | J35: CAT | K35: =K34 -> 314 | AA35: =INDEX(Regions!$B$4:$B$19,MATCH(GEMINI!A35,Regions!$C$4:$C$19,0)) -> Russia | AB35: yes | AC35: =INDEX(PolicyMapping!$B:$B,MATCH($B35,PolicyMapping!$A:$A,0)) -> cap on fossils | AD35: =INDEX(PolicyMapping!$C:$C,MATCH($B35,PolicyMapping!$A:$A,0)) -> system
A36: =A34 -> Russia (RUS) | B36: EV share of total vehicle manufacturing | D36: 10 | E36: % | G36: 2030 | H36: Target | J36: CAT | K36: =K35 -> 314 | AA36: =INDEX(Regions!$B$4:$B$19,MATCH(GEMINI!A36,Regions!$C$4:$C$19,0)) -> Russia | AB36: yes | AC36: =INDEX(PolicyMapping!$B:$B,MATCH($B36,PolicyMapping!$A:$A,0)) -> clean energy | AD36: =INDEX(PolicyMapping!$C:$C,MATCH($B36,PolicyMapping!$A:$A,0)) -> transport
A37: =A35 -> Russia (RUS) | B37: GHG emissions | Transport | Cars | C37: 22.5 | E37: % | F37: 2013 | G37: 2030 | H37: Planned | J37: CD-LINK | K37: =K36 -> 314 | AA37: =INDEX(Regions!$B$4:$B$19,MATCH(GEMINI!A37,Regions!$C$4:$C$19,0)) -> Russia | AB37: yes | AC37: =INDEX(PolicyMapping!$B:$B,MATCH($B37,PolicyMapping!$A:$A,0)) -> cap on emissions | AD37: =INDEX(PolicyMapping!$C:$C,MATCH($B37,PolicyMapping!$A:$A,0)) -> transport
A38: Other ASIA (ASI) | B38: Share of renewables (electricity production) including Hydro 1 | E38: % | G38: 2030 | H38: Target | I38: Aggregated Target Based on Weighted Average on Renewable Share of Individual Countries | J38: Various | K38: 315 | AA38: =INDEX(Regions!$B$4:$B$19,MATCH(GEMINI!A38,Regions!$C$4:$C$19,0)) -> Asia excl India and China | AB38: yes | AC38: =INDEX(PolicyMapping!$B:$B,MATCH($B38,PolicyMapping!$A:$A,0)) -> clean energy | AD38: =INDEX(PolicyMapping!$C:$C,MATCH($B38,PolicyMapping!$A:$A,0)) -> power
A39: Other ASIA (ASI) | B39: =B38 -> Share of renewables (electricity production) including Hydro 1 | E39: % | G39: 2030 | H39: Target | I39: Aggregated Target Based on Weighted Average on Renewable Share of Individual Countries | J39: Various | K39: =K38 -> 315 | AA39: =INDEX(Regions!$B$4:$B$19,MATCH(GEMINI!A39,Regions!$C$4:$C$19,0)) -> Asia excl India and China | AB39: yes | AC39: =INDEX(PolicyMapping!$B:$B,MATCH($B39,PolicyMapping!$A:$A,0)) -> clean energy | AD39: =INDEX(PolicyMapping!$C:$C,MATCH($B39,PolicyMapping!$A:$A,0)) -> power
A40: Other ASIA (ASI) | B40: =B39 -> Share of renewables (electricity production) including Hydro 1 | E40: % | G40: 2030 | H40: Target | I40: Aggregated Target Based on Weighted Average on Renewable Share of Individual Countries | J40: Various | K40: =K39 -> 315 | AA40: =INDEX(Regions!$B$4:$B$19,MATCH(GEMINI!A40,Regions!$C$4:$C$19,0)) -> Asia excl India and China | AB40: yes | AC40: =INDEX(PolicyMapping!$B:$B,MATCH($B40,PolicyMapping!$A:$A,0)) -> clean energy | AD40: =INDEX(PolicyMapping!$C:$C,MATCH($B40,PolicyMapping!$A:$A,0)) -> power
A41: Other ASIA (ASI) | B41: =B40 -> Share of renewables (electricity production) including Hydro 1 | E41: % | G41: 2030 | H41: Target | I41: Aggregated Target Based on Weighted Average on Renewable Share of Individual Countries | J41: Various | K41: =K40 -> 315 | AA41: =INDEX(Regions!$B$4:$B$19,MATCH(GEMINI!A41,Regions!$C$4:$C$19,0)) -> Asia excl India and China | AB41: yes | AC41: =INDEX(PolicyMapping!$B:$B,MATCH($B41,PolicyMapping!$A:$A,0)) -> clean energy | AD41: =INDEX(PolicyMapping!$C:$C,MATCH($B41,PolicyMapping!$A:$A,0)) -> power
A42: Other ASIA (ASI) | B42: =B41 -> Share of renewables (electricity production) including Hydro 1 | E42: % | G42: 2030 | H42: Target | I42: Aggregated Target Based on Weighted Average on Renewable Share of Individual Countries | J42: Various | K42: =K41 -> 315 | AA42: =INDEX(Regions!$B$4:$B$19,MATCH(GEMINI!A42,Regions!$C$4:$C$19,0)) -> Asia excl India and China | AB42: yes | AC42: =INDEX(PolicyMapping!$B:$B,MATCH($B42,PolicyMapping!$A:$A,0)) -> clean energy | AD42: =INDEX(PolicyMapping!$C:$C,MATCH($B42,PolicyMapping!$A:$A,0)) -> power
A43: Other ASIA (ASI) | B43: =B42 -> Share of renewables (electricity production) including Hydro 1 | E43: % | G43: 2030 | H43: Target | I43: Aggregated Target Based on Weighted Average on Renewable Share of Individual Countries | J43: Various | K43: =K42 -> 315 | AA43: =INDEX(Regions!$B$4:$B$19,MATCH(GEMINI!A43,Regions!$C$4:$C$19,0)) -> Asia excl India and China | AB43: yes | AC43: =INDEX(PolicyMapping!$B:$B,MATCH($B43,PolicyMapping!$A:$A,0)) -> clean energy | AD43: =INDEX(PolicyMapping!$C:$C,MATCH($B43,PolicyMapping!$A:$A,0)) -> power
A44: Other ASIA (ASI) | B44: =B43 -> Share of renewables (electricity production) including Hydro 1 | E44: % | G44: 2030 | H44: Target | I44: Aggregated Target Based on Weighted Average on Renewable Share of Individual Countries | J44: Various | K44: =K43 -> 315 | AA44: =INDEX(Regions!$B$4:$B$19,MATCH(GEMINI!A44,Regions!$C$4:$C$19,0)) -> Asia excl India and China | AB44: yes | AC44: =INDEX(PolicyMapping!$B:$B,MATCH($B44,PolicyMapping!$A:$A,0)) -> clean energy | AD44: =INDEX(PolicyMapping!$C:$C,MATCH($B44,PolicyMapping!$A:$A,0)) -> power
A45: Other ASIA (ASI) | B45: =B44 -> Share of renewables (electricity production) including Hydro 1 | E45: % | G45: 2030 | H45: Target | I45: Aggregated Target Based on Weighted Average on Renewable Share of Individual Countries | J45: Various | K45: =K44 -> 315 | AA45: =INDEX(Regions!$B$4:$B$19,MATCH(GEMINI!A45,Regions!$C$4:$C$19,0)) -> Asia excl India and China | AB45: yes | AC45: =INDEX(PolicyMapping!$B:$B,MATCH($B45,PolicyMapping!$A:$A,0)) -> clean energy | AD45: =INDEX(PolicyMapping!$C:$C,MATCH($B45,PolicyMapping!$A:$A,0)) -> power
A46: Other ASIA (ASI) | B46: =B45 -> Share of renewables (electricity production) including Hydro 1 | E46: % | G46: 2030 | H46: Target | I46: Aggregated Target Based on Weighted Average on Renewable Share of Individual Countries | J46: Various | K46: =K45 -> 315 | AA46: =INDEX(Regions!$B$4:$B$19,MATCH(GEMINI!A46,Regions!$C$4:$C$19,0)) -> Asia excl India and China | AB46: yes | AC46: =INDEX(PolicyMapping!$B:$B,MATCH($B46,PolicyMapping!$A:$A,0)) -> clean energy | AD46: =INDEX(PolicyMapping!$C:$C,MATCH($B46,PolicyMapping!$A:$A,0)) -> power
A47: Other ASIA (ASI) | B47: =B46 -> Share of renewables (electricity production) including Hydro 1 | E47: % | G47: 2030 | H47: Target | I47: Aggregated Target Based on Weighted Average on Renewable Share of Individual Countries | J47: Various | K47: =K46 -> 315 | AA47: =INDEX(Regions!$B$4:$B$19,MATCH(GEMINI!A47,Regions!$C$4:$C$19,0)) -> Asia excl India and China | AB47: yes | AC47: =INDEX(PolicyMapping!$B:$B,MATCH($B47,PolicyMapping!$A:$A,0)) -> clean energy | AD47: =INDEX(PolicyMapping!$C:$C,MATCH($B47,PolicyMapping!$A:$A,0)) -> power
A48: Other ASIA (ASI) | B48: =B47 -> Share of renewables (electricity production) including Hydro 1 | E48: % | G48: 2030 | H48: Target | I48: Aggregated Target Based on Weighted Average on Renewable Share of Individual Countries | J48: Various | K48: =K47 -> 315 | AA48: =INDEX(Regions!$B$4:$B$19,MATCH(GEMINI!A48,Regions!$C$4:$C$19,0)) -> Asia excl India and China | AB48: yes | AC48: =INDEX(PolicyMapping!$B:$B,MATCH($B48,PolicyMapping!$A:$A,0)) -> clean energy | AD48: =INDEX(PolicyMapping!$C:$C,MATCH($B48,PolicyMapping!$A:$A,0)) -> power
A49: Other ASIA (ASI) | B49: =B48 -> Share of renewables (electricity production) including Hydro 1 | E49: % | G49: 2030 | H49: Target | I49: Aggregated Target Based on Weighted Average on Renewable Share of Individual Countries | J49: Various | K49: =K48 -> 315 | AA49: =INDEX(Regions!$B$4:$B$19,MATCH(GEMINI!A49,Regions!$C$4:$C$19,0)) -> Asia excl India and China | AB49: yes | AC49: =INDEX(PolicyMapping!$B:$B,MATCH($B49,PolicyMapping!$A:$A,0)) -> clean energy | AD49: =INDEX(PolicyMapping!$C:$C,MATCH($B49,PolicyMapping!$A:$A,0)) -> power
A50: Other ASIA (ASI) | B50: =B49 -> Share of renewables (electricity production) including Hydro 1 | E50: % | G50: 2030 | H50: Target | I50: Aggregated Target Based on Weighted Average on Renewable Share of Individual Countries | J50: Various | K50: =K49 -> 315 | AA50: =INDEX(Regions!$B$4:$B$19,MATCH(GEMINI!A50,Regions!$C$4:$C$19,0)) -> Asia excl India and China | AB50: yes | AC50: =INDEX(PolicyMapping!$B:$B,MATCH($B50,PolicyMapping!$A:$A,0)) -> clean energy | AD50: =INDEX(PolicyMapping!$C:$C,MATCH($B50,PolicyMapping!$A:$A,0)) -> power
... A53: Other ASIA (ASI) | B53: =B52 -> Share of renewables (electricity production) including Hydro 1 | E53: % | G53: 2030 | H53: Target | I53: Aggregated Target Based on Weighted Average on Renewable Share of Individual Countries | J53: Various | K53: =K52 -> 315 | AA53: =INDEX(Regions!$B$4:$B$19,MATCH(GEMINI!A53,Regions!$C$4:$C$19,0)) -> Asia excl India and China | AB53: yes | AC53: =INDEX(PolicyMapping!$B:$B,MATCH($B53,PolicyMapping!$A:$A,0)) -> clean energy | AD53: =INDEX(PolicyMapping!$C:$C,MATCH($B53,PolicyMapping!$A:$A,0)) -> power
A54: Central & South America (CSA) | B54: =B53 -> Share of renewables (electricity production) including Hydro 1 | C54: 36.88 | E54: % | G54: 2030 | H54: Target | I54: Aggregated Target Based on Weighted Average on Renewable Share of Individual Countries | J54: Various | K54: =K53 -> 315 | AA54: =INDEX(Regions!$B$4:$B$19,MATCH(GEMINI!A54,Regions!$C$4:$C$19,0)) -> Latin America excl. Brazil | AB54: yes | AC54: =INDEX(PolicyMapping!$B:$B,MATCH($B54,PolicyMapping!$A:$A,0)) -> clean energy | AD54: =INDEX(PolicyMapping!$C:$C,MATCH($B54,PolicyMapping!$A:$A,0)) -> power
A55: Central & South America (CSA) | B55: =B54 -> Share of renewables (electricity production) including Hydro 1 | E55: % | G55: 2030 | H55: Target | I55: Aggregated Target Based on Weighted Average on Renewable Share of Individual Countries | J55: Various | K55: =K54 -> 315 | AA55: =INDEX(Regions!$B$4:$B$19,MATCH(GEMINI!A55,Regions!$C$4:$C$19,0)) -> Latin America excl. Brazil | AB55: yes | AC55: =INDEX(PolicyMapping!$B:$B,MATCH($B55,PolicyMapping!$A:$A,0)) -> clean energy | AD55: =INDEX(PolicyMapping!$C:$C,MATCH($B55,PolicyMapping!$A:$A,0)) -> power
A56: Central & South America (CSA) | B56: =B55 -> Share of renewables (electricity production) including Hydro 1 | E56: % | G56: 2030 | H56: Target | I56: Aggregated Target Based on Weighted Average on Renewable Share of Individual Countries | J56: Various | K56: =K55 -> 315 | AA56: =INDEX(Regions!$B$4:$B$19,MATCH(GEMINI!A56,Regions!$C$4:$C$19,0)) -> Latin America excl. Brazil | AB56: yes | AC56: =INDEX(PolicyMapping!$B:$B,MATCH($B56,PolicyMapping!$A:$A,0)) -> clean energy | AD56: =INDEX(PolicyMapping!$C:$C,MATCH($B56,PolicyMapping!$A:$A,0)) -> power
A57: Central & South America (CSA) | B57: =B56 -> Share of renewables (electricity production) including Hydro 1 | E57: % | G57: 2030 | H57: Target | I57: Aggregated Target Based on Weighted Average on Renewable Share of Individual Countries | J57: Various | K57: =K55 -> 315 | AA57: =INDEX(Regions!$B$4:$B$19,MATCH(GEMINI!A57,Regions!$C$4:$C$19,0)) -> Latin America excl. Brazil | AB57: yes | AC57: =INDEX(PolicyMapping!$B:$B,MATCH($B57,PolicyMapping!$A:$A,0)) -> clean energy | AD57: =INDEX(PolicyMapping!$C:$C,MATCH($B57,PolicyMapping!$A:$A,0)) -> power
A58: Central & South America (CSA) | B58: =B57 -> Share of renewables (electricity production) including Hydro 1 | E58: % | G58: 2030 | H58: Target | I58: Aggregated Target Based on Weighted Average on Renewable Share of Individual Countries | J58: Various | K58: 316 | AA58: =INDEX(Regions!$B$4:$B$19,MATCH(GEMINI!A58,Regions!$C$4:$C$19,0)) -> Latin America excl. Brazil | AB58: yes | AC58: =INDEX(PolicyMapping!$B:$B,MATCH($B58,PolicyMapping!$A:$A,0)) -> clean energy | AD58: =INDEX(PolicyMapping!$C:$C,MATCH($B58,PolicyMapping!$A:$A,0)) -> power | AE58: yes
A59: Central & South America (CSA) | B59: =B58 -> Share of renewables (electricity production) including Hydro 1 | E59: % | G59: 2030 | H59: Target | I59: Aggregated Target Based on Weighted Average on Renewable Share of Individual Countries | J59: Various | K59: 316 | AA59: =INDEX(Regions!$B$4:$B$19,MATCH(GEMINI!A59,Regions!$C$4:$C$19,0)) -> Latin America excl. Brazil | AB59: yes | AC59: =INDEX(PolicyMapping!$B:$B,MATCH($B59,PolicyMapping!$A:$A,0)) -> clean energy | AD59: =INDEX(PolicyMapping!$C:$C,MATCH($B59,PolicyMapping!$A:$A,0)) -> power | AE59: yes
A60: Central & South America (CSA) | B60: =B59 -> Share of renewables (electricity production) including Hydro 1 | E60: % | G60: 2030 | H60: Target | I60: Aggregated Target Based on Weighted Average on Renewable Share of Individual Countries | J60: Various | K60: 316 | AA60: =INDEX(Regions!$B$4:$B$19,MATCH(GEMINI!A60,Regions!$C$4:$C$19,0)) -> Latin America excl. Brazil | AB60: yes | AC60: =INDEX(PolicyMapping!$B:$B,MATCH($B60,PolicyMapping!$A:$A,0)) -> clean energy | AD60: =INDEX(PolicyMapping!$C:$C,MATCH($B60,PolicyMapping!$A:$A,0)) -> power | AE60: yes
A61: Central & South America (CSA) | B61: =B60 -> Share of renewables (electricity production) including Hydro 1 | E61: % | G61: 2030 | H61: Target | I61: Aggregated Target Based on Weighted Average on Renewable Share of Individual Countries | J61: Various | K61: 316 | AA61: =INDEX(Regions!$B$4:$B$19,MATCH(GEMINI!A61,Regions!$C$4:$C$19,0)) -> Latin America excl. Brazil | AB61: yes | AC61: =INDEX(PolicyMapping!$B:$B,MATCH($B61,PolicyMapping!$A:$A,0)) -> clean energy | AD61: =INDEX(PolicyMapping!$C:$C,MATCH($B61,PolicyMapping!$A:$A,0)) -> power | AE61: yes
A62: Central & South America (CSA) | B62: =B61 -> Share of renewables (electricity production) including Hydro 1 | E62: % | G62: 2030 | H62: Target | I62: Aggregated Target Based on Weighted Average on Renewable Share of Individual Countries | J62: Various | K62: 316 | AA62: =INDEX(Regions!$B$4:$B$19,MATCH(GEMINI!A62,Regions!$C$4:$C$19,0)) -> Latin America excl. Brazil | AB62: yes | AC62: =INDEX(PolicyMapping!$B:$B,MATCH($B62,PolicyMapping!$A:$A,0)) -> clean energy | AD62: =INDEX(PolicyMapping!$C:$C,MATCH($B62,PolicyMapping!$A:$A,0)) -> power | AE62: yes
A63: Central & South America (CSA) | B63: =B62 -> Share of renewables (electricity production) including Hydro 1 | E63: % | G63: 2030 | H63: Target | I63: Aggregated Target Based on Weighted Average on Renewable Share of Individual Countries | J63: Various | K63: 316 | AA63: =INDEX(Regions!$B$4:$B$19,MATCH(GEMINI!A63,Regions!$C$4:$C$19,0)) -> Latin America excl. Brazil | AB63: yes | AC63: =INDEX(PolicyMapping!$B:$B,MATCH($B63,PolicyMapping!$A:$A,0)) -> clean energy | AD63: =INDEX(PolicyMapping!$C:$C,MATCH($B63,PolicyMapping!$A:$A,0)) -> power | AE63: yes
A64: Central & South America (CSA) | B64: =B63 -> Share of renewables (electricity production) including Hydro 1 | E64: % | G64: 2030 | H64: Target | I64: Aggregated Target Based on Weighted Average on Renewable Share of Individual Countries | J64: Various | K64: 316 | AA64: =INDEX(Regions!$B$4:$B$19,MATCH(GEMINI!A64,Regions!$C$4:$C$19,0)) -> Latin America excl. Brazil | AB64: yes | AC64: =INDEX(PolicyMapping!$B:$B,MATCH($B64,PolicyMapping!$A:$A,0)) -> clean energy | AD64: =INDEX(PolicyMapping!$C:$C,MATCH($B64,PolicyMapping!$A:$A,0)) -> power | AE64: yes
A65: Central & South America (CSA) | B65: =B64 -> Share of renewables (electricity production) including Hydro 1 | E65: % | G65: 2030 | H65: Target | I65: Aggregated Target Based on Weighted Average on Renewable Share of Individual Countries | J65: Various | K65: 316 | AA65: =INDEX(Regions!$B$4:$B$19,MATCH(GEMINI!A65,Regions!$C$4:$C$19,0)) -> Latin America excl. Brazil | AB65: yes | AC65: =INDEX(PolicyMapping!$B:$B,MATCH($B65,PolicyMapping!$A:$A,0)) -> clean energy | AD65: =INDEX(PolicyMapping!$C:$C,MATCH($B65,PolicyMapping!$A:$A,0)) -> power | AE65: yes
A66: Central & South America (CSA) | B66: =B65 -> Share of renewables (electricity production) including Hydro 1 | E66: % | G66: 2030 | H66: Target | I66: Aggregated Target Based on Weighted Average on Renewable Share of Individual Countries | J66: Various | K66: 316 | AA66: =INDEX(Regions!$B$4:$B$19,MATCH(GEMINI!A66,Regions!$C$4:$C$19,0)) -> Latin America excl. Brazil | AB66: yes | AC66: =INDEX(PolicyMapping!$B:$B,MATCH($B66,PolicyMapping!$A:$A,0)) -> clean energy | AD66: =INDEX(PolicyMapping!$C:$C,MATCH($B66,PolicyMapping!$A:$A,0)) -> power | AE66: yes
A67: Central & South America (CSA) | B67: =B66 -> Share of renewables (electricity production) including Hydro 1 | E67: % | G67: 2030 | H67: Target | I67: Aggregated Target Based on Weighted Average on Renewable Share of Individual Countries | J67: Various | K67: 316 | AA67: =INDEX(Regions!$B$4:$B$19,MATCH(GEMINI!A67,Regions!$C$4:$C$19,0)) -> Latin America excl. Brazil | AB67: yes | AC67: =INDEX(PolicyMapping!$B:$B,MATCH($B67,PolicyMapping!$A:$A,0)) -> clean energy | AD67: =INDEX(PolicyMapping!$C:$C,MATCH($B67,PolicyMapping!$A:$A,0)) -> power | AE67: yes
A68: Central & South America (CSA) | B68: =B67 -> Share of renewables (electricity production) including Hydro 1 | E68: % | G68: 2030 | H68: Target | I68: Aggregated Target Based on Weighted Average on Renewable Share of Individual Countries | J68: Various | K68: 316 | AA68: =INDEX(Regions!$B$4:$B$19,MATCH(GEMINI!A68,Regions!$C$4:$C$19,0)) -> Latin America excl. Brazil | AB68: yes | AC68: =INDEX(PolicyMapping!$B:$B,MATCH($B68,PolicyMapping!$A:$A,0)) -> clean energy | AD68: =INDEX(PolicyMapping!$C:$C,MATCH($B68,PolicyMapping!$A:$A,0)) -> power | AE68: yes
A69: Central & South America (CSA) | B69: =B68 -> Share of renewables (electricity production) including Hydro 1 | E69: % | G69: 2030 | H69: Target | I69: Aggregated Target Based on Weighted Average on Renewable Share of Individual Countries | J69: Various | K69: 316 | AA69: =INDEX(Regions!$B$4:$B$19,MATCH(GEMINI!A69,Regions!$C$4:$C$19,0)) -> Latin America excl. Brazil | AB69: yes | AC69: =INDEX(PolicyMapping!$B:$B,MATCH($B69,PolicyMapping!$A:$A,0)) -> clean energy | AD69: =INDEX(PolicyMapping!$C:$C,MATCH($B69,PolicyMapping!$A:$A,0)) -> power | AE69: yes
A70: Central & South America (CSA) | B70: =B69 -> Share of renewables (electricity production) including Hydro 1 | E70: % | G70: 2030 | H70: Target | I70: Aggregated Target Based on Weighted Average on Renewable Share of Individual Countries | J70: Various | K70: 317 | AA70: =INDEX(Regions!$B$4:$B$19,MATCH(GEMINI!A70,Regions!$C$4:$C$19,0)) -> Latin America excl. Brazil | AB70: yes | AC70: =INDEX(PolicyMapping!$B:$B,MATCH($B70,PolicyMapping!$A:$A,0)) -> clean energy | AD70: =INDEX(PolicyMapping!$C:$C,MATCH($B70,PolicyMapping!$A:$A,0)) -> power
A71: Central & South America (CSA) | B71: =B70 -> Share of renewables (electricity production) including Hydro 1 | E71: % | G71: 2030 | H71: Target | I71: Aggregated Target Based on Weighted Average on Renewable Share of Individual Countries | J71: Various | K71: 317 | AA71: =INDEX(Regions!$B$4:$B$19,MATCH(GEMINI!A71,Regions!$C$4:$C$19,0)) -> Latin America excl. Brazil | AB71: yes | AC71: =INDEX(PolicyMapping!$B:$B,MATCH($B71,PolicyMapping!$A:$A,0)) -> clean energy | AD71: =INDEX(PolicyMapping!$C:$C,MATCH($B71,PolicyMapping!$A:$A,0)) -> power
A72: Central & South America (CSA) | B72: =B71 -> Share of renewables (electricity production) including Hydro 1 | E72: % | G72: 2030 | H72: Target | I72: Aggregated Target Based on Weighted Average on Renewable Share of Individual Countries | J72: Various | K72: 317 | AA72: =INDEX(Regions!$B$4:$B$19,MATCH(GEMINI!A72,Regions!$C$4:$C$19,0)) -> Latin America excl. Brazil | AB72: yes | AC72: =INDEX(PolicyMapping!$B:$B,MATCH($B72,PolicyMapping!$A:$A,0)) -> clean energy | AD72: =INDEX(PolicyMapping!$C:$C,MATCH($B72,PolicyMapping!$A:$A,0)) -> power
A73: Central & South America (CSA) | B73: =B71 -> Share of renewables (electricity production) including Hydro 1 | E73: % | G73: 2030 | H73: Target | I73: Aggregated Target Based on Weighted Average on Renewable Share of Individual Countries | J73: Various | K73: 317 | AA73: =INDEX(Regions!$B$4:$B$19,MATCH(GEMINI!A73,Regions!$C$4:$C$19,0)) -> Latin America excl. Brazil | AB73: yes | AC73: =INDEX(PolicyMapping!$B:$B,MATCH($B73,PolicyMapping!$A:$A,0)) -> clean energy | AD73: =INDEX(PolicyMapping!$C:$C,MATCH($B73,PolicyMapping!$A:$A,0)) -> power
A74: Middle East (MID) | B74: Share of renewables (electricity production) including Hydro 3 | C74: 13.93 | E74: % | G74: 2030 | H74: Target | I74: Aggregated Target Based on Weighted Average on Renewable Share of Individual Countries | J74: Various | K74: 317 | AA74: =INDEX(Regions!$B$4:$B$19,MATCH(GEMINI!A74,Regions!$C$4:$C$19,0)) -> Middle East | AB74: yes | AC74: =INDEX(PolicyMapping!$B:$B,MATCH($B74,PolicyMapping!$A:$A,0)) -> clean energy | AD74: =INDEX(PolicyMapping!$C:$C,MATCH($B74,PolicyMapping!$A:$A,0)) -> power
A75: Middle East (MID) | B75: Share of renewables (electricity production) including Hydro 3 | E75: % | G75: 2030 | H75: Target | I75: Aggregated Target Based on Weighted Average on Renewable Share of Individual Countries | J75: Various | K75: 317 | AA75: =INDEX(Regions!$B$4:$B$19,MATCH(GEMINI!A75,Regions!$C$4:$C$19,0)) -> Middle East | AB75: yes | AC75: =INDEX(PolicyMapping!$B:$B,MATCH($B75,PolicyMapping!$A:$A,0)) -> clean energy | AD75: =INDEX(PolicyMapping!$C:$C,MATCH($B75,PolicyMapping!$A:$A,0)) -> power
A76: Middle East (MID) | B76: Share of renewables (electricity production) including Hydro 3 | E76: % | G76: 2030 | H76: Target | I76: Aggregated Target Based on Weighted Average on Renewable Share of Individual Countries | J76: Various | K76: 317 | AA76: =INDEX(Regions!$B$4:$B$19,MATCH(GEMINI!A76,Regions!$C$4:$C$19,0)) -> Middle East | AB76: yes | AC76: =INDEX(PolicyMapping!$B:$B,MATCH($B76,PolicyMapping!$A:$A,0)) -> clean energy | AD76: =INDEX(PolicyMapping!$C:$C,MATCH($B76,PolicyMapping!$A:$A,0)) -> power
A77: Middle East (MID) | B77: Share of renewables (electricity production) including Hydro 3 | E77: % | G77: 2030 | H77: Target | I77: Aggregated Target Based on Weighted Average on Renewable Share of Individual Countries | J77: Various | K77: 318 | AA77: =INDEX(Regions!$B$4:$B$19,MATCH(GEMINI!A77,Regions!$C$4:$C$19,0)) -> Middle East | AB77: yes | AC77: =INDEX(PolicyMapping!$B:$B,MATCH($B77,PolicyMapping!$A:$A,0)) -> clean energy | AD77: =INDEX(PolicyMapping!$C:$C,MATCH($B77,PolicyMapping!$A:$A,0)) -> power
A78: Middle East (MID) | B78: Share of renewables (electricity production) including Hydro 3 | E78: % | G78: 2030 | H78: Target | I78: Aggregated Target Based on Weighted Average on Renewable Share of Individual Countries | J78: Various | K78: 318 | AA78: =INDEX(Regions!$B$4:$B$19,MATCH(GEMINI!A78,Regions!$C$4:$C$19,0)) -> Middle East | AB78: yes | AC78: =INDEX(PolicyMapping!$B:$B,MATCH($B78,PolicyMapping!$A:$A,0)) -> clean energy | AD78: =INDEX(PolicyMapping!$C:$C,MATCH($B78,PolicyMapping!$A:$A,0)) -> power
A79: Middle East (MID) | B79: Share of renewables (electricity production) including Hydro 3 | E79: % | G79: 2030 | H79: Target | I79: Aggregated Target Based on Weighted Average on Renewable Share of Individual Countries | J79: Various | K79: 318 | AA79: =INDEX(Regions!$B$4:$B$19,MATCH(GEMINI!A79,Regions!$C$4:$C$19,0)) -> Middle East | AB79: yes | AC79: =INDEX(PolicyMapping!$B:$B,MATCH($B79,PolicyMapping!$A:$A,0)) -> clean energy | AD79: =INDEX(PolicyMapping!$C:$C,MATCH($B79,PolicyMapping!$A:$A,0)) -> power
A80: Middle East (MID) | B80: Share of renewables (electricity production) including Hydro 3 | E80: % | G80: 2030 | H80: Target | I80: Aggregated Target Based on Weighted Average on Renewable Share of Individual Countries | J80: Various | K80: 318 | AA80: =INDEX(Regions!$B$4:$B$19,MATCH(GEMINI!A80,Regions!$C$4:$C$19,0)) -> Middle East | AB80: yes | AC80: =INDEX(PolicyMapping!$B:$B,MATCH($B80,PolicyMapping!$A:$A,0)) -> clean energy | AD80: =INDEX(PolicyMapping!$C:$C,MATCH($B80,PolicyMapping!$A:$A,0)) -> power
A81: Middle East (MID) | B81: Share of renewables (electricity production) including Hydro 3 | E81: % | G81: 2030 | H81: Target | I81: Aggregated Target Based on Weighted Average on Renewable Share of Individual Countries | J81: Various | K81: 318 | AA81: =INDEX(Regions!$B$4:$B$19,MATCH(GEMINI!A81,Regions!$C$4:$C$19,0)) -> Middle East | AB81: yes | AC81: =INDEX(PolicyMapping!$B:$B,MATCH($B81,PolicyMapping!$A:$A,0)) -> clean energy | AD81: =INDEX(PolicyMapping!$C:$C,MATCH($B81,PolicyMapping!$A:$A,0)) -> power
A82: Middle East (MID) | B82: Share of renewables (electricity production) including Hydro 3 | E82: % | G82: 2030 | H82: Target | I82: Aggregated Target Based on Weighted Average on Renewable Share of Individual Countries | J82: Various | K82: 318 | AA82: =INDEX(Regions!$B$4:$B$19,MATCH(GEMINI!A82,Regions!$C$4:$C$19,0)) -> Middle East | AB82: yes | AC82: =INDEX(PolicyMapping!$B:$B,MATCH($B82,PolicyMapping!$A:$A,0)) -> clean energy | AD82: =INDEX(PolicyMapping!$C:$C,MATCH($B82,PolicyMapping!$A:$A,0)) -> power
A83: Middle East (MID) | B83: Share of renewables (electricity production) including Hydro 3 | E83: % | G83: 2030 | H83: Target | I83: Aggregated Target Based on Weighted Average on Renewable Share of Individual Countries | J83: Various | K83: 318 | AA83: =INDEX(Regions!$B$4:$B$19,MATCH(GEMINI!A83,Regions!$C$4:$C$19,0)) -> Middle East | AB83: yes | AC83: =INDEX(PolicyMapping!$B:$B,MATCH($B83,PolicyMapping!$A:$A,0)) -> clean energy | AD83: =INDEX(PolicyMapping!$C:$C,MATCH($B83,PolicyMapping!$A:$A,0)) -> power
A84: Middle East (MID) | B84: Share of renewables (electricity production) including Hydro 3 | E84: % | G84: 2030 | H84: Target | I84: Aggregated Target Based on Weighted Average on Renewable Share of Individual Countries | J84: Various | K84: 318 | AA84: =INDEX(Regions!$B$4:$B$19,MATCH(GEMINI!A84,Regions!$C$4:$C$19,0)) -> Middle East | AB84: yes | AC84: =INDEX(PolicyMapping!$B:$B,MATCH($B84,PolicyMapping!$A:$A,0)) -> clean energy | AD84: =INDEX(PolicyMapping!$C:$C,MATCH($B84,PolicyMapping!$A:$A,0)) -> power
A85: Middle East (MID) | B85: Share of renewables (electricity production) including Hydro 3 | E85: % | G85: 2030 | H85: Target | I85: Aggregated Target Based on Weighted Average on Renewable Share of Individual Countries | J85: Various | K85: 318 | AA85: =INDEX(Regions!$B$4:$B$19,MATCH(GEMINI!A85,Regions!$C$4:$C$19,0)) -> Middle East | AB85: yes | AC85: =INDEX(PolicyMapping!$B:$B,MATCH($B85,PolicyMapping!$A:$A,0)) -> clean energy | AD85: =INDEX(PolicyMapping!$C:$C,MATCH($B85,PolicyMapping!$A:$A,0)) -> power
A86: Africa (AFR) | B86: Share of renewables (electricity production) including Hydro 4 | C86: 31.75 | E86: % | G86: 2030 | H86: Target | I86: Aggregated Target Based on Weighted Average on Renewable Share of Individual Countries | J86: Various | K86: 318 | AA86: =INDEX(Regions!$B$4:$B$19,MATCH(GEMINI!A86,Regions!$C$4:$C$19,0)) -> Africa | AB86: yes | AC86: =INDEX(PolicyMapping!$B:$B,MATCH($B86,PolicyMapping!$A:$A,0)) -> clean energy | AD86: =INDEX(PolicyMapping!$C:$C,MATCH($B86,PolicyMapping!$A:$A,0)) -> power
A87: Africa (AFR) | B87: Share of renewables (electricity production) including Hydro 4 | E87: % | G87: 2031 | H87: Target | I87: Aggregated Target Based on Weighted Average on Renewable Share of Individual Countries | J87: Various | K87: 318 | AA87: =INDEX(Regions!$B$4:$B$19,MATCH(GEMINI!A87,Regions!$C$4:$C$19,0)) -> Africa | AB87: yes | AC87: =INDEX(PolicyMapping!$B:$B,MATCH($B87,PolicyMapping!$A:$A,0)) -> clean energy | AD87: =INDEX(PolicyMapping!$C:$C,MATCH($B87,PolicyMapping!$A:$A,0)) -> power
A88: Africa (AFR) | B88: Share of renewables (electricity production) including Hydro 4 | E88: % | G88: 2032 | H88: Target | I88: Aggregated Target Based on Weighted Average on Renewable Share of Individual Countries | J88: Various | K88: 318 | AA88: =INDEX(Regions!$B$4:$B$19,MATCH(GEMINI!A88,Regions!$C$4:$C$19,0)) -> Africa | AB88: yes | AC88: =INDEX(PolicyMapping!$B:$B,MATCH($B88,PolicyMapping!$A:$A,0)) -> clean energy | AD88: =INDEX(PolicyMapping!$C:$C,MATCH($B88,PolicyMapping!$A:$A,0)) -> power
A89: Africa (AFR) | B89: Share of renewables (electricity production) including Hydro 4 | E89: % | G89: 2033 | H89: Target | I89: Aggregated Target Based on Weighted Average on Renewable Share of Individual Countries | J89: Various | K89: 318 | AA89: =INDEX(Regions!$B$4:$B$19,MATCH(GEMINI!A89,Regions!$C$4:$C$19,0)) -> Africa | AB89: yes | AC89: =INDEX(PolicyMapping!$B:$B,MATCH($B89,PolicyMapping!$A:$A,0)) -> clean energy | AD89: =INDEX(PolicyMapping!$C:$C,MATCH($B89,PolicyMapping!$A:$A,0)) -> power
A90: Africa (AFR) | B90: Share of renewables (electricity production) including Hydro 4 | E90: % | G90: 2034 | H90: Target | I90: Aggregated Target Based on Weighted Average on Renewable Share of Individual Countries | J90: Various | K90: 318 | AA90: =INDEX(Regions!$B$4:$B$19,MATCH(GEMINI!A90,Regions!$C$4:$C$19,0)) -> Africa | AB90: yes | AC90: =INDEX(PolicyMapping!$B:$B,MATCH($B90,PolicyMapping!$A:$A,0)) -> clean energy | AD90: =INDEX(PolicyMapping!$C:$C,MATCH($B90,PolicyMapping!$A:$A,0)) -> power
A91: Africa (AFR) | B91: Share of renewables (electricity production) including Hydro 4 | E91: % | G91: 2035 | H91: Target | I91: Aggregated Target Based on Weighted Average on Renewable Share of Individual Countries | J91: Various | K91: 318 | AA91: =INDEX(Regions!$B$4:$B$19,MATCH(GEMINI!A91,Regions!$C$4:$C$19,0)) -> Africa | AB91: yes | AC91: =INDEX(PolicyMapping!$B:$B,MATCH($B91,PolicyMapping!$A:$A,0)) -> clean energy | AD91: =INDEX(PolicyMapping!$C:$C,MATCH($B91,PolicyMapping!$A:$A,0)) -> power
A92: Africa (AFR) | B92: Share of renewables (electricity production) including Hydro 4 | E92: % | G92: 2036 | H92: Target | I92: Aggregated Target Based on Weighted Average on Renewable Share of Individual Countries | J92: Various | K92: 318 | AA92: =INDEX(Regions!$B$4:$B$19,MATCH(GEMINI!A92,Regions!$C$4:$C$19,0)) -> Africa | AB92: yes | AC92: =INDEX(PolicyMapping!$B:$B,MATCH($B92,PolicyMapping!$A:$A,0)) -> clean energy | AD92: =INDEX(PolicyMapping!$C:$C,MATCH($B92,PolicyMapping!$A:$A,0)) -> power
A93: Rest of the World (ROW) | B93: Share of renewables (electricity production) including Hydro 5 | C93: 51.74 | E93: % | G93: 2030 | H93: Target | I93: Aggregated Target Based on Weighted Average on Renewable Share of Individual Countries | J93: Various | K93: 318 | AA93: =INDEX(Regions!$B$4:$B$19,MATCH(GEMINI!A93,Regions!$C$4:$C$19,0)) -> Rest of the World | AB93: yes | AC93: =INDEX(PolicyMapping!$B:$B,MATCH($B93,PolicyMapping!$A:$A,0)) -> clean energy | AD93: =INDEX(PolicyMapping!$C:$C,MATCH($B93,PolicyMapping!$A:$A,0)) -> power
A94: Rest of the World (ROW) | B94: Share of renewables (electricity production) including Hydro 5 | E94: % | G94: 2030 | H94: Target | I94: Aggregated Target Based on Weighted Average on Renewable Share of Individual Countries | J94: Various | K94: 318 | AA94: =INDEX(Regions!$B$4:$B$19,MATCH(GEMINI!A94,Regions!$C$4:$C$19,0)) -> Rest of the World | AB94: yes | AC94: =INDEX(PolicyMapping!$B:$B,MATCH($B94,PolicyMapping!$A:$A,0)) -> clean energy | AD94: =INDEX(PolicyMapping!$C:$C,MATCH($B94,PolicyMapping!$A:$A,0)) -> power
A95: Rest of the World (ROW) | B95: Share of renewables (electricity production) including Hydro 5 | E95: % | G95: 2030 | H95: Target | I95: Aggregated Target Based on Weighted Average on Renewable Share of Individual Countries | J95: Various | K95: 318 | AA95: =INDEX(Regions!$B$4:$B$19,MATCH(GEMINI!A95,Regions!$C$4:$C$19,0)) -> Rest of the World | AB95: yes | AC95: =INDEX(PolicyMapping!$B:$B,MATCH($B95,PolicyMapping!$A:$A,0)) -> clean energy | AD95: =INDEX(PolicyMapping!$C:$C,MATCH($B95,PolicyMapping!$A:$A,0)) -> power
A96: Rest of the World (ROW) | B96: Share of renewables (electricity production) including Hydro 5 | E96: % | G96: 2030 | H96: Target | I96: Aggregated Target Based on Weighted Average on Renewable Share of Individual Countries | J96: Various | K96: 318 | AA96: =INDEX(Regions!$B$4:$B$19,MATCH(GEMINI!A96,Regions!$C$4:$C$19,0)) -> Rest of the World | AB96: yes | AC96: =INDEX(PolicyMapping!$B:$B,MATCH($B96,PolicyMapping!$A:$A,0)) -> clean energy | AD96: =INDEX(PolicyMapping!$C:$C,MATCH($B96,PolicyMapping!$A:$A,0)) -> power
A97: Rest of the World (ROW) | B97: Share of renewables (electricity production) including Hydro 5 | E97: % | G97: 2030 | H97: Target | I97: Aggregated Target Based on Weighted Average on Renewable Share of Individual Countries | J97: Various | K97: 318 | AA97: =INDEX(Regions!$B$4:$B$19,MATCH(GEMINI!A97,Regions!$C$4:$C$19,0)) -> Rest of the World | AB97: yes | AC97: =INDEX(PolicyMapping!$B:$B,MATCH($B97,PolicyMapping!$A:$A,0)) -> clean energy | AD97: =INDEX(PolicyMapping!$C:$C,MATCH($B97,PolicyMapping!$A:$A,0)) -> power
A98: Rest of the World (ROW) | B98: Share of renewables (electricity production) including Hydro 5 | E98: % | G98: 2030 | H98: Target | I98: Aggregated Target Based on Weighted Average on Renewable Share of Individual Countries | J98: Various | K98: 318 | AA98: =INDEX(Regions!$B$4:$B$19,MATCH(GEMINI!A98,Regions!$C$4:$C$19,0)) -> Rest of the World | AB98: yes | AC98: =INDEX(PolicyMapping!$B:$B,MATCH($B98,PolicyMapping!$A:$A,0)) -> clean energy | AD98: =INDEX(PolicyMapping!$C:$C,MATCH($B98,PolicyMapping!$A:$A,0)) -> power
A99: Rest of the World (ROW) | B99: Share of renewables (electricity production) including Hydro 5 | E99: % | G99: 2030 | H99: Target | I99: Aggregated Target Based on Weighted Average on Renewable Share of Individual Countries | J99: Various | K99: 116 | AA99: =INDEX(Regions!$B$4:$B$19,MATCH(GEMINI!A99,Regions!$C$4:$C$19,0)) -> Rest of the World | AB99: yes | AC99: =INDEX(PolicyMapping!$B:$B,MATCH($B99,PolicyMapping!$A:$A,0)) -> clean energy | AD99: =INDEX(PolicyMapping!$C:$C,MATCH($B99,PolicyMapping!$A:$A,0)) -> power
A100: Rest of the World (ROW) | B100: Share of renewables (electricity production) including Hydro 5 | E100: % | G100: 2030 | H100: Target | I100: Aggregated Target Based on Weighted Average on Renewable Share of Individual Countries | J100: Various | K100: 108 | AA100: =INDEX(Regions!$B$4:$B$19,MATCH(GEMINI!A100,Regions!$C$4:$C$19,0)) -> Rest of the World | AB100: yes | AC100: =INDEX(PolicyMapping!$B:$B,MATCH($B100,PolicyMapping!$A:$A,0)) -> clean energy | AD100: =INDEX(PolicyMapping!$C:$C,MATCH($B100,PolicyMapping!$A:$A,0)) -> power
A101: Rest of the World (ROW) | B101: Share of renewables (electricity production) including Hydro 5 | E101: % | G101: 2030 | H101: Target | I101: Aggregated Target Based on Weighted Average on Renewable Share of Individual Countries | J101: Various | K101: 108 | AA101: =INDEX(Regions!$B$4:$B$19,MATCH(GEMINI!A101,Regions!$C$4:$C$19,0)) -> Rest of the World | AB101: yes | AC101: =INDEX(PolicyMapping!$B:$B,MATCH($B101,PolicyMapping!$A:$A,0)) -> clean energy | AD101: =INDEX(PolicyMapping!$C:$C,MATCH($B101,PolicyMapping!$A:$A,0)) -> power
A102: Rest of the World (ROW) | B102: Share of renewables (electricity production) including Hydro 5 | E102: % | G102: 2030 | H102: Target | I102: Aggregated Target Based on Weighted Average on Renewable Share of Individual Countries | J102: Various | K102: 108 | AA102: =INDEX(Regions!$B$4:$B$19,MATCH(GEMINI!A102,Regions!$C$4:$C$19,0)) -> Rest of the World | AB102: yes | AC102: =INDEX(PolicyMapping!$B:$B,MATCH($B102,PolicyMapping!$A:$A,0)) -> clean energy | AD102: =INDEX(PolicyMapping!$C:$C,MATCH($B102,PolicyMapping!$A:$A,0)) -> power
...

Sheet TIAM
L2: Proxy indicators from IMAGE (only use if policy measure can't be modelled). For land-use proxies, please refer to 'Country LULUCF projections'
A3: Model | B3: Country | C3: Implementable? | D3: Variable | E3: Value | F3: NEW value | G3: Unit | H3: Base year | I3: End year | J3: Class | K3: Cdlinks project Comments | L3: Proxy needed | M3: Implemented in IMAGE/GLOBIOM/MAgPIE? | N3: Target exactly reached (+-20%)? | O3: NoPolicy | P3: Npi | Q3: Relative | R3: Absolute (EJ) | S3: Absolute/GDP (TJ/million 2010$) | T3: Year | U3: Region | V3: Comments and implementation strategy | W3: Updated ?? | X3: Region | Y3: Implemented | Z3: Baseline | AA3: Type | AB3: Sector | AC3: Impactful
A4: TIAM | B4: Argentina | C4: Need biofuel data | D4: Biofuel share in transport | Bioethanol + biodiesel | E4: 12 | G4: % | H4: 2016 | J4: Target | L4: yes | M4: yes | N4: under | O4: 0.0039643891 | P4: 0.078364883 | Q4: 18.767203 | R4: 0.074400494 | S4: 0.045012191 | T4: 2020 | U4: RSAM | V4: Minimum 12% share of biodiesel/ethanol in transport in Argentina in 2016, and 24% in Brazil in 2015. Extrapolated to region(CSA) | X4: =INDEX(Regions!$B$4:$B$19,MATCH(TIAM!B4,Regions!$A$4:$A$19,0)) -> Latin America excl. Brazil | Y4: yes | AA4: =INDEX(PolicyMapping!$B:$B,MATCH($D4,PolicyMapping!$A:$A,0)) -> clean energy | AB4: =INDEX(PolicyMapping!$C:$C,MATCH($D4,PolicyMapping!$A:$A,0)) -> transport
A5: TIAM | B5: Argentina | C5: Possible with IMAGE proxies or capacity data | D5: Heat capacity (added) | Biomass | E5: 200 | G5: MW | H5: 2013 | I5: 2016 | J5: Target | L5: yes | M5: yes | N5: yes | O5: 0.01639063 | P5: 0.01653745 | Q5: 0.0089575568 | R5: 0.00014682 | S5: 0.00010995138 | T5: 2015 | U5: RSAM | V5: old target | X5: =INDEX(Regions!$B$4:$B$19,MATCH(TIAM!B5,Regions!$A$4:$A$19,0)) -> Latin America excl. Brazil | AA5: =INDEX(PolicyMapping!$B:$B,MATCH($D5,PolicyMapping!$A:$A,0)) -> clean energy | AB5: =INDEX(PolicyMapping!$C:$C,MATCH($D5,PolicyMapping!$A:$A,0)) -> power
A6: TIAM | B6: Argentina | C6: Possible with IMAGE proxies or capacity data | D6: Electricity capacity (added) | Biomass | E6: 200 | G6: MW | H6: 2013 | I6: 2016 | J6: Target | L6: yes | M6: yes | N6: yes | O6: 0.01639063 | P6: 0.01653745 | Q6: 0.0089575568 | R6: 0.00014682 | S6: 0.00010995138 | T6: 2015 | U6: RSAM | V6: old target | X6: =INDEX(Regions!$B$4:$B$19,MATCH(TIAM!B6,Regions!$A$4:$A$19,0)) -> Latin America excl. Brazil | AA6: =INDEX(PolicyMapping!$B:$B,MATCH($D6,PolicyMapping!$A:$A,0)) -> clean energy | AB6: =INDEX(PolicyMapping!$C:$C,MATCH($D6,PolicyMapping!$A:$A,0)) -> power
A7: TIAM | B7: Argentina | C7: No | D7: Forest conservation (area) | E7: 4700000 | G7: ha | H7: 2007 | I7: 2030 | J7: Target | L7: land-use | V7: Model Limitation | X7: =INDEX(Regions!$B$4:$B$19,MATCH(TIAM!B7,Regions!$A$4:$A$19,0)) -> Latin America excl. Brazil | AA7: =INDEX(PolicyMapping!$B:$B,MATCH($D7,PolicyMapping!$A:$A,0)) -> land use | AB7: =INDEX(PolicyMapping!$C:$C,MATCH($D7,PolicyMapping!$A:$A,0)) -> land
A8: TIAM | B8: Argentina | C8: No | D8: Forest conservation (Cumulative CO2 reduction) | E8: 1.3 | G8: Mt CO2 | H8: 2007 | I8: 2030 | J8: Alternate interpretation | L8: land-use | V8: Model Limitation | X8: =INDEX(Regions!$B$4:$B$19,MATCH(TIAM!B8,Regions!$A$4:$A$19,0)) -> Latin America excl. Brazil | AA8: =INDEX(PolicyMapping!$B:$B,MATCH($D8,PolicyMapping!$A:$A,0)) -> cap on emissions | AB8: =INDEX(PolicyMapping!$C:$C,MATCH($D8,PolicyMapping!$A:$A,0)) -> land
A9: TIAM | B9: Argentina | C9: Yes | D9: Share of renewables (electricity production) | E9: 20 | G9: % | I9: 2025 | J9: Target | L9: no | M9: yes | N9: over | V9: included in the aggregration | X9: =INDEX(Regions!$B$4:$B$19,MATCH(TIAM!B9,Regions!$A$4:$A$19,0)) -> Latin America excl. Brazil | Y9: yes | Z9: yes | AA9: =INDEX(PolicyMapping!$B:$B,MATCH($D9,PolicyMapping!$A:$A,0)) -> clean energy | AB9: =INDEX(PolicyMapping!$C:$C,MATCH($D9,PolicyMapping!$A:$A,0)) -> power
A10: TIAM | B10: Argentina | C10: Yes | D10: Share of renewables (electricity production) | E10: 18 | G10: % | I10: 2023 | J10: Target | L10: no | M10: x | N10: x | V10: included in the aggregration | X10: =INDEX(Regions!$B$4:$B$19,MATCH(TIAM!B10,Regions!$A$4:$A$19,0)) -> Latin America excl. Brazil | Y10: yes | Z10: yes | AA10: =INDEX(PolicyMapping!$B:$B,MATCH($D10,PolicyMapping!$A:$A,0)) -> clean energy | AB10: =INDEX(PolicyMapping!$C:$C,MATCH($D10,PolicyMapping!$A:$A,0)) -> power
A11: TIAM | B11: Argentina | C11: Yes | D11: Share of renewables (electricity production) | E11: 16 | G11: % | I11: 2021 | J11: Target | L11: no | M11: x | N11: x | V11: included in the aggregration | X11: =INDEX(Regions!$B$4:$B$19,MATCH(TIAM!B11,Regions!$A$4:$A$19,0)) -> Latin America excl. Brazil | Y11: yes | Z11: yes | AA11: =INDEX(PolicyMapping!$B:$B,MATCH($D11,PolicyMapping!$A:$A,0)) -> clean energy | AB11: =INDEX(PolicyMapping!$C:$C,MATCH($D11,PolicyMapping!$A:$A,0)) -> power
A12: TIAM | B12: Argentina | C12: Yes | D12: Share of renewables (electricity production) | E12: 12 | G12: % | I12: 2019 | J12: Target | L12: no | M12: x | N12: x | V12: included in the aggregration | X12: =INDEX(Regions!$B$4:$B$19,MATCH(TIAM!B12,Regions!$A$4:$A$19,0)) -> Latin America excl. Brazil | Y12: yes | Z12: yes | AA12: =INDEX(PolicyMapping!$B:$B,MATCH($D12,PolicyMapping!$A:$A,0)) -> clean energy | AB12: =INDEX(PolicyMapping!$C:$C,MATCH($D12,PolicyMapping!$A:$A,0)) -> power
A13: TIAM | B13: Argentina | C13: Yes | D13: Share of renewables (electricity production) | E13: 8 | G13: % | I13: 2017 | J13: Target | L13: no | M13: x | N13: x | V13: included in the aggregration | X13: =INDEX(Regions!$B$4:$B$19,MATCH(TIAM!B13,Regions!$A$4:$A$19,0)) -> Latin America excl. Brazil | Y13: yes | Z13: yes | AA13: =INDEX(PolicyMapping!$B:$B,MATCH($D13,PolicyMapping!$A:$A,0)) -> clean energy | AB13: =INDEX(PolicyMapping!$C:$C,MATCH($D13,PolicyMapping!$A:$A,0)) -> power
A14: TIAM | B14: Argentina | C14: No - check w/ Alex | D14: Carbon tax | E14: 10 | G14: $/t CO2 | J14: Implemented | L14: no | X14: =INDEX(Regions!$B$4:$B$19,MATCH(TIAM!B14,Regions!$A$4:$A$19,0)) -> Latin America excl. Brazil | AA14: =INDEX(PolicyMapping!$B:$B,MATCH($D14,PolicyMapping!$A:$A,0)) -> economic | AB14: =INDEX(PolicyMapping!$C:$C,MATCH($D14,PolicyMapping!$A:$A,0)) -> system
A15: TIAM | B15: Australia | C15: Yes | D15: Economy-wide|Energy productivity increase (GDP/PJ) | E15: 0.4 | G15: GDP ($M)/PJ | H15: 2015 | I15: 2030 | J15: Target | L15: no | V15: this represents 40% increase in the GDP/TPES of Australia relative to 2015 | X15: =INDEX(Regions!$B$4:$B$19,MATCH(TIAM!B15,Regions!$A$4:$A$19,0)) -> Rest of the World | Y15: yes | AA15: =INDEX(PolicyMapping!$B:$B,MATCH($D15,PolicyMapping!$A:$A,0)) -> efficiency standard | AB15: =INDEX(PolicyMapping!$C:$C,MATCH($D15,PolicyMapping!$A:$A,0)) -> system
A16: TIAM | B16: Australia | C16: Yes | D16: Renewable electricity production | E16: 33000 | G16: GWh | I16: 2020 | J16: Target | L16: no | V16: this policy target is replaced by ambitious poliy | X16: =INDEX(Regions!$B$4:$B$19,MATCH(TIAM!B16,Regions!$A$4:$A$19,0)) -> Rest of the World | Y16: yes | Z16: yes | AA16: =INDEX(PolicyMapping!$B:$B,MATCH($D16,PolicyMapping!$A:$A,0)) -> clean energy | AB16: =INDEX(PolicyMapping!$C:$C,MATCH($D16,PolicyMapping!$A:$A,0)) -> power
A17: TIAM | B17: Australia | C17: Yes | D17: Share of renewables (electricity production) | E17: 23.5 | G17: % | I17: 2020 | J17: Alternate interpretation | L17: no | V17: alternate interprepration of old policy | X17: =INDEX(Regions!$B$4:$B$19,MATCH(TIAM!B17,Regions!$A$4:$A$19,0)) -> Rest of the World | Y17: yes | Z17: yes | AA17: =INDEX(PolicyMapping!$B:$B,MATCH($D17,PolicyMapping!$A:$A,0)) -> clean energy | AB17: =INDEX(PolicyMapping!$C:$C,MATCH($D17,PolicyMapping!$A:$A,0)) -> power
A18: TIAM | B18: Australia | C18: Yes | D18: Share of renewables (electricity production) | E18: 25 | G18: % | I18: 2020 | J18: Target | L18: no | V18: Minimum 25% share of electricity generated by renewables in 2030 | X18: =INDEX(Regions!$B$4:$B$19,MATCH(TIAM!B18,Regions!$A$4:$A$19,0)) -> Rest of the World | Y18: yes | AA18: =INDEX(PolicyMapping!$B:$B,MATCH($D18,PolicyMapping!$A:$A,0)) -> clean energy | AB18: =INDEX(PolicyMapping!$C:$C,MATCH($D18,PolicyMapping!$A:$A,0)) -> power
A19: TIAM | B19: Australia | C19: Yes | D19: Share of renewables (electricity production) | E19: 50 | G19: % | I19: 2030 | J19: Target | L19: no | V19: Minimum 50% share of electricity generated by renewables in 2030 | X19: =INDEX(Regions!$B$4:$B$19,MATCH(TIAM!B19,Regions!$A$4:$A$19,0)) -> Rest of the World | Y19: yes | AA19: =INDEX(PolicyMapping!$B:$B,MATCH($D19,PolicyMapping!$A:$A,0)) -> clean energy | AB19: =INDEX(PolicyMapping!$C:$C,MATCH($D19,PolicyMapping!$A:$A,0)) -> power
A20: TIAM | B20: Australia | C20: No | D20: Fuel tax (diesel and gasoline) | E20: 0.4 | G20: $/liter | H20: 2016 | J20: Optional | L20: yes | M20: yes | N20: yes | O20: 1.3289085 | P20: 1.0620116 | Q20: -0.20083917 | R20: -0.26689688 | S20: -0.15215202 | T20: 2030 | U20: OCE | V20: optional policy | X20: =INDEX(Regions!$B$4:$B$19,MATCH(TIAM!B20,Regions!$A$4:$A$19,0)) -> Rest of the World | AA20: =INDEX(PolicyMapping!$B:$B,MATCH($D20,PolicyMapping!$A:$A,0)) -> economic | AB20: =INDEX(PolicyMapping!$C:$C,MATCH($D20,PolicyMapping!$A:$A,0)) -> transport
A21: TIAM | B21: Australia | C21: No | D21: Fuel tax (biodiesel) | E21: 0.013 | G21: $/liter | H21: 2016 | J21: Optional | L21: yes | M21: x | N21: x | O21: 0.1878308 | P21: 0.23558949 | Q21: 0.25426447 | R21: 0.047758698 | S21: 0.027226179 | T21: 2030 | U21: OCE | V21: optional policy | X21: =INDEX(Regions!$B$4:$B$19,MATCH(TIAM!B21,Regions!$A$4:$A$19,0)) -> Rest of the World | AA21: =INDEX(PolicyMapping!$B:$B,MATCH($D21,PolicyMapping!$A:$A,0)) -> economic | AB21: =INDEX(PolicyMapping!$C:$C,MATCH($D21,PolicyMapping!$A:$A,0)) -> transport
A22: TIAM | B22: Australia | C22: No | D22: Emissions | HFCs | E22: -55 | G22: % | H22: 2010 | I22: 2030 | J22: Target | L22: no | V22: HFCs emissions are not included in the model | X22: =INDEX(Regions!$B$4:$B$19,MATCH(TIAM!B22,Regions!$A$4:$A$19,0)) -> Rest of the World | AA22: =INDEX(PolicyMapping!$B:$B,MATCH($D22,PolicyMapping!$A:$A,0)) -> cap on emissions | AB22: =INDEX(PolicyMapping!$C:$C,MATCH($D22,PolicyMapping!$A:$A,0)) -> system
A23: TIAM | B23: Australia | C23: No | D23: Afforestation (area) | E23: 20000 | G23: ha | I23: 2020 | J23: Target | L23: land-use | V23: Model Limitation | X23: =INDEX(Regions!$B$4:$B$19,MATCH(TIAM!B23,Regions!$A$4:$A$19,0)) -> Rest of the World | AA23: =INDEX(PolicyMapping!$B:$B,MATCH($D23,PolicyMapping!$A:$A,0)) -> land use | AB23: =INDEX(PolicyMapping!$C:$C,MATCH($D23,PolicyMapping!$A:$A,0)) -> land
A24: TIAM | B24: Australia | C24: Yes | D24: Emissions | LULUCF | E24: -4.2 | G24: Mt CO2e | H24: 2010 | I24: 2020 | J24: Target | L24: land-use | V24: Model Limitation | X24: =INDEX(Regions!$B$4:$B$19,MATCH(TIAM!B24,Regions!$A$4:$A$19,0)) -> Rest of the World | AA24: =INDEX(PolicyMapping!$B:$B,MATCH($D24,PolicyMapping!$A:$A,0)) -> cap on emissions | AB24: =INDEX(PolicyMapping!$C:$C,MATCH($D24,PolicyMapping!$A:$A,0)) -> land
A25: TIAM | B25: Australia | C25: Yes | D25: Emissions | Agriculture | E25: -1.9 | G25: Mt CO2e | H25: 2010 | I25: 2020 | J25: Target | L25: land-use | V25: Model Limitation | X25: =INDEX(Regions!$B$4:$B$19,MATCH(TIAM!B25,Regions!$A$4:$A$19,0)) -> Rest of the World | AA25: =INDEX(PolicyMapping!$B:$B,MATCH($D25,PolicyMapping!$A:$A,0)) -> cap on emissions | AB25: =INDEX(PolicyMapping!$C:$C,MATCH($D25,PolicyMapping!$A:$A,0)) -> land
A26: TIAM | B26: Australia | C26: Yes | D26: Share of renewables (electricity production) | E26: 35 | G26: % | I26: 2025 | J26: Target | L26: no | V26: Minimum 35% share of electricity generated by renewables in 2025 | X26: =INDEX(Regions!$B$4:$B$19,MATCH(TIAM!B26,Regions!$A$4:$A$19,0)) -> Rest of the World | Y26: yes | AA26: =INDEX(PolicyMapping!$B:$B,MATCH($D26,PolicyMapping!$A:$A,0)) -> clean energy | AB26: =INDEX(PolicyMapping!$C:$C,MATCH($D26,PolicyMapping!$A:$A,0)) -> power
A27: TIAM | B27: Brazil | D27: Share of renewables (TPES) | E27: 45 | G27: % | I27: 2030 | J27: Planned | L27: no | V27: its Planned so its not included in curpolicy scenario | X27: =INDEX(Regions!$B$4:$B$19,MATCH(TIAM!B27,Regions!$A$4:$A$19,0)) -> Brazil | AA27: =INDEX(PolicyMapping!$B:$B,MATCH($D27,PolicyMapping!$A:$A,0)) -> clean energy | AB27: =INDEX(PolicyMapping!$C:$C,MATCH($D27,PolicyMapping!$A:$A,0)) -> system
A28: TIAM | B28: Brazil | C28: Need biofuel data | D28: Biofuel share in gasoline | Bioethanol | E28: 27 | G28: % | H28: 2015 | J28: Target | L28: yes | M28: x | N28: x | O28: 0.2455863 | P28: 0.47262271 | Q28: 0.92446689 | R28: 0.22703641 | S28: 0.13366537 | T28: 2020 | U28: BRA | V28: 27% share of bioethanol in (bioethanol +gasoline) in Brazil 2016; aggregrated across the region(CSA) ; check the methodology in aggregration method | X28: =INDEX(Regions!$B$4:$B$19,MATCH(TIAM!B28,Regions!$A$4:$A$19,0)) -> Brazil | Y28: yes | AA28: =INDEX(PolicyMapping!$B:$B,MATCH($D28,PolicyMapping!$A:$A,0)) -> clean energy | AB28: =INDEX(PolicyMapping!$C:$C,MATCH($D28,PolicyMapping!$A:$A,0)) -> transport
A29: TIAM | B29: Brazil | C29: Need biofuel data | D29: Biofuel share in diesel | Biodiesel | E29: 7 | G29: % | H29: 2015 | J29: Target | L29: yes | M29: x | N29: x | O29: 0.2455863 | P29: 0.47262271 | Q29: 0.92446689 | R29: 0.22703641 | S29: 0.13366537 | T29: 2020 | U29: BRA | V29: this policy is replaced by more ambitious policy target | X29: =INDEX(Regions!$B$4:$B$19,MATCH(TIAM!B29,Regions!$A$4:$A$19,0)) -> Brazil | AA29: =INDEX(PolicyMapping!$B:$B,MATCH($D29,PolicyMapping!$A:$A,0)) -> clean energy | AB29: =INDEX(PolicyMapping!$C:$C,MATCH($D29,PolicyMapping!$A:$A,0)) -> transport
A30: TIAM | B30: Brazil | C30: Yes | D30: Share of renewables (TPES) | Including hydro | E30: 45 | G30: % | I30: 2024 | J30: Target | L30: no | V30: 45% of TPES from Renewables in Brazil by 2024 - aggregated to whole region | X30: =INDEX(Regions!$B$4:$B$19,MATCH(TIAM!B30,Regions!$A$4:$A$19,0)) -> Brazil | Y30: yes | AA30: =INDEX(PolicyMapping!$B:$B,MATCH($D30,PolicyMapping!$A:$A,0)) -> clean energy | AB30: =INDEX(PolicyMapping!$C:$C,MATCH($D30,PolicyMapping!$A:$A,0)) -> system
A31: TIAM | B31: Brazil | C31: Yes with assumption about Hydro (e.g. 65%) | D31: Share of renewables (electricity production) | Excluding hydro | E31: 16 | G31: % | I31: 2024 | J31: Target | L31: no | V31: Minimum 16% share of electricity generated by renewables (excluding Hydro) in Brazil in 2018 | X31: =INDEX(Regions!$B$4:$B$19,MATCH(TIAM!B31,Regions!$A$4:$A$19,0)) -> Brazil | Y31: yes | AA31: =INDEX(PolicyMapping!$B:$B,MATCH($D31,PolicyMapping!$A:$A,0)) -> clean energy | AB31: =INDEX(PolicyMapping!$C:$C,MATCH($D31,PolicyMapping!$A:$A,0)) -> power
A32: TIAM | B32: Brazil | C32: Possible with IMAGE proxies or capacity data | D32: Electricity capacity | Bioenergy | E32: 13 | G32: GW | I32: 2025 | J32: Target | L32: yes | M32: yes | N32: yes | O32: 0.069365104 | P32: 0.45139869 | Q32: 5.507576 | R32: 0.38203358 | S32: 0.18842657 | T32: 2025 | U32: BRA | V32: Minimum 13GW of Biomass capacity in Brazil in 2025 - aggregated across region | X32: =INDEX(Regions!$B$4:$B$19,MATCH(TIAM!B32,Regions!$A$4:$A$19,0)) -> Brazil | Y32: yes | AA32: =INDEX(PolicyMapping!$B:$B,MATCH($D32,PolicyMapping!$A:$A,0)) -> clean energy | AB32: =INDEX(PolicyMapping!$C:$C,MATCH($D32,PolicyMapping!$A:$A,0)) -> power
A33: TIAM | B33: Brazil | C33: Possible with IMAGE proxies or capacity data | D33: Electricity capacity | Solar | E33: 0 | G33: GW | I33: 2025 | J33: Target | L33: yes | M33: yes | N33: yes | O33: 0.021552137 | P33: 0.047156364 | Q33: 1.1880134 | R33: 0.025604227 | S33: 0.012628514 | T33: 2025 | U33: BRA | V33: no target | X33: =INDEX(Regions!$B$4:$B$19,MATCH(TIAM!B33,Regions!$A$4:$A$19,0)) -> Brazil | AA33: =INDEX(PolicyMapping!$B:$B,MATCH($D33,PolicyMapping!$A:$A,0)) -> clean energy | AB33: =INDEX(PolicyMapping!$C:$C,MATCH($D33,PolicyMapping!$A:$A,0)) -> power
A34: TIAM | B34: Brazil | D34: Electricity capacity | Solar | E34: 3.5 | G34: GW | I34: 2025 | J34: Target | K34: BRA | L34: added linear increments to existing capacity stock between milestone year closest to start and end policies (from 2019 expected a capacity addition of 3.5 GW, https://www.nortonrosefulbright.com/en/knowledge/publications/b2d19c29/renewable-energy-in-latin-america-brazil) | W34: updated | X34: =INDEX(Regions!$B$4:$B$19,MATCH(TIAM!B34,Regions!$A$4:$A$19,0)) -> Brazil | AA34: =INDEX(PolicyMapping!$B:$B,MATCH($D34,PolicyMapping!$A:$A,0)) -> clean energy | AB34: =INDEX(PolicyMapping!$C:$C,MATCH($D34,PolicyMapping!$A:$A,0)) -> power
A35: TIAM | B35: Brazil | C35: Possible with IMAGE proxies or capacity data | D35: Electricity capacity | Wind | E35: 16.5 | G35: GW | I35: 2025 | J35: Target | L35: yes | M35: yes | N35: yes | O35: 0.091140223 | P35: 0.17959249 | Q35: 0.97050748 | R35: 0.088452268 | S35: 0.043626419 | T35: 2025 | U35: BRA | V35: 16.5GW of Windin Brazil in 2025 - aggregated across region | X35: =INDEX(Regions!$B$4:$B$19,MATCH(TIAM!B35,Regions!$A$4:$A$19,0)) -> Brazil | Y35: yes | AA35: =INDEX(PolicyMapping!$B:$B,MATCH($D35,PolicyMapping!$A:$A,0)) -> clean energy | AB35: =INDEX(PolicyMapping!$C:$C,MATCH($D35,PolicyMapping!$A:$A,0)) -> power
A36: TIAM | B36: Brazil | D36: Electricity capacity | Wind | E36: 27.1 | G36: GW | I36: 2025 | J36: Target | K36: BRA | L36: added linear increments to existing capacity stock between milestone year closest to start and end policies (6 GW are expected in the 10 year plan; in 2019 wind capacity was 7.1 and from 2019, and is expected a capacity addition of 20 GW, https://www.nortonrosefulbright.com/en/knowledge/publications/b2d19c29/renewable-energy-in-latin-america-brazil) | W36: updated | X36: =INDEX(Regions!$B$4:$B$19,MATCH(TIAM!B36,Regions!$A$4:$A$19,0)) -> Brazil | AA36: =INDEX(PolicyMapping!$B:$B,MATCH($D36,PolicyMapping!$A:$A,0)) -> clean energy | AB36: =INDEX(PolicyMapping!$C:$C,MATCH($D36,PolicyMapping!$A:$A,0)) -> power
A37: TIAM | B37: Brazil | C37: No | D37: Reforestation (area) | E37: 12000000 | G37: ha | I37: 2030 | J37: Target | L37: land-use | V37: Model Limitation | X37: =INDEX(Regions!$B$4:$B$19,MATCH(TIAM!B37,Regions!$A$4:$A$19,0)) -> Brazil | AA37: =INDEX(PolicyMapping!$B:$B,MATCH($D37,PolicyMapping!$A:$A,0)) -> land use | AB37: =INDEX(PolicyMapping!$C:$C,MATCH($D37,PolicyMapping!$A:$A,0)) -> land
A38: TIAM | B38: Brazil | C38: Yes | D38: Emissions | LULUCF | CO2 | E38: -0.5 | G38: % | H38: 2010 | I38: 2020 | J38: Target | L38: land-use | V38: Model Limitation | X38: =INDEX(Regions!$B$4:$B$19,MATCH(TIAM!B38,Regions!$A$4:$A$19,0)) -> Brazil | AA38: =INDEX(PolicyMapping!$B:$B,MATCH($D38,PolicyMapping!$A:$A,0)) -> cap on emissions | AB38: =INDEX(PolicyMapping!$C:$C,MATCH($D38,PolicyMapping!$A:$A,0)) -> land
A39: TIAM | B39: Brazil | C39: No | D39: Ban of incandescent light bulbs | H39: 2014 | J39: Optional | L39: yes | M39: yes | N39: yes | O39: 1.1363509 | P39: 1.1249578 | Q39: -0.010026011 | R39: -0.011393066 | S39: -0.0067075519 | T39: 2020 | U39: BRA | V39: optional policy ; it is not included in the current policy scenario | X39: =INDEX(Regions!$B$4:$B$19,MATCH(TIAM!B39,Regions!$A$4:$A$19,0)) -> Brazil | AA39: =INDEX(PolicyMapping!$B:$B,MATCH($D39,PolicyMapping!$A:$A,0)) -> efficiency standard | AB39: =INDEX(PolicyMapping!$C:$C,MATCH($D39,PolicyMapping!$A:$A,0)) -> buildings
A40: TIAM | B40: Brazil | C40: Need to think about aggregation of this | D40: Fuel efficiency | Gasoline + diesel cars|New | E40: 1.82 | G40: MJ/pkm | I40: 2017 | J40: Target | L40: yes | M40: yes | N40: yes | O40: 3.399276 | P40: 2.33 | Q40: -0.31455992 | R40: 1.069276 | S40: -0.62744091 | T40: 2020 | U40: BRA | V40: efficiency standard are set for gasoline and Diesel cars AND DIESEL CARS ONLY | X40: =INDEX(Regions!$B$4:$B$19,MATCH(TIAM!B40,Regions!$A$4:$A$19,0)) -> Brazil | Y40: yes | AA40: =INDEX(PolicyMapping!$B:$B,MATCH($D40,PolicyMapping!$A:$A,0)) -> efficiency standard | AB40: =INDEX(PolicyMapping!$C:$C,MATCH($D40,PolicyMapping!$A:$A,0)) -> transport
A41: TIAM | B41: Brazil | C41: No | D41: Emissions | LULUCF | CO2 | E41: 250 | G41: Mt CO2 | I41: 2020 | J41: Alternate interpretation | L41: land-use | V41: model limitation | X41: =INDEX(Regions!$B$4:$B$19,MATCH(TIAM!B41,Regions!$A$4:$A$19,0)) -> Brazil | AA41: =INDEX(PolicyMapping!$B:$B,MATCH($D41,PolicyMapping!$A:$A,0)) -> cap on emissions | AB41: =INDEX(PolicyMapping!$C:$C,MATCH($D41,PolicyMapping!$A:$A,0)) -> land
A42: TIAM | B42: Brazil | C42: Possible with IMAGE proxies or capacity data | D42: Electricity capacity | Small hydro | E42: 5.6 | G42: GW | I42: 2025 | J42: Target | L42: yes | M42: x | N42: x | O42: x | P42: x | Q42: x | R42: x | S42: x | V42: its included of main hydro capacity constraint | X42: =INDEX(Regions!$B$4:$B$19,MATCH(TIAM!B42,Regions!$A$4:$A$19,0)) -> Brazil | Y42: yes | Z42: yes | AA42: =INDEX(PolicyMapping!$B:$B,MATCH($D42,PolicyMapping!$A:$A,0)) -> clean energy | AB42: =INDEX(PolicyMapping!$C:$C,MATCH($D42,PolicyMapping!$A:$A,0)) -> power
A43: TIAM | B43: Brazil | D43: Electricity capacity | Small hydro | E43: 7 | G43: GW | I43: 2025 | J43: Target | K43: BRA | L43: added linear increments to existing capacity stock between milestone year closest to start and end policies (from 2019 expected a capacity addition of 2 GW, https://www.nortonrosefulbright.com/en/knowledge/publications/b2d19c29/renewable-energy-in-latin-america-brazil) | W43: updated | X43: =INDEX(Regions!$B$4:$B$19,MATCH(TIAM!B43,Regions!$A$4:$A$19,0)) -> Brazil | AA43: =INDEX(PolicyMapping!$B:$B,MATCH($D43,PolicyMapping!$A:$A,0)) -> clean energy | AB43: =INDEX(PolicyMapping!$C:$C,MATCH($D43,PolicyMapping!$A:$A,0)) -> power
A44: TIAM | B44: Brazil | C44: No | D44: Biofuel carbon intensity (gCO2e/MJ) | Transport | E44: -7 | G44: % | H44: 2017 | I44: 2028 | J44: Target | X44: =INDEX(Regions!$B$4:$B$19,MATCH(TIAM!B44,Regions!$A$4:$A$19,0)) -> Brazil | Y44: yes | AA44: =INDEX(PolicyMapping!$B:$B,MATCH($D44,PolicyMapping!$A:$A,0)) -> cap on emissions | AB44: =INDEX(PolicyMapping!$C:$C,MATCH($D44,PolicyMapping!$A:$A,0)) -> transport
A45: TIAM | B45: Brazil | C45: No | D45: Access to electricity | Population | E45: 98 | G45: % | I45: 2018 | J45: Target | L45: yes | M45: yes | N45: over | O45: 1.1363509 | P45: 1.1249578 | Q45: -0.010026011 | R45: -0.011393066 | S45: -0.0067075519 | T45: 2020 | U45: BRA | V45: model limitation | X45: =INDEX(Regions!$B$4:$B$19,MATCH(TIAM!B45,Regions!$A$4:$A$19,0)) -> Brazil | AA45: =INDEX(PolicyMapping!$B:$B,MATCH($D45,PolicyMapping!$A:$A,0)) -> energy access | AB45: =INDEX(PolicyMapping!$C:$C,MATCH($D45,PolicyMapping!$A:$A,0)) -> system
A46: TIAM | B46: Brazil | C46: No | D46: Emissions|Kyoto Gases|AFOLU | E46: =(-133 + -166)/2 -> -149.5 | G46: Mt CO2e | H46: Baseline | I46: 2020 | J46: Target | L46: no | V46: model limitation | X46: =INDEX(Regions!$B$4:$B$19,MATCH(TIAM!B46,Regions!$A$4:$A$19,0)) -> Brazil | AA46: =INDEX(PolicyMapping!$B:$B,MATCH($D46,PolicyMapping!$A:$A,0)) -> cap on emissions | AB46: =INDEX(PolicyMapping!$C:$C,MATCH($D46,PolicyMapping!$A:$A,0)) -> land
A47: TIAM | B47: Brazil | C47: Need biofuel data | D47: Biofuel share in diesel | Biodiesel | E47: 10 | G47: % | H47: 2019 | J47: Target | L47: yes | M47: x | V47: Minimum 10% share of biodiesel in (biodiesel and diesel) in Brazil in 2019; aggregrated across the region (CSA); check the methodology in aggregration method | X47: =INDEX(Regions!$B$4:$B$19,MATCH(TIAM!B47,Regions!$A$4:$A$19,0)) -> Brazil | Y47: yes | AA47: =INDEX(PolicyMapping!$B:$B,MATCH($D47,PolicyMapping!$A:$A,0)) -> clean energy | AB47: =INDEX(PolicyMapping!$C:$C,MATCH($D47,PolicyMapping!$A:$A,0)) -> transport
A48: TIAM | B48: Brazil | C48: Possible with IMAGE proxies or capacity data | D48: Electricity capacity | Hydro | E48: 88.5 | G48: GW | I48: 2025 | J48: Target | L48: yes | M48: yes | N48: ? | O48: 2.192523 | P48: 2.101232 | Q48: -0.041637423 | R48: -0.091291008 | S48: -0.045026542 | T48: 2025 | U48: BRA | V48: Minimum 88.5GW of Hydro capacity in Brazil in 2025 - aggregated across region | X48: =INDEX(Regions!$B$4:$B$19,MATCH(TIAM!B48,Regions!$A$4:$A$19,0)) -> Brazil | Y48: yes | AA48: =INDEX(PolicyMapping!$B:$B,MATCH($D48,PolicyMapping!$A:$A,0)) -> clean energy | AB48: =INDEX(PolicyMapping!$C:$C,MATCH($D48,PolicyMapping!$A:$A,0)) -> power
A49: TIAM | B49: Brazil | D49: Electricity capacity | Hydro | E49: 116.7 | G49: GW | I49: 2025 | J49: Target | K49: BRA | L49: added linear increments to existing capacity stock between milestone year closest to start and end policies (from 2019 expected a capacity addition of 32 GW, https://www.nortonrosefulbright.com/en/knowledge/publications/b2d19c29/renewable-energy-in-latin-america-brazil) | W49: updated | X49: =INDEX(Regions!$B$4:$B$19,MATCH(TIAM!B49,Regions!$A$4:$A$19,0)) -> Brazil | AA49: =INDEX(PolicyMapping!$B:$B,MATCH($D49,PolicyMapping!$A:$A,0)) -> clean energy | AB49: =INDEX(PolicyMapping!$C:$C,MATCH($D49,PolicyMapping!$A:$A,0)) -> power
A50: TIAM | B50: Canada | D50: Electricity capacity|Coal|Without CCS | E50: 0 | G50: GW | I50: 2029 | J50: Planned | K50: Phase-out traditional coal-fired electricity by 2029 (i.e. coal without CCS) | L50: yes? | V50: its Planned so its not included in curpolicy scenario | X50: =INDEX(Regions!$B$4:$B$19,MATCH(TIAM!B50,Regions!$A$4:$A$19,0)) -> Canada | Y50: yes | AA50: =INDEX(PolicyMapping!$B:$B,MATCH($D50,PolicyMapping!$A:$A,0)) -> cap on fossils | AB50: =INDEX(PolicyMapping!$C:$C,MATCH($D50,PolicyMapping!$A:$A,0)) -> power
A51: TIAM | B51: Canada | D51: Emissions|GHG | E51: -30 | G51: MtCO2eq | H51: Baseline? | I51: 2030 | J51: Planned | K51: Target = 30 Mt reduction, check against baseline or base year? Measure: clean fuel standard, "encourage use of a broad range of lower carbon fuels, alternative energy sources and technologies" | L51: no | V51: its Planned so its not included in curpolicy scenario | X51: =INDEX(Regions!$B$4:$B$19,MATCH(TIAM!B51,Regions!$A$4:$A$19,0)) -> Canada | Y51: yes | AA51: =INDEX(PolicyMapping!$B:$B,MATCH($D51,PolicyMapping!$A:$A,0)) -> cap on emissions | AB51: =INDEX(PolicyMapping!$C:$C,MATCH($D51,PolicyMapping!$A:$A,0)) -> system
A52: TIAM | B52: Canada | D52: Carbon tax | E52: 50 | G52: $/tCO2e | I52: 2022 | J52: Planned | K52: Minimum price, starting from CAN$10/tCO2e in 2018 | L52: no | V52: its Planned so its not included in curpolicy scenario | X52: =INDEX(Regions!$B$4:$B$19,MATCH(TIAM!B52,Regions!$A$4:$A$19,0)) -> Canada | Y52: yes | AA52: =INDEX(PolicyMapping!$B:$B,MATCH($D52,PolicyMapping!$A:$A,0)) -> economic | AB52: =INDEX(PolicyMapping!$C:$C,MATCH($D52,PolicyMapping!$A:$A,0)) -> system
A53: TIAM | B53: Canada | D53: Emissions|GHG | E53: -12.7 | G53: MtCO2eq | H53: Baseline? | I53: 2030 | J53: Planned | K53: check baseline or base year? (Estimated mitigation impact according to national communication) - measure: strategic interconnections of electricity | V53: its Planned so its not included in curpolicy scenario | X53: =INDEX(Regions!$B$4:$B$19,MATCH(TIAM!B53,Regions!$A$4:$A$19,0)) -> Canada | Y53: yes | AA53: =INDEX(PolicyMapping!$B:$B,MATCH($D53,PolicyMapping!$A:$A,0)) -> cap on emissions | AB53: =INDEX(PolicyMapping!$C:$C,MATCH($D53,PolicyMapping!$A:$A,0)) -> system
A54: TIAM | B54: Canada | D54: Biofuel share in transport | Bioethanol + biodiesel | E54: 3.7 | G54: % | H54: 2011 | I54: 2020 | J54: Target | L54: yes | M54: yes | N54: under | O54: 0.04006448 | P54: 0.057477131 | Q54: 0.43461568 | R54: 0.017412651 | S54: 0.010297005 | T54: 2020 | U54: CAN | V54: target of 3.7% share of biodiesel/ethanol in transport in 2020 | X54: =INDEX(Regions!$B$4:$B$19,MATCH(TIAM!B54,Regions!$A$4:$A$19,0)) -> Canada | Y54: yes | AA54: =INDEX(PolicyMapping!$B:$B,MATCH($D54,PolicyMapping!$A:$A,0)) -> clean energy | AB54: =INDEX(PolicyMapping!$C:$C,MATCH($D54,PolicyMapping!$A:$A,0)) -> transport
A55: TIAM | B55: Canada | D55: Fuel efficiency | Medium trucks|New | E55: 1.38 | G55: MJ/tkm | I55: 2027 | J55: Target | K55: Updated number (wrong calculation in previous round) | L55: yes | M55: yes | N55: yes | O55: 0.4703584 | P55: 0.4627024 | Q55: -0.01627695 | R55: -0.007656 | S55: -0.0037590676 | T55: 2030 | U55: CAN | V55: efficiency standard for new truck is implemented for new medium truck from 2027 | X55: =INDEX(Regions!$B$4:$B$19,MATCH(TIAM!B55,Regions!$A$4:$A$19,0)) -> Canada | Y55: yes | AA55: =INDEX(PolicyMapping!$B:$B,MATCH($D55,PolicyMapping!$A:$A,0)) -> efficiency standard | AB55: =INDEX(PolicyMapping!$C:$C,MATCH($D55,PolicyMapping!$A:$A,0)) -> transport
A56: TIAM | B56: Canada | D56: Emissions | Buildings | E56: -6.5 | G56: Mt CO2e | H56: Baseline | I56: 2020 | J56: Target | L56: yes | M56: yes | N56: under | V56: 6.5MtCO2e reduction in emissions from the building sector in 2020 relative to baseline | X56: =INDEX(Regions!$B$4:$B$19,MATCH(TIAM!B56,Regions!$A$4:$A$19,0)) -> Canada | Y56: yes | AA56: =INDEX(PolicyMapping!$B:$B,MATCH($D56,PolicyMapping!$A:$A,0)) -> cap on emissions | AB56: =INDEX(PolicyMapping!$C:$C,MATCH($D56,PolicyMapping!$A:$A,0)) -> buildings
A57: TIAM | B57: Canada | D57: Power plant standard | New power plants | Change in CO2 intensity (kg CO2/kWh) | E57: -64 | G57: % | H57: 2010 | I57: 2030 | J57: Alternate interpretation | L57: no | V57: this is an alternate explanation this policy is implemented using emission standard | X57: =INDEX(Regions!$B$4:$B$19,MATCH(TIAM!B57,Regions!$A$4:$A$19,0)) -> Canada | Y57: yes | Z57: yes | AA57: =INDEX(PolicyMapping!$B:$B,MATCH($D57,PolicyMapping!$A:$A,0)) -> efficiency standard | AB57: =INDEX(PolicyMapping!$C:$C,MATCH($D57,PolicyMapping!$A:$A,0)) -> power
A58: TIAM | B58: Canada | D58: Emissions | Buildings | E58: -4.5 | G58: % | H58: Baseline | I58: 2020 | J58: Alternate interpretation | L58: yes | M58: yes | N58: under | V58: this policy is already implemented in terms of absolute emission reduction from building sector. This is an alternate explanation | X58: =INDEX(Regions!$B$4:$B$19,MATCH(TIAM!B58,Regions!$A$4:$A$19,0)) -> Canada | Y58: yes | Z58: yes | AA58: =INDEX(PolicyMapping!$B:$B,MATCH($D58,PolicyMapping!$A:$A,0)) -> cap on emissions | AB58: =INDEX(PolicyMapping!$C:$C,MATCH($D58,PolicyMapping!$A:$A,0)) -> buildings
A59: TIAM | B59: Canada | D59: Biofuel share in gasoline | Bioethanol | E59: 5 | G59: % | H59: 2011 | I59: 2020 | J59: Target | L59: yes | M59: x | N59: x | O59: 0.04006448 | P59: 0.057477131 | Q59: 0.43461568 | R59: 0.017412651 | S59: 0.010297005 | T59: 2020 | U59: CAN | V59: target of 5% share of bioethanol in 2020 | X59: =INDEX(Regions!$B$4:$B$19,MATCH(TIAM!B59,Regions!$A$4:$A$19,0)) -> Canada | Y59: yes | AA59: =INDEX(PolicyMapping!$B:$B,MATCH($D59,PolicyMapping!$A:$A,0)) -> clean energy | AB59: =INDEX(PolicyMapping!$C:$C,MATCH($D59,PolicyMapping!$A:$A,0)) -> transport
A60: TIAM | B60: Canada | D60: Biofuel share in diesel | Biodiesel | E60: 2 | G60: % | H60: 2011 | I60: 2020 | J60: Target | L60: yes | M60: x | N60: x | O60: 0.04006448 | P60: 0.057477131 | Q60: 0.43461568 | R60: 0.017412651 | S60: 0.010297005 | T60: 2020 | U60: CAN | V60: target of 2% share of biodiesel in (biodiesel and diesel) in 2020 | X60: =INDEX(Regions!$B$4:$B$19,MATCH(TIAM!B60,Regions!$A$4:$A$19,0)) -> Canada | Y60: yes | AA60: =INDEX(PolicyMapping!$B:$B,MATCH($D60,PolicyMapping!$A:$A,0)) -> clean energy | AB60: =INDEX(PolicyMapping!$C:$C,MATCH($D60,PolicyMapping!$A:$A,0)) -> transport
A61: TIAM | B61: Canada | D61: Fuel efficiency | Light-duty vehicles (passenger vehicles)|New | E61: 0.91 | G61: MJ/pkm | I61: 2025 | J61: Target | L61: yes | M61: yes | N61: yes | O61: 1.67 | P61: 1.18 | Q61: -0.29341317 | R61: 0.49 | S61: -0.26446364 | T61: 2025 | U61: CAN | V61: efficiency standard for new truck is implemented for new passenger cars from 2025 | X61: =INDEX(Regions!$B$4:$B$19,MATCH(TIAM!B61,Regions!$A$4:$A$19,0)) -> Canada | Y61: yes | AA61: =INDEX(PolicyMapping!$B:$B,MATCH($D61,PolicyMapping!$A:$A,0)) -> efficiency standard | AB61: =INDEX(PolicyMapping!$C:$C,MATCH($D61,PolicyMapping!$A:$A,0)) -> transport
A62: TIAM | B62: Canada | D62: Emissions|Oil and gas production|CH4 | E62: -40 | G62: % | H62: 2012 | I62: 2025 | J62: Target | V62: 40% reduction in upstream CH4 emissions in Canada from 2012 to 2025 | X62: =INDEX(Regions!$B$4:$B$19,MATCH(TIAM!B62,Regions!$A$4:$A$19,0)) -> Canada | Y62: yes | AA62: =INDEX(PolicyMapping!$B:$B,MATCH($D62,PolicyMapping!$A:$A,0)) -> cap on emissions | AB62: =INDEX(PolicyMapping!$C:$C,MATCH($D62,PolicyMapping!$A:$A,0)) -> supply
A63: TIAM | B63: Canada | D63: Fuel efficiency | Heavy trucks|New | E63: 0.92 | G63: MJ/tkm | I63: 2027 | J63: Target | L63: yes | M63: yes | N63: yes | O63: 0.4703584 | P63: 0.4627024 | Q63: -0.01627695 | R63: -0.007656 | S63: -0.0037590676 | T63: 2030 | U63: CAN | V63: efficiency standard for new truck is implemented for new heavytruck from 2027 | X63: =INDEX(Regions!$B$4:$B$19,MATCH(TIAM!B63,Regions!$A$4:$A$19,0)) -> Canada | Y63: yes | AA63: =INDEX(PolicyMapping!$B:$B,MATCH($D63,PolicyMapping!$A:$A,0)) -> efficiency standard | AB63: =INDEX(PolicyMapping!$C:$C,MATCH($D63,PolicyMapping!$A:$A,0)) -> transport
A64: TIAM | B64: Canada | D64: Power plant standard | New power plants | E64: 420 | G64: g CO2/kWh | H64: 2015 | I64: 2030 | J64: Target | L64: no | V64: Policy is a 420gCO2/kWh emissions standard active from 2015 | X64: =INDEX(Regions!$B$4:$B$19,MATCH(TIAM!B64,Regions!$A$4:$A$19,0)) -> Canada | Y64: yes | AA64: =INDEX(PolicyMapping!$B:$B,MATCH($D64,PolicyMapping!$A:$A,0)) -> efficiency standard | AB64: =INDEX(PolicyMapping!$C:$C,MATCH($D64,PolicyMapping!$A:$A,0)) -> power
A65: TIAM | B65: Canada | D65: Emissions|GHG | E65: -10.4 | G65: MtCO2eq | H65: 2015? | I65: 2030 | J65: Target | K65: check baseline or base year? (Estimated mitigation impact according to national communication) - measure: energy efficient equipment and appliances | L65: no | V65: 10.4MtCO2e reduction in emissions from the building sector in 2030 relative to baseline | X65: =INDEX(Regions!$B$4:$B$19,MATCH(TIAM!B65,Regions!$A$4:$A$19,0)) -> Canada | Y65: yes | AA65: =INDEX(PolicyMapping!$B:$B,MATCH($D65,PolicyMapping!$A:$A,0)) -> cap on emissions | AB65: =INDEX(PolicyMapping!$C:$C,MATCH($D65,PolicyMapping!$A:$A,0)) -> system
A66: TIAM | B66: Canada | D66: Emissions|HFCs | E66: 2.9 | G66: MtCO2eq | I66: 2036 | J66: Target | K66: Maximum allowable emissions (=85% reduction from baseline) | L66: no | V66: HFCs emissions are not included in the model | X66: =INDEX(Regions!$B$4:$B$19,MATCH(TIAM!B66,Regions!$A$4:$A$19,0)) -> Canada | AA66: =INDEX(PolicyMapping!$B:$B,MATCH($D66,PolicyMapping!$A:$A,0)) -> cap on emissions | AB66: =INDEX(PolicyMapping!$C:$C,MATCH($D66,PolicyMapping!$A:$A,0)) -> system
A67: TIAM | B67: Canada | D67: Emissions|HFCs | E67: -85 | G67: % | H67: 2036 | I67: 2036 | J67: Alternate interpretation | K67: Reduction target relative to baseline | L67: no | V67: HFCs emissions are not included in the model | X67: =INDEX(Regions!$B$4:$B$19,MATCH(TIAM!B67,Regions!$A$4:$A$19,0)) -> Canada | AA67: =INDEX(PolicyMapping!$B:$B,MATCH($D67,PolicyMapping!$A:$A,0)) -> cap on emissions | AB67: =INDEX(PolicyMapping!$C:$C,MATCH($D67,PolicyMapping!$A:$A,0)) -> system
A68: TIAM | B68: China | C68: Yes | D68: Share of non-fossil energy in TPES | E68: 20 | G68: % | I68: 2030 | J68: Planned | L68: no | V68: its Planned so its not included in curpolicy scenario | X68: =INDEX(Regions!$B$4:$B$19,MATCH(TIAM!B68,Regions!$A$4:$A$19,0)) -> China | Y68: yes | AA68: =INDEX(PolicyMapping!$B:$B,MATCH($D68,PolicyMapping!$A:$A,0)) -> clean energy | AB68: =INDEX(PolicyMapping!$C:$C,MATCH($D68,PolicyMapping!$A:$A,0)) -> system
A69: TIAM | B69: China | C69: Yes | D69: Share of gas in energy mix | E69: 0.15 | I69: 2030 | J69: Planned | V69: its Planned so its not included in curpolicy scenario | X69: =INDEX(Regions!$B$4:$B$19,MATCH(TIAM!B69,Regions!$A$4:$A$19,0)) -> China | Y69: yes | AA69: =INDEX(PolicyMapping!$B:$B,MATCH($D69,PolicyMapping!$A:$A,0)) -> cap on fossils | AB69: =INDEX(PolicyMapping!$C:$C,MATCH($D69,PolicyMapping!$A:$A,0)) -> system
A70: TIAM | B70: China | C70: Yes | D70: Economy-wide | Energy-intensity (TPES/GDP) | E70: -15 | G70: % | H70: 2015 | I70: 2020 | J70: Target | L70: no | V70: 15% reduction in TPES/GDP between 2015 and 2020. This is calculated as an absolute target for TPES, as GDP is exogenous in the model. | X70: =INDEX(Regions!$B$4:$B$19,MATCH(TIAM!B70,Regions!$A$4:$A$19,0)) -> China | Y70: yes | AA70: =INDEX(PolicyMapping!$B:$B,MATCH($D70,PolicyMapping!$A:$A,0)) -> efficiency standard | AB70: =INDEX(PolicyMapping!$C:$C,MATCH($D70,PolicyMapping!$A:$A,0)) -> system
A71: TIAM | B71: China | C71: Yes | D71: Cap on primary energy consumption | E71: 165 | G71: EJ | I71: 2020 | J71: Target | L71: no | V71: Caps total primary energy consumption to 165EJ in 2020 | X71: =INDEX(Regions!$B$4:$B$19,MATCH(TIAM!B71,Regions!$A$4:$A$19,0)) -> China | Y71: yes | AA71: =INDEX(PolicyMapping!$B:$B,MATCH($D71,PolicyMapping!$A:$A,0)) -> cap on fossils | AB71: =INDEX(PolicyMapping!$C:$C,MATCH($D71,PolicyMapping!$A:$A,0)) -> system
A72: TIAM | B72: China | C72: Yes | D72: Economy-wide | CO2-intensity (CO2/GDP) | E72: -18 | G72: % | H72: 2015 | I72: 2020 | J72: Target | L72: no | V72: 18% reduction in CO2/GDP between 2015 and 2020 | X72: =INDEX(Regions!$B$4:$B$19,MATCH(TIAM!B72,Regions!$A$4:$A$19,0)) -> China | Y72: yes | AA72: =INDEX(PolicyMapping!$B:$B,MATCH($D72,PolicyMapping!$A:$A,0)) -> cap on emissions | AB72: =INDEX(PolicyMapping!$C:$C,MATCH($D72,PolicyMapping!$A:$A,0)) -> system
A73: TIAM | B73: China | C73: Hard | D73: Fuel efficiency | Medium-duty trucks|New | G73: MJ/tkm | H73: 2015 | J73: Target | K73: there are many types trucks | L73: yes | M73: yes | N73: yes | O73: 3.8654889 | P73: 3.88546 | Q73: 0.0051665061 | R73: 0.019971072 | S73: 0.0014404136 | T73: 2020 | U73: CHN | V73: efficiency value is not mentioned | X73: =INDEX(Regions!$B$4:$B$19,MATCH(TIAM!B73,Regions!$A$4:$A$19,0)) -> China | AA73: =INDEX(PolicyMapping!$B:$B,MATCH($D73,PolicyMapping!$A:$A,0)) -> efficiency standard | AB73: =INDEX(PolicyMapping!$C:$C,MATCH($D73,PolicyMapping!$A:$A,0)) -> transport
A74: TIAM | B74: China | C74: Hard | D74: Fuel efficiency | Heavy-duty trucks|New | E74: 1.2 | G74: MJ/tkm | I74: 2021 | J74: Target | L74: yes | M74: yes | N74: yes | O74: 3.8654889 | P74: 3.88546 | Q74: 0.0051665061 | R74: 0.019971072 | S74: 0.0014404136 | T74: 2020 | U74: CHN | V74: 15% percentage efficiency improvement is included in the cur policy scenario and not absolute value | X74: =INDEX(Regions!$B$4:$B$19,MATCH(TIAM!B74,Regions!$A$4:$A$19,0)) -> China | Y74: yes | Z74: yes | AA74: =INDEX(PolicyMapping!$B:$B,MATCH($D74,PolicyMapping!$A:$A,0)) -> efficiency standard | AB74: =INDEX(PolicyMapping!$C:$C,MATCH($D74,PolicyMapping!$A:$A,0)) -> transport
A75: TIAM | B75: China | C75: Hard | D75: Fuel efficiency | Heavy-duty trucks|New (percentage increase over period) | E75: -15 | G75: % | H75: 2015 | I75: 2021 | J75: Target | V75: fuel consumption in MJ/tkm by 15% between 2015 and 2021 | X75: =INDEX(Regions!$B$4:$B$19,MATCH(TIAM!B75,Regions!$A$4:$A$19,0)) -> China | Y75: yes | AA75: =INDEX(PolicyMapping!$B:$B,MATCH($D75,PolicyMapping!$A:$A,0)) -> efficiency standard | AB75: =INDEX(PolicyMapping!$C:$C,MATCH($D75,PolicyMapping!$A:$A,0)) -> transport
A76: TIAM | B76: China | C76: Hard | D76: Fuel efficiency | Light-duty vehicles|New | G76: MJ/pkm | H76: 2015 | J76: Target | K76: in one number as | L76: yes | M76: yes | N76: yes | O76: 8.4101601 | P76: 6.9 | Q76: -0.17956378 | R76: 1.5101601 | S76: -0.081461075 | T76: 2020 | U76: CHN | V76: implemented using different approach i.e 4c | X76: =INDEX(Regions!$B$4:$B$19,MATCH(TIAM!B76,Regions!$A$4:$A$19,0)) -> China | Y76: yes | Z76: yes | AA76: =INDEX(PolicyMapping!$B:$B,MATCH($D76,PolicyMapping!$A:$A,0)) -> efficiency standard | AB76: =INDEX(PolicyMapping!$C:$C,MATCH($D76,PolicyMapping!$A:$A,0)) -> transport
A77: TIAM | B77: China | C77: Hard | D77: Fuel efficiency | Light-duty vehicles|New | G77: MJ/pkm | I77: 2020 | J77: Target | K77: Difficult to capture | L77: yes | M77: yes | N77: yes | O77: 8.4101601 | P77: 6.9 | Q77: -0.17956378 | R77: 1.5101601 | S77: -0.081461075 | T77: 2020 | U77: CHN | V77: 18% reduction in final energy from passenger transport in China in 2020 (relatived to baseline) using IMAGE proxy | X77: =INDEX(Regions!$B$4:$B$19,MATCH(TIAM!B77,Regions!$A$4:$A$19,0)) -> China | Y77: yes | AA77: =INDEX(PolicyMapping!$B:$B,MATCH($D77,PolicyMapping!$A:$A,0)) -> efficiency standard | AB77: =INDEX(PolicyMapping!$C:$C,MATCH($D77,PolicyMapping!$A:$A,0)) -> transport
A78: TIAM | B78: China | C78: Hard | D78: Fuel efficiency | Light-duty vehicles|New | E78: 0.92 | G78: MJ/pkm | H78: 2015 | I78: 2025 | J78: Target | V78: We could apply fuel efficiency to petrol cars. Need to make an assumption on LHV (32.7 MJ/L for petrol) and pkm/veh-km (1.2) | W78: updated | X78: =INDEX(Regions!$B$4:$B$19,MATCH(TIAM!B78,Regions!$A$4:$A$19,0)) -> China | AA78: =INDEX(PolicyMapping!$B:$B,MATCH($D78,PolicyMapping!$A:$A,0)) -> efficiency standard | AB78: =INDEX(PolicyMapping!$C:$C,MATCH($D78,PolicyMapping!$A:$A,0)) -> transport
A79: TIAM | B79: China | C79: Yes | D79: Cap on coal consumption | Average raw coal | E79: 4.1 | G79: Gt/year | I79: 2020 | J79: Alternate interpretation | L79: no | V79: this is alternate interpretation in terms of coal weight. 2g policy in terms of energy is already implementated | X79: =INDEX(Regions!$B$4:$B$19,MATCH(TIAM!B79,Regions!$A$4:$A$19,0)) -> China | Y79: yes | Z79: yes | AA79: =INDEX(PolicyMapping!$B:$B,MATCH($D79,PolicyMapping!$A:$A,0)) -> cap on fossils | AB79: =INDEX(PolicyMapping!$C:$C,MATCH($D79,PolicyMapping!$A:$A,0)) -> system
A80: TIAM | B80: China | C80: Yes | D80: Biofuel share in transport | Bioethanol + biodiesel | E80: 100000000 | G80: GJ/year | I80: 2020 | J80: Alternate interpretation | L80: yes | M80: yes | N80: ? | O80: 0.2308481 | P80: 0.36180649 | Q80: 0.56729247 | R80: 0.13095839 | S80: 0.0094453744 | T80: 2020 | U80: CHN | V80: its alternate interpretation | X80: =INDEX(Regions!$B$4:$B$19,MATCH(TIAM!B80,Regions!$A$4:$A$19,0)) -> China | Y80: yes | Z80: yes | AA80: =INDEX(PolicyMapping!$B:$B,MATCH($D80,PolicyMapping!$A:$A,0)) -> clean energy | AB80: =INDEX(PolicyMapping!$C:$C,MATCH($D80,PolicyMapping!$A:$A,0)) -> transport
A81: TIAM | B81: China | C81: Hard | D81: Electric and plug-in vehicles | Production | Share of new cars | E81: 6 | G81: % | I81: 2020 | J81: Alternate interpretation | L81: yes | M81: yes | N81: ? | O81: 0.54536438 | P81: 0.53077698 | Q81: -0.026747993 | R81: -0.014587402 | S81: -0.0010521165 | T81: 2020 | U81: CHN | V81: minimum 6% share of electric and plug-in car in 2020 | X81: =INDEX(Regions!$B$4:$B$19,MATCH(TIAM!B81,Regions!$A$4:$A$19,0)) -> China | Y81: yes | AA81: =INDEX(PolicyMapping!$B:$B,MATCH($D81,PolicyMapping!$A:$A,0)) -> clean energy | AB81: =INDEX(PolicyMapping!$C:$C,MATCH($D81,PolicyMapping!$A:$A,0)) -> transport
A82: TIAM | B82: China | C82: Hard | D82: Electric and plug-in vehicles | Production | Share of new cars | E82: 25 | G82: % | I82: 2025 | J82: Target | V82: Calculated as ratio of electric cars over the total, using 2015 as benchmark | W82: updated | X82: =INDEX(Regions!$B$4:$B$19,MATCH(TIAM!B82,Regions!$A$4:$A$19,0)) -> China | AA82: =INDEX(PolicyMapping!$B:$B,MATCH($D82,PolicyMapping!$A:$A,0)) -> clean energy | AB82: =INDEX(PolicyMapping!$C:$C,MATCH($D82,PolicyMapping!$A:$A,0)) -> transport
A83: TIAM | B83: China | C83: Hard | D83: Electric and plug-in vehicles | Production | Number | E83: 2000000 | G83: Number/year | I83: 2020 | J83: Target | L83: yes | M83: yes | N83: ? | O83: 0.54536438 | P83: 0.53077698 | Q83: -0.026747993 | R83: -0.014587402 | S83: -0.0010521165 | T83: 2020 | U83: CHN | V83: share constraint is used rather than absolute vehicle number | X83: =INDEX(Regions!$B$4:$B$19,MATCH(TIAM!B83,Regions!$A$4:$A$19,0)) -> China | Y83: yes | Z83: yes | AA83: =INDEX(PolicyMapping!$B:$B,MATCH($D83,PolicyMapping!$A:$A,0)) -> clean energy | AB83: =INDEX(PolicyMapping!$C:$C,MATCH($D83,PolicyMapping!$A:$A,0)) -> transport
A84: TIAM | B84: China | C84: Yes | D84: Electric and plug-in vehicles | Number | E84: 5000000 | G84: Number | I84: 2020 | J84: Target | L84: yes | M84: x | N84: x | O84: 0.54536438 | P84: 0.53077698 | Q84: -0.026747993 | R84: -0.014587402 | S84: -0.0010521165 | T84: 2020 | U84: CHN | V84: share constraint is used rather than absolute vehicle number | X84: =INDEX(Regions!$B$4:$B$19,MATCH(TIAM!B84,Regions!$A$4:$A$19,0)) -> China | Y84: yes | Z84: yes | AA84: =INDEX(PolicyMapping!$B:$B,MATCH($D84,PolicyMapping!$A:$A,0)) -> clean energy | AB84: =INDEX(PolicyMapping!$C:$C,MATCH($D84,PolicyMapping!$A:$A,0)) -> transport
A85: TIAM | B85: China | C85: Yes | D85: Electric and plug-in vehicles | Share | E85: 1.5 | G85: % | I85: 2020 | J85: Alternate interpretation | L85: yes | M85: yes | N85: over | O85: 0.54536438 | P85: 0.53077698 | Q85: -0.026747993 | R85: -0.014587402 | S85: -0.0010521165 | T85: 2020 | U85: CHN | V85: minimum 1.5% share of cars to be electric in 2020 | X85: =INDEX(Regions!$B$4:$B$19,MATCH(TIAM!B85,Regions!$A$4:$A$19,0)) -> China | Y85: yes | AA85: =INDEX(PolicyMapping!$B:$B,MATCH($D85,PolicyMapping!$A:$A,0)) -> clean energy | AB85: =INDEX(PolicyMapping!$C:$C,MATCH($D85,PolicyMapping!$A:$A,0)) -> transport
A86: TIAM | B86: China | C86: Yes | D86: Share of gas in TPES | E86: 10 | G86: % | I86: 2020 | J86: Target | K86: Minium/floor. See 'High impact policies' 2j and 2k for more details, if needed | L86: no | V86: share of gas in tpes is set minimum to 10% in 2020 | X86: =INDEX(Regions!$B$4:$B$19,MATCH(TIAM!B86,Regions!$A$4:$A$19,0)) -> China | Y86: yes | AA86: =INDEX(PolicyMapping!$B:$B,MATCH($D86,PolicyMapping!$A:$A,0)) -> cap on fossils | AB86: =INDEX(PolicyMapping!$C:$C,MATCH($D86,PolicyMapping!$A:$A,0)) -> system
A87: TIAM | B87: China | C87: Yes | D87: Cap on coal consumption | E87: 84.5 | G87: EJ/year | I87: 2020 | J87: Target | L87: no | V87: Constrains coal consumption (in Primary Energy) to be under 84.5EJ in 2020 | X87: =INDEX(Regions!$B$4:$B$19,MATCH(TIAM!B87,Regions!$A$4:$A$19,0)) -> China | Y87: yes | AA87: =INDEX(PolicyMapping!$B:$B,MATCH($D87,PolicyMapping!$A:$A,0)) -> cap on fossils | AB87: =INDEX(PolicyMapping!$C:$C,MATCH($D87,PolicyMapping!$A:$A,0)) -> system
A88: TIAM | B88: China | C88: Yes | D88: Electricity capacity | Wind | E88: 210 | G88: GW | I88: 2020 | J88: Target | L88: yes | M88: yes | N88: yes | O88: 1.0123973 | P88: 1.5769853 | Q88: 0.55767425 | R88: 0.56458793 | S88: 0.040720907 | T88: 2020 | U88: CHN | V88: minimum 210 GW of wind capacity by 2020 | X88: =INDEX(Regions!$B$4:$B$19,MATCH(TIAM!B88,Regions!$A$4:$A$19,0)) -> China | Y88: yes | AA88: =INDEX(PolicyMapping!$B:$B,MATCH($D88,PolicyMapping!$A:$A,0)) -> clean energy | AB88: =INDEX(PolicyMapping!$C:$C,MATCH($D88,PolicyMapping!$A:$A,0)) -> power
A89: TIAM | B89: China | C89: Yes | D89: Electricity capacity | Solar PV | E89: 105 | G89: GW | I89: 2020 | J89: Target | L89: yes | M89: yes | N89: yes | O89: 0.30260922 | P89: 0.58246112 | Q89: 0.92479637 | R89: 0.2798519 | S89: 0.02018432 | T89: 2020 | U89: CHN | V89: minimum 105 GW of solar pv capacity by 2020 | X89: =INDEX(Regions!$B$4:$B$19,MATCH(TIAM!B89,Regions!$A$4:$A$19,0)) -> China | Y89: yes | AA89: =INDEX(PolicyMapping!$B:$B,MATCH($D89,PolicyMapping!$A:$A,0)) -> clean energy | AB89: =INDEX(PolicyMapping!$C:$C,MATCH($D89,PolicyMapping!$A:$A,0)) -> power
A90: TIAM | B90: China | C90: Yes | D90: Electricity capacity | Biomass | E90: 15 | G90: GW | I90: 2020 | J90: Target | L90: yes | M90: yes | N90: yes | O90: 0.049088635 | P90: 0.68008893 | Q90: 12.854305 | R90: 0.63100029 | S90: 0.045510899 | T90: 2020 | U90: CHN | V90: minimum 15 GW of biomass capacity by 2020 | X90: =INDEX(Regions!$B$4:$B$19,MATCH(TIAM!B90,Regions!$A$4:$A$19,0)) -> China | Y90: yes | AA90: =INDEX(PolicyMapping!$B:$B,MATCH($D90,PolicyMapping!$A:$A,0)) -> clean energy | AB90: =INDEX(PolicyMapping!$C:$C,MATCH($D90,PolicyMapping!$A:$A,0)) -> power
A91: TIAM | B91: China | C91: Yes | D91: Electricity capacity | Hydro | E91: 340 | G91: GW | I91: 2020 | J91: Target | L91: yes | M91: yes | N91: yes | O91: 4.4136909 | P91: 4.1074711 | Q91: -0.069379525 | R91: -0.30621978 | S91: -0.022086103 | T91: 2020 | U91: CHN | V91: minimum 340 GW of hydro capacity by 2020 | X91: =INDEX(Regions!$B$4:$B$19,MATCH(TIAM!B91,Regions!$A$4:$A$19,0)) -> China | Y91: yes | AA91: =INDEX(PolicyMapping!$B:$B,MATCH($D91,PolicyMapping!$A:$A,0)) -> clean energy | AB91: =INDEX(PolicyMapping!$C:$C,MATCH($D91,PolicyMapping!$A:$A,0)) -> power
A92: TIAM | B92: China | C92: Yes | D92: Electricity capacity | Nuclear | E92: 58 | G92: GW | I92: 2020 | J92: Target | L92: yes | M92: yes | N92: yes | O92: 0.82803898 | P92: 1.291105 | Q92: 0.55923219 | R92: 0.46306605 | S92: 0.033398641 | T92: 2020 | U92: CHN | V92: minimum 58 GW of nuclear capacity by 2020 | X92: =INDEX(Regions!$B$4:$B$19,MATCH(TIAM!B92,Regions!$A$4:$A$19,0)) -> China | Y92: yes | AA92: =INDEX(PolicyMapping!$B:$B,MATCH($D92,PolicyMapping!$A:$A,0)) -> clean energy | AB92: =INDEX(PolicyMapping!$C:$C,MATCH($D92,PolicyMapping!$A:$A,0)) -> power
A93: TIAM | B93: China | C93: Yes | D93: Electricity capacity | Solar thermal | E93: 5 | G93: GW | I93: 2020 | J93: Target | V93: minimum 5 GW of solar thermal capacity by 2020 | X93: =INDEX(Regions!$B$4:$B$19,MATCH(TIAM!B93,Regions!$A$4:$A$19,0)) -> China | Y93: yes | AA93: =INDEX(PolicyMapping!$B:$B,MATCH($D93,PolicyMapping!$A:$A,0)) -> clean energy | AB93: =INDEX(PolicyMapping!$C:$C,MATCH($D93,PolicyMapping!$A:$A,0)) -> power
A94: TIAM | B94: China | C94: Yes | D94: Electricity capacity | Solar + Wind | F94: 1200 | G94: GW | I94: 2030 | J94: Target | X94: =INDEX(Regions!$B$4:$B$19,MATCH(TIAM!B94,Regions!$A$4:$A$19,0)) -> China | Y94: yes | AA94: =INDEX(PolicyMapping!$B:$B,MATCH($D94,PolicyMapping!$A:$A,0)) -> clean energy | AB94: =INDEX(PolicyMapping!$C:$C,MATCH($D94,PolicyMapping!$A:$A,0)) -> power
A95: TIAM | B95: China | C95: Yes | D95: Share of renewables (electricity production) | Including hydro | E95: 26.5 | G95: % | I95: 2020 | J95: Alternate interpretation | L95: no | V95: minimum 26.5% share of renewable in electricity production ( including hydro) in 2020 | X95: =INDEX(Regions!$B$4:$B$19,MATCH(TIAM!B95,Regions!$A$4:$A$19,0)) -> China | Y95: yes | AA95: =INDEX(PolicyMapping!$B:$B,MATCH($D95,PolicyMapping!$A:$A,0)) -> clean energy | AB95: =INDEX(PolicyMapping!$C:$C,MATCH($D95,PolicyMapping!$A:$A,0)) -> power
A96: TIAM | B96: China | C96: Yes | D96: Power plant standard (efficiency) new plants | Coal | E96: 40 | G96: % | I96: 2020 | J96: Target | V96: policy is already met in baseline | X96: =INDEX(Regions!$B$4:$B$19,MATCH(TIAM!B96,Regions!$A$4:$A$19,0)) -> China | Y96: yes | Z96: yes | AA96: =INDEX(PolicyMapping!$B:$B,MATCH($D96,PolicyMapping!$A:$A,0)) -> efficiency standard | AB96: =INDEX(PolicyMapping!$C:$C,MATCH($D96,PolicyMapping!$A:$A,0)) -> power
A97: TIAM | B97: China | C97: Yes | D97: Power plant standard (efficiency) new plants | Coal | E97: 38 | G97: % | I97: 2020 | J97: Target | L97: no | V97: minimum of 38% efficiency in coal plants in 2020 | X97: =INDEX(Regions!$B$4:$B$19,MATCH(TIAM!B97,Regions!$A$4:$A$19,0)) -> China | Y97: yes | AA97: =INDEX(PolicyMapping!$B:$B,MATCH($D97,PolicyMapping!$A:$A,0)) -> efficiency standard | AB97: =INDEX(PolicyMapping!$C:$C,MATCH($D97,PolicyMapping!$A:$A,0)) -> power
A98: TIAM | B98: China | C98: Yes | D98: Cap on primary energy consumption | E98: 5 | G98: Gtce/year (billion tons of standard coal equivalent per year) | I98: 2020 | J98: Alternate interpretation | L98: no | V98: this is alternate interpretation. Applied constrains coal consumption (in Primary Energy) to be under 84.5EJ in 2020 | X98: =INDEX(Regions!$B$4:$B$19,MATCH(TIAM!B98,Regions!$A$4:$A$19,0)) -> China | Y98: yes | Z98: yes | AA98: =INDEX(PolicyMapping!$B:$B,MATCH($D98,PolicyMapping!$A:$A,0)) -> cap on fossils | AB98: =INDEX(PolicyMapping!$C:$C,MATCH($D98,PolicyMapping!$A:$A,0)) -> system
A99: TIAM | B99: China | C99: Yes | D99: Share of non-fossil energy in TPES | E99: 15 | G99: % | I99: 2020 | J99: Target | L99: no | V99: Minimium 15% share on non-fossil energy in TPES in2020 | X99: =INDEX(Regions!$B$4:$B$19,MATCH(TIAM!B99,Regions!$A$4:$A$19,0)) -> China | Y99: yes | AA99: =INDEX(PolicyMapping!$B:$B,MATCH($D99,PolicyMapping!$A:$A,0)) -> clean energy | AB99: =INDEX(PolicyMapping!$C:$C,MATCH($D99,PolicyMapping!$A:$A,0)) -> system
A100: TIAM | B100: China | C100: No | D100: Energy use per industrial value added (MJ/IVA (US$2005)) | E100: -18 | G100: % | H100: 2015 | I100: 2020 | J100: Target | L100: no | V100: 18% reduction in Energy Consumption / IVA in Industry between 2015 and 2020. Assumes that Industry as a proportion of IVA is constant across the 10 year period. | X100: =INDEX(Regions!$B$4:$B$19,MATCH(TIAM!B100,Regions!$A$4:$A$19,0)) -> China | Y100: yes | AA100: =INDEX(PolicyMapping!$B:$B,MATCH($D100,PolicyMapping!$A:$A,0)) -> efficiency standard | AB100: =INDEX(PolicyMapping!$C:$C,MATCH($D100,PolicyMapping!$A:$A,0)) -> industry
A101: TIAM | B101: China | C101: Yes | D101: Biofuel share in transport | Bioethanol + biodiesel | E101: 1.1 | G101: % | I101: 2020 | J101: Target | L101: yes | M101: yes | N101: over | O101: 0.2308481 | P101: 0.36180649 | Q101: 0.56729247 | R101: 0.13095839 | S101: 0.0094453744 | T101: 2020 | U101: CHN | V101: 1.1% share of biodiesel/ethanol in transport in 2020 | X101: =INDEX(Regions!$B$4:$B$19,MATCH(TIAM!B101,Regions!$A$4:$A$19,0)) -> China | Y101: yes | AA101: =INDEX(PolicyMapping!$B:$B,MATCH($D101,PolicyMapping!$A:$A,0)) -> clean energy | AB101: =INDEX(PolicyMapping!$C:$C,MATCH($D101,PolicyMapping!$A:$A,0)) -> transport
...

Sheet MUSE
A3: Model | B3: Country | C3: Source | D3: Variable | E3: Value | F3: NEW value | H3: Base year | I3: End year | J3: Class | K3: Comments and implementation strategy | M3: Database code | N3: MUSE code | W3: Updated ?? | X3: Region | Y3: Implemented | Z3: Baseline | AA3: Type | AB3: Sector | AC3: Impactful
A4: MUSE | B4: Argentina | D4: Biofuel share in transport | Bioethanol + biodiesel | E4: 12 | F4: 8.5 | H4: 2016 | J4: Target | K4: regional aggregation | M4: =INDEX(CombinedDatabase!K:K,MATCH(MUSE!D4,CombinedDatabase!D:D,0)) -> 1 | N4: 1 | X4: =INDEX(Regions!$B$4:$B$19,MATCH(MUSE!B4,Regions!$A$4:$A$19,0)) -> Latin America excl. Brazil | Y4: yes | AA4: =INDEX(PolicyMapping!$B:$B,MATCH($D4,PolicyMapping!$A:$A,0)) -> clean energy | AB4: =INDEX(PolicyMapping!$C:$C,MATCH($D4,PolicyMapping!$A:$A,0)) -> transport
A5: MUSE | B5: Argentina | D5: Heat capacity (added) | Biomass | E5: 200 | G5: MW | H5: 2013 | I5: 2016 | J5: Target | K5: model limitation | M5: =INDEX(CombinedDatabase!K:K,MATCH(MUSE!D5,CombinedDatabase!D:D,0)) -> 2 | N5: 2 | X5: =INDEX(Regions!$B$4:$B$19,MATCH(MUSE!B5,Regions!$A$4:$A$19,0)) -> Latin America excl. Brazil | AA5: =INDEX(PolicyMapping!$B:$B,MATCH($D5,PolicyMapping!$A:$A,0)) -> clean energy | AB5: =INDEX(PolicyMapping!$C:$C,MATCH($D5,PolicyMapping!$A:$A,0)) -> power
A6: MUSE | B6: Argentina | D6: Electricity capacity (added) | Biomass | E6: 200 | G6: MW | H6: 2013 | I6: 2016 | J6: Target | K6: baseline | M6: =INDEX(CombinedDatabase!K:K,MATCH(MUSE!D6,CombinedDatabase!D:D,0)) -> 3 | N6: 3 | X6: =INDEX(Regions!$B$4:$B$19,MATCH(MUSE!B6,Regions!$A$4:$A$19,0)) -> Latin America excl. Brazil | Y6: yes | Z6: yes | AA6: =INDEX(PolicyMapping!$B:$B,MATCH($D6,PolicyMapping!$A:$A,0)) -> clean energy | AB6: =INDEX(PolicyMapping!$C:$C,MATCH($D6,PolicyMapping!$A:$A,0)) -> power
A7: MUSE | B7: Argentina | D7: Forest conservation (area) | E7: 4700000 | G7: ha | H7: 2007 | I7: 2030 | J7: Target | K7: model limitation | M7: =INDEX(CombinedDatabase!K:K,MATCH(MUSE!D7,CombinedDatabase!D:D,0)) -> 4 | N7: 4 | X7: =INDEX(Regions!$B$4:$B$19,MATCH(MUSE!B7,Regions!$A$4:$A$19,0)) -> Latin America excl. Brazil | AA7: =INDEX(PolicyMapping!$B:$B,MATCH($D7,PolicyMapping!$A:$A,0)) -> land use | AB7: =INDEX(PolicyMapping!$C:$C,MATCH($D7,PolicyMapping!$A:$A,0)) -> land
A8: MUSE | B8: Argentina | D8: Forest conservation (Cumulative CO2 reduction) | E8: 1.3 | G8: Mt CO2 | H8: 2007 | I8: 2030 | J8: Alternate interpretation | K8: model limitation | M8: =INDEX(CombinedDatabase!K:K,MATCH(MUSE!D8,CombinedDatabase!D:D,0)) -> 5 | N8: 5 | X8: =INDEX(Regions!$B$4:$B$19,MATCH(MUSE!B8,Regions!$A$4:$A$19,0)) -> Latin America excl. Brazil | AA8: =INDEX(PolicyMapping!$B:$B,MATCH($D8,PolicyMapping!$A:$A,0)) -> cap on emissions | AB8: =INDEX(PolicyMapping!$C:$C,MATCH($D8,PolicyMapping!$A:$A,0)) -> land
A9: MUSE | B9: Argentina | D9: Share of renewables (electricity production) | E9: 20 | G9: % | I9: 2025 | J9: Target | K9: estimated assuming a share of Argentina equal to 144957/1218453 (TJ, 2015) of non OECD Americas (IEA estimates) | M9: =INDEX(CombinedDatabase!K:K,MATCH(MUSE!D9,CombinedDatabase!D:D,0)) -> 6 | N9: 6 | X9: =INDEX(Regions!$B$4:$B$19,MATCH(MUSE!B9,Regions!$A$4:$A$19,0)) -> Latin America excl. Brazil | Y9: yes | AA9: =INDEX(PolicyMapping!$B:$B,MATCH($D9,PolicyMapping!$A:$A,0)) -> clean energy | AB9: =INDEX(PolicyMapping!$C:$C,MATCH($D9,PolicyMapping!$A:$A,0)) -> power
A10: MUSE | B10: Argentina | D10: Share of renewables (electricity production) | E10: 18 | G10: % | I10: 2023 | J10: Target | K10: met with Argentina-2f with interpolation | M10: 7 | N10: 7 | X10: =INDEX(Regions!$B$4:$B$19,MATCH(MUSE!B10,Regions!$A$4:$A$19,0)) -> Latin America excl. Brazil | Y10: yes | AA10: =INDEX(PolicyMapping!$B:$B,MATCH($D10,PolicyMapping!$A:$A,0)) -> clean energy | AB10: =INDEX(PolicyMapping!$C:$C,MATCH($D10,PolicyMapping!$A:$A,0)) -> power
A11: MUSE | B11: Argentina | D11: Share of renewables (electricity production) | E11: 16 | G11: % | I11: 2021 | J11: Target | K11: met with Argentina-2f with interpolation | M11: 8 | N11: 8 | X11: =INDEX(Regions!$B$4:$B$19,MATCH(MUSE!B11,Regions!$A$4:$A$19,0)) -> Latin America excl. Brazil | Y11: yes | AA11: =INDEX(PolicyMapping!$B:$B,MATCH($D11,PolicyMapping!$A:$A,0)) -> clean energy | AB11: =INDEX(PolicyMapping!$C:$C,MATCH($D11,PolicyMapping!$A:$A,0)) -> power
A12: MUSE | B12: Argentina | D12: Share of renewables (electricity production) | E12: 12 | G12: % | I12: 2019 | J12: Target | K12: met with Argentina-2f with interpolation | M12: 9 | N12: 9 | X12: =INDEX(Regions!$B$4:$B$19,MATCH(MUSE!B12,Regions!$A$4:$A$19,0)) -> Latin America excl. Brazil | Y12: yes | AA12: =INDEX(PolicyMapping!$B:$B,MATCH($D12,PolicyMapping!$A:$A,0)) -> clean energy | AB12: =INDEX(PolicyMapping!$C:$C,MATCH($D12,PolicyMapping!$A:$A,0)) -> power
A13: MUSE | B13: Argentina | D13: Share of renewables (electricity production) | E13: 8 | G13: % | I13: 2017 | J13: Target | K13: baseline | M13: 10 | N13: 10 | X13: =INDEX(Regions!$B$4:$B$19,MATCH(MUSE!B13,Regions!$A$4:$A$19,0)) -> Latin America excl. Brazil | Y13: yes | Z13: yes | AA13: =INDEX(PolicyMapping!$B:$B,MATCH($D13,PolicyMapping!$A:$A,0)) -> clean energy | AB13: =INDEX(PolicyMapping!$C:$C,MATCH($D13,PolicyMapping!$A:$A,0)) -> power
A14: MUSE | B14: Argentina | D14: Carbon tax | E14: 10 | G14: $/t CO2 | J14: Implemented | K14: model limitation | M14: =INDEX(CombinedDatabase!K:K,MATCH(MUSE!D14,CombinedDatabase!D:D,0)) -> 11 | N14: 11 | X14: =INDEX(Regions!$B$4:$B$19,MATCH(MUSE!B14,Regions!$A$4:$A$19,0)) -> Latin America excl. Brazil | AA14: =INDEX(PolicyMapping!$B:$B,MATCH($D14,PolicyMapping!$A:$A,0)) -> economic | AB14: =INDEX(PolicyMapping!$C:$C,MATCH($D14,PolicyMapping!$A:$A,0)) -> system
A15: MUSE | B15: Australia | D15: Economy-wide|Energy productivity increase (GDP/PJ) | E15: 0.4 | G15: GDP ($M)/PJ | H15: 2015 | I15: 2030 | J15: Target | K15: model limitation | M15: =INDEX(CombinedDatabase!K:K,MATCH(MUSE!D15,CombinedDatabase!D:D,0)) -> 12 | N15: 12 | X15: =INDEX(Regions!$B$4:$B$19,MATCH(MUSE!B15,Regions!$A$4:$A$19,0)) -> Rest of the World | AA15: =INDEX(PolicyMapping!$B:$B,MATCH($D15,PolicyMapping!$A:$A,0)) -> efficiency standard | AB15: =INDEX(PolicyMapping!$C:$C,MATCH($D15,PolicyMapping!$A:$A,0)) -> system
A16: MUSE | B16: Australia | D16: Renewable electricity production | E16: 33000 | G16: GWh | I16: 2020 | J16: Target | K16: baseline | M16: =INDEX(CombinedDatabase!K:K,MATCH(MUSE!D16,CombinedDatabase!D:D,0)) -> 13 | N16: 13 | X16: =INDEX(Regions!$B$4:$B$19,MATCH(MUSE!B16,Regions!$A$4:$A$19,0)) -> Rest of the World | Y16: yes | Z16: yes | AA16: =INDEX(PolicyMapping!$B:$B,MATCH($D16,PolicyMapping!$A:$A,0)) -> clean energy | AB16: =INDEX(PolicyMapping!$C:$C,MATCH($D16,PolicyMapping!$A:$A,0)) -> power
A17: MUSE | B17: Australia | D17: Share of renewables (electricity production) | E17: 23.5 | G17: % | I17: 2020 | J17: Alternate interpretation | K17: superseded | M17: 14 | N17: 14 | X17: =INDEX(Regions!$B$4:$B$19,MATCH(MUSE!B17,Regions!$A$4:$A$19,0)) -> Rest of the World | Y17: yes | AA17: =INDEX(PolicyMapping!$B:$B,MATCH($D17,PolicyMapping!$A:$A,0)) -> clean energy | AB17: =INDEX(PolicyMapping!$C:$C,MATCH($D17,PolicyMapping!$A:$A,0)) -> power
A18: MUSE | B18: Australia | D18: Share of renewables (electricity production) | E18: 25 | G18: % | I18: 2020 | J18: Target | K18: 24 % in baseline | M18: 15 | N18: 15 | X18: =INDEX(Regions!$B$4:$B$19,MATCH(MUSE!B18,Regions!$A$4:$A$19,0)) -> Rest of the World | Y18: yes | Z18: yes | AA18: =INDEX(PolicyMapping!$B:$B,MATCH($D18,PolicyMapping!$A:$A,0)) -> clean energy | AB18: =INDEX(PolicyMapping!$C:$C,MATCH($D18,PolicyMapping!$A:$A,0)) -> power
A19: MUSE | B19: Australia | D19: Share of renewables (electricity production) | E19: 50 | G19: % | I19: 2030 | J19: Target | K19: yearly increments between 2016 and 2029 | M19: 16 | N19: 16 | X19: =INDEX(Regions!$B$4:$B$19,MATCH(MUSE!B19,Regions!$A$4:$A$19,0)) -> Rest of the World | Y19: yes | AA19: =INDEX(PolicyMapping!$B:$B,MATCH($D19,PolicyMapping!$A:$A,0)) -> clean energy | AB19: =INDEX(PolicyMapping!$C:$C,MATCH($D19,PolicyMapping!$A:$A,0)) -> power | AC19: yes
A20: MUSE | B20: Australia | D20: Fuel tax (diesel and gasoline) | E20: 0.4 | G20: $/liter | H20: 2016 | J20: Optional | K20: optional | M20: =INDEX(CombinedDatabase!K:K,MATCH(MUSE!D20,CombinedDatabase!D:D,0)) -> 17 | N20: 17 | X20: =INDEX(Regions!$B$4:$B$19,MATCH(MUSE!B20,Regions!$A$4:$A$19,0)) -> Rest of the World | AA20: =INDEX(PolicyMapping!$B:$B,MATCH($D20,PolicyMapping!$A:$A,0)) -> economic | AB20: =INDEX(PolicyMapping!$C:$C,MATCH($D20,PolicyMapping!$A:$A,0)) -> transport
A21: MUSE | B21: Australia | D21: Fuel tax (biodiesel) | E21: 0.013 | G21: $/liter | H21: 2016 | J21: Optional | M21: =INDEX(CombinedDatabase!K:K,MATCH(MUSE!D21,CombinedDatabase!D:D,0)) -> 18 | N21: 18 | X21: =INDEX(Regions!$B$4:$B$19,MATCH(MUSE!B21,Regions!$A$4:$A$19,0)) -> Rest of the World | AA21: =INDEX(PolicyMapping!$B:$B,MATCH($D21,PolicyMapping!$A:$A,0)) -> economic | AB21: =INDEX(PolicyMapping!$C:$C,MATCH($D21,PolicyMapping!$A:$A,0)) -> transport
A22: MUSE | B22: Australia | D22: Emissions | HFCs | E22: -55 | G22: % | H22: 2010 | I22: 2030 | J22: Target | K22: model limitation | M22: =INDEX(CombinedDatabase!K:K,MATCH(MUSE!D22,CombinedDatabase!D:D,0)) -> 19 | N22: 19 | X22: =INDEX(Regions!$B$4:$B$19,MATCH(MUSE!B22,Regions!$A$4:$A$19,0)) -> Rest of the World | AA22: =INDEX(PolicyMapping!$B:$B,MATCH($D22,PolicyMapping!$A:$A,0)) -> cap on emissions | AB22: =INDEX(PolicyMapping!$C:$C,MATCH($D22,PolicyMapping!$A:$A,0)) -> system
A23: MUSE | B23: Australia | D23: Afforestation (area) | E23: 20000 | G23: ha | I23: 2020 | J23: Target | K23: model limitation | M23: =INDEX(CombinedDatabase!K:K,MATCH(MUSE!D23,CombinedDatabase!D:D,0)) -> 20 | N23: 20 | X23: =INDEX(Regions!$B$4:$B$19,MATCH(MUSE!B23,Regions!$A$4:$A$19,0)) -> Rest of the World | AA23: =INDEX(PolicyMapping!$B:$B,MATCH($D23,PolicyMapping!$A:$A,0)) -> land use | AB23: =INDEX(PolicyMapping!$C:$C,MATCH($D23,PolicyMapping!$A:$A,0)) -> land
A24: MUSE | B24: Australia | D24: Emissions | LULUCF | E24: -4.2 | G24: Mt CO2e | H24: 2010 | I24: 2020 | J24: Target | K24: model limitation | M24: =INDEX(CombinedDatabase!K:K,MATCH(MUSE!D24,CombinedDatabase!D:D,0)) -> 21 | N24: 21 | X24: =INDEX(Regions!$B$4:$B$19,MATCH(MUSE!B24,Regions!$A$4:$A$19,0)) -> Rest of the World | AA24: =INDEX(PolicyMapping!$B:$B,MATCH($D24,PolicyMapping!$A:$A,0)) -> cap on emissions | AB24: =INDEX(PolicyMapping!$C:$C,MATCH($D24,PolicyMapping!$A:$A,0)) -> land
A25: MUSE | B25: Australia | D25: Emissions | Agriculture | E25: -1.9 | G25: Mt CO2e | H25: 2010 | I25: 2020 | J25: Target | K25: model limitation | M25: =INDEX(CombinedDatabase!K:K,MATCH(MUSE!D25,CombinedDatabase!D:D,0)) -> 22 | N25: 22 | X25: =INDEX(Regions!$B$4:$B$19,MATCH(MUSE!B25,Regions!$A$4:$A$19,0)) -> Rest of the World | AA25: =INDEX(PolicyMapping!$B:$B,MATCH($D25,PolicyMapping!$A:$A,0)) -> cap on emissions | AB25: =INDEX(PolicyMapping!$C:$C,MATCH($D25,PolicyMapping!$A:$A,0)) -> land
A26: MUSE | B26: Australia | D26: Share of renewables (electricity production) | E26: 35 | G26: % | I26: 2025 | J26: Target | K26: yearly increments between 2019 and 2029 | M26: 23 | N26: 23 | X26: =INDEX(Regions!$B$4:$B$19,MATCH(MUSE!B26,Regions!$A$4:$A$19,0)) -> Rest of the World | Y26: yes | AA26: =INDEX(PolicyMapping!$B:$B,MATCH($D26,PolicyMapping!$A:$A,0)) -> clean energy | AB26: =INDEX(PolicyMapping!$C:$C,MATCH($D26,PolicyMapping!$A:$A,0)) -> power
A27: MUSE | B27: Brazil | D27: Share of renewables (TPES) | E27: 45 | G27: % | I27: 2030 | J27: Planned | K27: model limitation | M27: =INDEX(CombinedDatabase!K:K,MATCH(MUSE!D27,CombinedDatabase!D:D,0)) -> 24 | N27: 24 | X27: =INDEX(Regions!$B$4:$B$19,MATCH(MUSE!B27,Regions!$A$4:$A$19,0)) -> Brazil | AA27: =INDEX(PolicyMapping!$B:$B,MATCH($D27,PolicyMapping!$A:$A,0)) -> clean energy | AB27: =INDEX(PolicyMapping!$C:$C,MATCH($D27,PolicyMapping!$A:$A,0)) -> system
A28: MUSE | B28: Brazil | D28: Biofuel share in gasoline | Bioethanol | E28: 27 | G28: % | H28: 2015 | J28: Target | K28: added linear increase in fuel blend from 2010 to 2030 | M28: =INDEX(CombinedDatabase!K:K,MATCH(MUSE!D28,CombinedDatabase!D:D,0)) -> 25 | N28: 25 | X28: =INDEX(Regions!$B$4:$B$19,MATCH(MUSE!B28,Regions!$A$4:$A$19,0)) -> Brazil | Y28: yes | AA28: =INDEX(PolicyMapping!$B:$B,MATCH($D28,PolicyMapping!$A:$A,0)) -> clean energy | AB28: =INDEX(PolicyMapping!$C:$C,MATCH($D28,PolicyMapping!$A:$A,0)) -> transport
A29: MUSE | B29: Brazil | D29: Biofuel share in diesel | Biodiesel | E29: 7 | G29: % | H29: 2015 | J29: Target | K29: added linear increase in fuel blend from 2010 to 2030 | M29: =INDEX(CombinedDatabase!K:K,MATCH(MUSE!D29,CombinedDatabase!D:D,0)) -> 26 | N29: 26 | X29: =INDEX(Regions!$B$4:$B$19,MATCH(MUSE!B29,Regions!$A$4:$A$19,0)) -> Brazil | Y29: yes | AA29: =INDEX(PolicyMapping!$B:$B,MATCH($D29,PolicyMapping!$A:$A,0)) -> clean energy | AB29: =INDEX(PolicyMapping!$C:$C,MATCH($D29,PolicyMapping!$A:$A,0)) -> transport
A30: MUSE | B30: Brazil | D30: Share of renewables (TPES) | Including hydro | E30: 45 | G30: % | I30: 2024 | J30: Target | K30: model limitation | M30: =INDEX(CombinedDatabase!K:K,MATCH(MUSE!D30,CombinedDatabase!D:D,0)) -> 27 | N30: 27 | X30: =INDEX(Regions!$B$4:$B$19,MATCH(MUSE!B30,Regions!$A$4:$A$19,0)) -> Brazil | AA30: =INDEX(PolicyMapping!$B:$B,MATCH($D30,PolicyMapping!$A:$A,0)) -> clean energy | AB30: =INDEX(PolicyMapping!$C:$C,MATCH($D30,PolicyMapping!$A:$A,0)) -> system
A31: MUSE | B31: Brazil | D31: Share of renewables (electricity production) | Excluding hydro | E31: 16 | G31: % | I31: 2024 | J31: Target | K31: applied to target technologies 2a | M31: =INDEX(CombinedDatabase!K:K,MATCH(MUSE!D31,CombinedDatabase!D:D,0)) -> 28 | N31: 28 | X31: =INDEX(Regions!$B$4:$B$19,MATCH(MUSE!B31,Regions!$A$4:$A$19,0)) -> Brazil | Y31: yes | AA31: =INDEX(PolicyMapping!$B:$B,MATCH($D31,PolicyMapping!$A:$A,0)) -> clean energy | AB31: =INDEX(PolicyMapping!$C:$C,MATCH($D31,PolicyMapping!$A:$A,0)) -> power
A32: MUSE | B32: Brazil | D32: Electricity capacity | Bioenergy | E32: 13 | G32: GW | I32: 2025 | J32: Target | K32: yearly increments between 2016 and 2024 | M32: =INDEX(CombinedDatabase!K:K,MATCH(MUSE!D32,CombinedDatabase!D:D,0)) -> 29 | N32: 29 | X32: =INDEX(Regions!$B$4:$B$19,MATCH(MUSE!B32,Regions!$A$4:$A$19,0)) -> Brazil | Y32: yes | AA32: =INDEX(PolicyMapping!$B:$B,MATCH($D32,PolicyMapping!$A:$A,0)) -> clean energy | AB32: =INDEX(PolicyMapping!$C:$C,MATCH($D32,PolicyMapping!$A:$A,0)) -> power
A33: MUSE | B33: Brazil | D33: Electricity capacity | Solar | E33: 0 | G33: GW | I33: 2025 | J33: Target | K33: superseded | M33: =INDEX(CombinedDatabase!K:K,MATCH(MUSE!D33,CombinedDatabase!D:D,0)) -> 30 | N33: 30 | X33: =INDEX(Regions!$B$4:$B$19,MATCH(MUSE!B33,Regions!$A$4:$A$19,0)) -> Brazil | Y33: yes | AA33: =INDEX(PolicyMapping!$B:$B,MATCH($D33,PolicyMapping!$A:$A,0)) -> clean energy | AB33: =INDEX(PolicyMapping!$C:$C,MATCH($D33,PolicyMapping!$A:$A,0)) -> power
A34: MUSE | B34: Brazil | D34: Electricity capacity | Solar | E34: 3.5 | G34: GW | I34: 2025 | J34: Target | K34: yearly increments between 2016 and 2024 | M34: 31 | N34: 31 | W34: updated | X34: =INDEX(Regions!$B$4:$B$19,MATCH(MUSE!B34,Regions!$A$4:$A$19,0)) -> Brazil | Y34: yes | AA34: =INDEX(PolicyMapping!$B:$B,MATCH($D34,PolicyMapping!$A:$A,0)) -> clean energy | AB34: =INDEX(PolicyMapping!$C:$C,MATCH($D34,PolicyMapping!$A:$A,0)) -> power | AC34: yes
A35: MUSE | B35: Brazil | D35: Electricity capacity | Wind | E35: 16.5 | G35: GW | I35: 2025 | J35: Target | K35: superseded | M35: =INDEX(CombinedDatabase!K:K,MATCH(MUSE!D35,CombinedDatabase!D:D,0)) -> 32 | N35: 32 | X35: =INDEX(Regions!$B$4:$B$19,MATCH(MUSE!B35,Regions!$A$4:$A$19,0)) -> Brazil | Y35: yes | AA35: =INDEX(PolicyMapping!$B:$B,MATCH($D35,PolicyMapping!$A:$A,0)) -> clean energy | AB35: =INDEX(PolicyMapping!$C:$C,MATCH($D35,PolicyMapping!$A:$A,0)) -> power
A36: MUSE | B36: Brazil | D36: Electricity capacity | Wind | E36: 27.1 | G36: GW | I36: 2025 | J36: Target | K36: yearly increments between 2016 and 2024 | M36: 33 | N36: 33 | W36: updated | X36: =INDEX(Regions!$B$4:$B$19,MATCH(MUSE!B36,Regions!$A$4:$A$19,0)) -> Brazil | Y36: yes | AA36: =INDEX(PolicyMapping!$B:$B,MATCH($D36,PolicyMapping!$A:$A,0)) -> clean energy | AB36: =INDEX(PolicyMapping!$C:$C,MATCH($D36,PolicyMapping!$A:$A,0)) -> power | AC36: yes
A37: MUSE | B37: Brazil | D37: Reforestation (area) | E37: 12000000 | G37: ha | I37: 2030 | J37: Target | K37: model limitation | M37: =INDEX(CombinedDatabase!K:K,MATCH(MUSE!D37,CombinedDatabase!D:D,0)) -> 34 | N37: 34 | X37: =INDEX(Regions!$B$4:$B$19,MATCH(MUSE!B37,Regions!$A$4:$A$19,0)) -> Brazil | AA37: =INDEX(PolicyMapping!$B:$B,MATCH($D37,PolicyMapping!$A:$A,0)) -> land use | AB37: =INDEX(PolicyMapping!$C:$C,MATCH($D37,PolicyMapping!$A:$A,0)) -> land
A38: MUSE | B38: Brazil | D38: Emissions | LULUCF | CO2 | E38: -0.5 | G38: % | H38: 2010 | I38: 2020 | J38: Target | K38: model limitation | M38: =INDEX(CombinedDatabase!K:K,MATCH(MUSE!D38,CombinedDatabase!D:D,0)) -> 35 | N38: 35 | X38: =INDEX(Regions!$B$4:$B$19,MATCH(MUSE!B38,Regions!$A$4:$A$19,0)) -> Brazil | AA38: =INDEX(PolicyMapping!$B:$B,MATCH($D38,PolicyMapping!$A:$A,0)) -> cap on emissions | AB38: =INDEX(PolicyMapping!$C:$C,MATCH($D38,PolicyMapping!$A:$A,0)) -> land
A39: MUSE | B39: Brazil | D39: Ban of incandescent light bulbs | H39: 2014 | J39: Optional | K39: implemented as no further investments possible after decommissioning in residential sector | M39: =INDEX(CombinedDatabase!K:K,MATCH(MUSE!D39,CombinedDatabase!D:D,0)) -> 36 | N39: 36 | X39: =INDEX(Regions!$B$4:$B$19,MATCH(MUSE!B39,Regions!$A$4:$A$19,0)) -> Brazil | Y39: yes | AA39: =INDEX(PolicyMapping!$B:$B,MATCH($D39,PolicyMapping!$A:$A,0)) -> efficiency standard | AB39: =INDEX(PolicyMapping!$C:$C,MATCH($D39,PolicyMapping!$A:$A,0)) -> buildings
A40: MUSE | B40: Brazil | D40: Fuel efficiency | Gasoline + diesel cars|New | E40: 1.82 | G40: MJ/pkm | I40: 2017 | J40: Target | K40: applied linear reduction until limit reached to petrol and diesel cars | M40: =INDEX(CombinedDatabase!K:K,MATCH(MUSE!D40,CombinedDatabase!D:D,0)) -> 37 | N40: 37 | X40: =INDEX(Regions!$B$4:$B$19,MATCH(MUSE!B40,Regions!$A$4:$A$19,0)) -> Brazil | Y40: yes | AA40: =INDEX(PolicyMapping!$B:$B,MATCH($D40,PolicyMapping!$A:$A,0)) -> efficiency standard | AB40: =INDEX(PolicyMapping!$C:$C,MATCH($D40,PolicyMapping!$A:$A,0)) -> transport
A41: MUSE | B41: Brazil | D41: Emissions | LULUCF | CO2 | E41: 250 | G41: Mt CO2 | I41: 2020 | J41: Alternate interpretation | K41: model limitation | M41: 38 | N41: 38 | X41: =INDEX(Regions!$B$4:$B$19,MATCH(MUSE!B41,Regions!$A$4:$A$19,0)) -> Brazil | AA41: =INDEX(PolicyMapping!$B:$B,MATCH($D41,PolicyMapping!$A:$A,0)) -> cap on emissions | AB41: =INDEX(PolicyMapping!$C:$C,MATCH($D41,PolicyMapping!$A:$A,0)) -> land
A42: MUSE | B42: Brazil | D42: Electricity capacity | Small hydro | E42: 5.6 | G42: GW | I42: 2025 | J42: Target | K42: superseded | M42: =INDEX(CombinedDatabase!K:K,MATCH(MUSE!D42,CombinedDatabase!D:D,0)) -> 39 | N42: 39 | X42: =INDEX(Regions!$B$4:$B$19,MATCH(MUSE!B42,Regions!$A$4:$A$19,0)) -> Brazil | Y42: yes | AA42: =INDEX(PolicyMapping!$B:$B,MATCH($D42,PolicyMapping!$A:$A,0)) -> clean energy | AB42: =INDEX(PolicyMapping!$C:$C,MATCH($D42,PolicyMapping!$A:$A,0)) -> power
A43: MUSE | B43: Brazil | D43: Electricity capacity | Small hydro | E43: 7 | G43: GW | I43: 2025 | J43: Target | K43: yearly increments between 2016 and 2024 | M43: 40 | N43: 40 | W43: updated | X43: =INDEX(Regions!$B$4:$B$19,MATCH(MUSE!B43,Regions!$A$4:$A$19,0)) -> Brazil | Y43: yes | AA43: =INDEX(PolicyMapping!$B:$B,MATCH($D43,PolicyMapping!$A:$A,0)) -> clean energy | AB43: =INDEX(PolicyMapping!$C:$C,MATCH($D43,PolicyMapping!$A:$A,0)) -> power
A44: MUSE | B44: Brazil | D44: Biofuel carbon intensity (gCO2e/MJ) | Transport | E44: -7 | G44: % | H44: 2017 | I44: 2028 | J44: Target | K44: model limitation | M44: =INDEX(CombinedDatabase!K:K,MATCH(MUSE!D44,CombinedDatabase!D:D,0)) -> 41 | N44: 41 | X44: =INDEX(Regions!$B$4:$B$19,MATCH(MUSE!B44,Regions!$A$4:$A$19,0)) -> Brazil | AA44: =INDEX(PolicyMapping!$B:$B,MATCH($D44,PolicyMapping!$A:$A,0)) -> cap on emissions | AB44: =INDEX(PolicyMapping!$C:$C,MATCH($D44,PolicyMapping!$A:$A,0)) -> transport
A45: MUSE | B45: Brazil | D45: Access to electricity | Population | E45: 98 | G45: % | I45: 2018 | J45: Target | K45: model limitation | M45: =INDEX(CombinedDatabase!K:K,MATCH(MUSE!D45,CombinedDatabase!D:D,0)) -> 42 | N45: 42 | X45: =INDEX(Regions!$B$4:$B$19,MATCH(MUSE!B45,Regions!$A$4:$A$19,0)) -> Brazil | AA45: =INDEX(PolicyMapping!$B:$B,MATCH($D45,PolicyMapping!$A:$A,0)) -> energy access | AB45: =INDEX(PolicyMapping!$C:$C,MATCH($D45,PolicyMapping!$A:$A,0)) -> system
A46: MUSE | B46: Brazil | D46: Emissions|Kyoto Gases|AFOLU | E46: -149.5 | G46: Mt CO2e | H46: Baseline | I46: 2020 | J46: Target | K46: model limitation | M46: =INDEX(CombinedDatabase!K:K,MATCH(MUSE!D46,CombinedDatabase!D:D,0)) -> 43 | N46: 43 | X46: =INDEX(Regions!$B$4:$B$19,MATCH(MUSE!B46,Regions!$A$4:$A$19,0)) -> Brazil | AA46: =INDEX(PolicyMapping!$B:$B,MATCH($D46,PolicyMapping!$A:$A,0)) -> cap on emissions | AB46: =INDEX(PolicyMapping!$C:$C,MATCH($D46,PolicyMapping!$A:$A,0)) -> land
A47: MUSE | B47: Brazil | D47: Biofuel share in diesel | Biodiesel | E47: 10 | G47: % | H47: 2019 | J47: Target | K47: added linear increase in fuel blend from 2020 to 2030 | M47: 44 | N47: 44 | X47: =INDEX(Regions!$B$4:$B$19,MATCH(MUSE!B47,Regions!$A$4:$A$19,0)) -> Brazil | Y47: yes | AA47: =INDEX(PolicyMapping!$B:$B,MATCH($D47,PolicyMapping!$A:$A,0)) -> clean energy | AB47: =INDEX(PolicyMapping!$C:$C,MATCH($D47,PolicyMapping!$A:$A,0)) -> transport
A48: MUSE | B48: Brazil | D48: Electricity capacity | Hydro | E48: 88.5 | G48: GW | I48: 2025 | J48: Target | K48: superseded | M48: =INDEX(CombinedDatabase!K:K,MATCH(MUSE!D48,CombinedDatabase!D:D,0)) -> 45 | N48: 45 | X48: =INDEX(Regions!$B$4:$B$19,MATCH(MUSE!B48,Regions!$A$4:$A$19,0)) -> Brazil | Y48: yes | AA48: =INDEX(PolicyMapping!$B:$B,MATCH($D48,PolicyMapping!$A:$A,0)) -> clean energy | AB48: =INDEX(PolicyMapping!$C:$C,MATCH($D48,PolicyMapping!$A:$A,0)) -> power
A49: MUSE | B49: Brazil | D49: Electricity capacity | Hydro | E49: 116.7 | G49: GW | I49: 2025 | J49: Target | K49: yearly increments between 2016 and 2024 | M49: =INDEX(CombinedDatabase!K:K,MATCH(MUSE!D49,CombinedDatabase!D:D,0)) -> 45 | N49: 46 | W49: updated | X49: =INDEX(Regions!$B$4:$B$19,MATCH(MUSE!B49,Regions!$A$4:$A$19,0)) -> Brazil | Y49: yes | AA49: =INDEX(PolicyMapping!$B:$B,MATCH($D49,PolicyMapping!$A:$A,0)) -> clean energy | AB49: =INDEX(PolicyMapping!$C:$C,MATCH($D49,PolicyMapping!$A:$A,0)) -> power
A50: MUSE | B50: Canada | D50: Electricity capacity|Coal|Without CCS | E50: 0 | G50: GW | I50: 2029 | J50: Planned | K50: No added capacity for unabated coal plus early retrirement of coal | M50: =INDEX(CombinedDatabase!K:K,MATCH(MUSE!D50,CombinedDatabase!D:D,0)) -> 47 | N50: 47 | X50: =INDEX(Regions!$B$4:$B$19,MATCH(MUSE!B50,Regions!$A$4:$A$19,0)) -> Canada | Y50: yes | AA50: =INDEX(PolicyMapping!$B:$B,MATCH($D50,PolicyMapping!$A:$A,0)) -> cap on fossils | AB50: =INDEX(PolicyMapping!$C:$C,MATCH($D50,PolicyMapping!$A:$A,0)) -> power
A51: MUSE | B51: Canada | D51: Emissions|GHG | E51: -30 | G51: MtCO2eq | H51: Baseline? | I51: 2030 | J51: Planned | K51: planned | M51: =INDEX(CombinedDatabase!K:K,MATCH(MUSE!D51,CombinedDatabase!D:D,0)) -> 48 | N51: 48 | X51: =INDEX(Regions!$B$4:$B$19,MATCH(MUSE!B51,Regions!$A$4:$A$19,0)) -> Canada | AA51: =INDEX(PolicyMapping!$B:$B,MATCH($D51,PolicyMapping!$A:$A,0)) -> cap on emissions | AB51: =INDEX(PolicyMapping!$C:$C,MATCH($D51,PolicyMapping!$A:$A,0)) -> system
A52: MUSE | B52: Canada | D52: Carbon tax | E52: 50 | G52: $/tCO2e | I52: 2022 | J52: Planned | K52: planned | M52: 49 | N52: 49 | X52: =INDEX(Regions!$B$4:$B$19,MATCH(MUSE!B52,Regions!$A$4:$A$19,0)) -> Canada | AA52: =INDEX(PolicyMapping!$B:$B,MATCH($D52,PolicyMapping!$A:$A,0)) -> economic | AB52: =INDEX(PolicyMapping!$C:$C,MATCH($D52,PolicyMapping!$A:$A,0)) -> system
A53: MUSE | B53: Canada | D53: Emissions|GHG | E53: -12.7 | G53: MtCO2eq | H53: Baseline? | I53: 2030 | J53: Planned | K53: planned | M53: 50 | N53: 50 | X53: =INDEX(Regions!$B$4:$B$19,MATCH(MUSE!B53,Regions!$A$4:$A$19,0)) -> Canada | AA53: =INDEX(PolicyMapping!$B:$B,MATCH($D53,PolicyMapping!$A:$A,0)) -> cap on emissions | AB53: =INDEX(PolicyMapping!$C:$C,MATCH($D53,PolicyMapping!$A:$A,0)) -> system
A54: MUSE | B54: Canada | D54: Biofuel share in transport | Bioethanol + biodiesel | E54: 3.7 | G54: % | H54: 2011 | I54: 2020 | J54: Target | K54: added linear addition to capacity as share of total demand | M54: 51 | N54: 51 | X54: =INDEX(Regions!$B$4:$B$19,MATCH(MUSE!B54,Regions!$A$4:$A$19,0)) -> Canada | Y54: yes | AA54: =INDEX(PolicyMapping!$B:$B,MATCH($D54,PolicyMapping!$A:$A,0)) -> clean energy | AB54: =INDEX(PolicyMapping!$C:$C,MATCH($D54,PolicyMapping!$A:$A,0)) -> transport
A55: MUSE | B55: Canada | D55: Fuel efficiency | Medium trucks|New | E55: 1.38 | G55: MJ/tkm | I55: 2027 | J55: Target | K55: model limitation | M55: =INDEX(CombinedDatabase!K:K,MATCH(MUSE!D55,CombinedDatabase!D:D,0)) -> 52 | N55: 52 | X55: =INDEX(Regions!$B$4:$B$19,MATCH(MUSE!B55,Regions!$A$4:$A$19,0)) -> Canada | AA55: =INDEX(PolicyMapping!$B:$B,MATCH($D55,PolicyMapping!$A:$A,0)) -> efficiency standard | AB55: =INDEX(PolicyMapping!$C:$C,MATCH($D55,PolicyMapping!$A:$A,0)) -> transport
A56: MUSE | B56: Canada | D56: Emissions | Buildings | E56: -6.5 | G56: Mt CO2e | H56: Baseline | I56: 2020 | J56: Target | K56: excluded coal, early retirement of kero, LPG heating systems from 2016, added ~ 120 heat pump capacity | M56: =INDEX(CombinedDatabase!K:K,MATCH(MUSE!D56,CombinedDatabase!D:D,0)) -> 53 | N56: 53 | X56: =INDEX(Regions!$B$4:$B$19,MATCH(MUSE!B56,Regions!$A$4:$A$19,0)) -> Canada | Y56: yes | AA56: =INDEX(PolicyMapping!$B:$B,MATCH($D56,PolicyMapping!$A:$A,0)) -> cap on emissions | AB56: =INDEX(PolicyMapping!$C:$C,MATCH($D56,PolicyMapping!$A:$A,0)) -> buildings
A57: MUSE | B57: Canada | D57: Power plant standard | New power plants | Change in CO2 intensity (kg CO2/kWh) | E57: -64 | G57: % | H57: 2010 | I57: 2030 | J57: Alternate interpretation | K57: model limitation | M57: =INDEX(CombinedDatabase!K:K,MATCH(MUSE!D57,CombinedDatabase!D:D,0)) -> 54 | N57: 54 | X57: =INDEX(Regions!$B$4:$B$19,MATCH(MUSE!B57,Regions!$A$4:$A$19,0)) -> Canada | AA57: =INDEX(PolicyMapping!$B:$B,MATCH($D57,PolicyMapping!$A:$A,0)) -> efficiency standard | AB57: =INDEX(PolicyMapping!$C:$C,MATCH($D57,PolicyMapping!$A:$A,0)) -> power
A58: MUSE | B58: Canada | D58: Emissions | Buildings | E58: -4.5 | G58: % | H58: Baseline | I58: 2020 | J58: Alternate interpretation | K58: applied as 3a as more stringent value | M58: 55 | N58: 55 | X58: =INDEX(Regions!$B$4:$B$19,MATCH(MUSE!B58,Regions!$A$4:$A$19,0)) -> Canada | Y58: yes | AA58: =INDEX(PolicyMapping!$B:$B,MATCH($D58,PolicyMapping!$A:$A,0)) -> cap on emissions | AB58: =INDEX(PolicyMapping!$C:$C,MATCH($D58,PolicyMapping!$A:$A,0)) -> buildings
A59: MUSE | B59: Canada | D59: Biofuel share in gasoline | Bioethanol | E59: 5 | G59: % | H59: 2011 | I59: 2020 | J59: Target | K59: modelled in baseline (min. 10% share of ethanol) | M59: 56 | N59: 56 | X59: =INDEX(Regions!$B$4:$B$19,MATCH(MUSE!B59,Regions!$A$4:$A$19,0)) -> Canada | Y59: yes | Z59: yes | AA59: =INDEX(PolicyMapping!$B:$B,MATCH($D59,PolicyMapping!$A:$A,0)) -> clean energy | AB59: =INDEX(PolicyMapping!$C:$C,MATCH($D59,PolicyMapping!$A:$A,0)) -> transport
A60: MUSE | B60: Canada | D60: Biofuel share in diesel | Biodiesel | E60: 2 | G60: % | H60: 2011 | I60: 2020 | J60: Target | K60: modelled in baseline (min. 5 % share of biodiesel) | M60: 57 | N60: 57 | X60: =INDEX(Regions!$B$4:$B$19,MATCH(MUSE!B60,Regions!$A$4:$A$19,0)) -> Canada | Y60: yes | Z60: yes | AA60: =INDEX(PolicyMapping!$B:$B,MATCH($D60,PolicyMapping!$A:$A,0)) -> clean energy | AB60: =INDEX(PolicyMapping!$C:$C,MATCH($D60,PolicyMapping!$A:$A,0)) -> transport
A61: MUSE | B61: Canada | D61: Fuel efficiency | Light-duty vehicles (passenger vehicles)|New | E61: 0.91 | G61: MJ/pkm | I61: 2025 | J61: Target | K61: applied linear reduction until limit reached to petrol cars | M61: =INDEX(CombinedDatabase!K:K,MATCH(MUSE!D61,CombinedDatabase!D:D,0)) -> 58 | N61: 58 | X61: =INDEX(Regions!$B$4:$B$19,MATCH(MUSE!B61,Regions!$A$4:$A$19,0)) -> Canada | Y61: yes | AA61: =INDEX(PolicyMapping!$B:$B,MATCH($D61,PolicyMapping!$A:$A,0)) -> efficiency standard | AB61: =INDEX(PolicyMapping!$C:$C,MATCH($D61,PolicyMapping!$A:$A,0)) -> transport
A62: MUSE | B62: Canada | D62: Emissions|Oil and gas production|CH4 | E62: -40 | G62: % | H62: 2012 | I62: 2025 | J62: Target | K62: model limitation | M62: =INDEX(CombinedDatabase!K:K,MATCH(MUSE!D62,CombinedDatabase!D:D,0)) -> 59 | N62: 59 | X62: =INDEX(Regions!$B$4:$B$19,MATCH(MUSE!B62,Regions!$A$4:$A$19,0)) -> Canada | AA62: =INDEX(PolicyMapping!$B:$B,MATCH($D62,PolicyMapping!$A:$A,0)) -> cap on emissions | AB62: =INDEX(PolicyMapping!$C:$C,MATCH($D62,PolicyMapping!$A:$A,0)) -> supply
A63: MUSE | B63: Canada | D63: Fuel efficiency | Heavy-duty trucks|New | E63: 0.92 | G63: MJ/tkm | I63: 2027 | J63: Target | K63: applied linear reduction until limit reached to diesel heavy duty trucks | M63: =INDEX(CombinedDatabase!K:K,MATCH(MUSE!D63,CombinedDatabase!D:D,0)) -> 60 | N63: 60 | X63: =INDEX(Regions!$B$4:$B$19,MATCH(MUSE!B63,Regions!$A$4:$A$19,0)) -> Canada | Y63: yes | AA63: =INDEX(PolicyMapping!$B:$B,MATCH($D63,PolicyMapping!$A:$A,0)) -> efficiency standard | AB63: =INDEX(PolicyMapping!$C:$C,MATCH($D63,PolicyMapping!$A:$A,0)) -> transport
A64: MUSE | B64: Canada | D64: Power plant standard | New power plants | E64: 420 | G64: g CO2/kWh | H64: 2015 | I64: 2030 | J64: Target | K64: Obtained with coal phase out | M64: =INDEX(CombinedDatabase!K:K,MATCH(MUSE!D64,CombinedDatabase!D:D,0)) -> 61 | N64: 61 | X64: =INDEX(Regions!$B$4:$B$19,MATCH(MUSE!B64,Regions!$A$4:$A$19,0)) -> Canada | Y64: yes | AA64: =INDEX(PolicyMapping!$B:$B,MATCH($D64,PolicyMapping!$A:$A,0)) -> efficiency standard | AB64: =INDEX(PolicyMapping!$C:$C,MATCH($D64,PolicyMapping!$A:$A,0)) -> power | AC64: yes
A65: MUSE | B65: Canada | D65: Emissions|GHG | E65: -10.4 | G65: MtCO2eq | H65: 2015? | I65: 2030 | J65: Target | K65: baseline | M65: 62 | N65: 62 | X65: =INDEX(Regions!$B$4:$B$19,MATCH(MUSE!B65,Regions!$A$4:$A$19,0)) -> Canada | Y65: yes | AA65: =INDEX(PolicyMapping!$B:$B,MATCH($D65,PolicyMapping!$A:$A,0)) -> cap on emissions | AB65: =INDEX(PolicyMapping!$C:$C,MATCH($D65,PolicyMapping!$A:$A,0)) -> system
A66: MUSE | B66: Canada | D66: Emissions|HFCs | E66: 2.9 | G66: MtCO2eq | I66: 2036 | J66: Target | K66: model limitation | M66: =INDEX(CombinedDatabase!K:K,MATCH(MUSE!D66,CombinedDatabase!D:D,0)) -> 63 | N66: 63 | X66: =INDEX(Regions!$B$4:$B$19,MATCH(MUSE!B66,Regions!$A$4:$A$19,0)) -> Canada | AA66: =INDEX(PolicyMapping!$B:$B,MATCH($D66,PolicyMapping!$A:$A,0)) -> cap on emissions | AB66: =INDEX(PolicyMapping!$C:$C,MATCH($D66,PolicyMapping!$A:$A,0)) -> system
A67: MUSE | B67: Canada | D67: Emissions|HFCs | E67: -85 | G67: % | H67: 2036 | I67: 2036 | J67: Alternate interpretation | K67: model limitation | M67: 64 | N67: 64 | X67: =INDEX(Regions!$B$4:$B$19,MATCH(MUSE!B67,Regions!$A$4:$A$19,0)) -> Canada | AA67: =INDEX(PolicyMapping!$B:$B,MATCH($D67,PolicyMapping!$A:$A,0)) -> cap on emissions | AB67: =INDEX(PolicyMapping!$C:$C,MATCH($D67,PolicyMapping!$A:$A,0)) -> system
A68: MUSE | B68: China | D68: Share of non-fossil energy in TPES | E68: 20 | G68: % | I68: 2030 | J68: Planned | K68: model limitation | M68: =INDEX(CombinedDatabase!K:K,MATCH(MUSE!D68,CombinedDatabase!D:D,0)) -> 65 | N68: 65 | X68: =INDEX(Regions!$B$4:$B$19,MATCH(MUSE!B68,Regions!$A$4:$A$19,0)) -> China | AA68: =INDEX(PolicyMapping!$B:$B,MATCH($D68,PolicyMapping!$A:$A,0)) -> clean energy | AB68: =INDEX(PolicyMapping!$C:$C,MATCH($D68,PolicyMapping!$A:$A,0)) -> system
A69: MUSE | B69: China | D69: Share of gas in energy mix | E69: 0.15 | I69: 2030 | J69: Planned | K69: model limitation | M69: =INDEX(CombinedDatabase!K:K,MATCH(MUSE!D69,CombinedDatabase!D:D,0)) -> 66 | N69: 66 | X69: =INDEX(Regions!$B$4:$B$19,MATCH(MUSE!B69,Regions!$A$4:$A$19,0)) -> China | AA69: =INDEX(PolicyMapping!$B:$B,MATCH($D69,PolicyMapping!$A:$A,0)) -> cap on fossils | AB69: =INDEX(PolicyMapping!$C:$C,MATCH($D69,PolicyMapping!$A:$A,0)) -> system
A70: MUSE | B70: China | D70: Economy-wide | Energy-intensity (TPES/GDP) | E70: -15 | G70: % | H70: 2015 | I70: 2020 | J70: Target | K70: model limitation | M70: =INDEX(CombinedDatabase!K:K,MATCH(MUSE!D70,CombinedDatabase!D:D,0)) -> 67 | N70: 67 | X70: =INDEX(Regions!$B$4:$B$19,MATCH(MUSE!B70,Regions!$A$4:$A$19,0)) -> China | AA70: =INDEX(PolicyMapping!$B:$B,MATCH($D70,PolicyMapping!$A:$A,0)) -> efficiency standard | AB70: =INDEX(PolicyMapping!$C:$C,MATCH($D70,PolicyMapping!$A:$A,0)) -> system
A71: MUSE | B71: China | D71: Cap on primary energy consumption | E71: 165 | G71: EJ | I71: 2020 | J71: Target | K71: model limitation | M71: =INDEX(CombinedDatabase!K:K,MATCH(MUSE!D71,CombinedDatabase!D:D,0)) -> 68 | N71: 68 | X71: =INDEX(Regions!$B$4:$B$19,MATCH(MUSE!B71,Regions!$A$4:$A$19,0)) -> China | AA71: =INDEX(PolicyMapping!$B:$B,MATCH($D71,PolicyMapping!$A:$A,0)) -> cap on fossils | AB71: =INDEX(PolicyMapping!$C:$C,MATCH($D71,PolicyMapping!$A:$A,0)) -> system
A72: MUSE | B72: China | D72: Economy-wide | CO2-intensity (CO2/GDP) | E72: -18 | G72: % | H72: 2015 | I72: 2020 | J72: Target | K72: model limitation | M72: =INDEX(CombinedDatabase!K:K,MATCH(MUSE!D72,CombinedDatabase!D:D,0)) -> 69 | N72: 69 | X72: =INDEX(Regions!$B$4:$B$19,MATCH(MUSE!B72,Regions!$A$4:$A$19,0)) -> China | AA72: =INDEX(PolicyMapping!$B:$B,MATCH($D72,PolicyMapping!$A:$A,0)) -> cap on emissions | AB72: =INDEX(PolicyMapping!$C:$C,MATCH($D72,PolicyMapping!$A:$A,0)) -> system
A73: MUSE | B73: China | D73: Fuel efficiency | Medium-duty trucks|New | G73: MJ/tkm | H73: 2015 | J73: Target | K73: model limitation | M73: =INDEX(CombinedDatabase!K:K,MATCH(MUSE!D73,CombinedDatabase!D:D,0)) -> 70 | N73: 70 | X73: =INDEX(Regions!$B$4:$B$19,MATCH(MUSE!B73,Regions!$A$4:$A$19,0)) -> China | AA73: =INDEX(PolicyMapping!$B:$B,MATCH($D73,PolicyMapping!$A:$A,0)) -> efficiency standard | AB73: =INDEX(PolicyMapping!$C:$C,MATCH($D73,PolicyMapping!$A:$A,0)) -> transport
A74: MUSE | B74: China | D74: Fuel efficiency | Heavy-duty trucks|New | E74: 1.2 | G74: MJ/tkm | I74: 2021 | J74: Target | K74: applied linear reduction until limit reached to diesel heavy duty trucks | M74: 71 | N74: 71 | X74: =INDEX(Regions!$B$4:$B$19,MATCH(MUSE!B74,Regions!$A$4:$A$19,0)) -> China | Y74: yes | AA74: =INDEX(PolicyMapping!$B:$B,MATCH($D74,PolicyMapping!$A:$A,0)) -> efficiency standard | AB74: =INDEX(PolicyMapping!$C:$C,MATCH($D74,PolicyMapping!$A:$A,0)) -> transport
A75: MUSE | B75: China | D75: Fuel efficiency | Heavy-duty trucks|New (percentage increase over period) | E75: -15 | G75: % | H75: 2015 | I75: 2021 | J75: Target | K75: imposed as absolute target equal to 1.2 MJ/tkm for heavy trucks (more restrictive) | M75: 72 | N75: 72 | X75: =INDEX(Regions!$B$4:$B$19,MATCH(MUSE!B75,Regions!$A$4:$A$19,0)) -> China | Y75: yes | AA75: =INDEX(PolicyMapping!$B:$B,MATCH($D75,PolicyMapping!$A:$A,0)) -> efficiency standard | AB75: =INDEX(PolicyMapping!$C:$C,MATCH($D75,PolicyMapping!$A:$A,0)) -> transport
A76: MUSE | B76: China | D76: Fuel efficiency | Light-duty vehicles|New | G76: MJ/pkm | H76: 2015 | J76: Target | K76: model limitation | M76: =INDEX(CombinedDatabase!K:K,MATCH(MUSE!D76,CombinedDatabase!D:D,0)) -> 73 | N76: 73 | X76: =INDEX(Regions!$B$4:$B$19,MATCH(MUSE!B76,Regions!$A$4:$A$19,0)) -> China | AA76: =INDEX(PolicyMapping!$B:$B,MATCH($D76,PolicyMapping!$A:$A,0)) -> efficiency standard | AB76: =INDEX(PolicyMapping!$C:$C,MATCH($D76,PolicyMapping!$A:$A,0)) -> transport
A77: MUSE | B77: China | D77: Fuel efficiency | Light-duty vehicles|New | G77: MJ/pkm | I77: 2020 | J77: Target | K77: model limitation | M77: 74 | N77: 74 | X77: =INDEX(Regions!$B$4:$B$19,MATCH(MUSE!B77,Regions!$A$4:$A$19,0)) -> China | AA77: =INDEX(PolicyMapping!$B:$B,MATCH($D77,PolicyMapping!$A:$A,0)) -> efficiency standard | AB77: =INDEX(PolicyMapping!$C:$C,MATCH($D77,PolicyMapping!$A:$A,0)) -> transport
A78: MUSE | B78: China | D78: Fuel efficiency | Light-duty vehicles|New | E78: 0.92 | G78: MJ/pkm | H78: 2015 | I78: 2025 | J78: Target | K78: applied linear reduction until limit reached to petrol cars | M78: 75 | N78: 75 | W78: updated | X78: =INDEX(Regions!$B$4:$B$19,MATCH(MUSE!B78,Regions!$A$4:$A$19,0)) -> China | Y78: yes | AA78: =INDEX(PolicyMapping!$B:$B,MATCH($D78,PolicyMapping!$A:$A,0)) -> efficiency standard | AB78: =INDEX(PolicyMapping!$C:$C,MATCH($D78,PolicyMapping!$A:$A,0)) -> transport
A79: MUSE | B79: China | D79: Cap on coal consumption | Average raw coal | E79: 4.1 | G79: Gt/year | I79: 2020 | J79: Alternate interpretation | K79: model limitation | M79: =INDEX(CombinedDatabase!K:K,MATCH(MUSE!D79,CombinedDatabase!D:D,0)) -> 76 | N79: 76 | X79: =INDEX(Regions!$B$4:$B$19,MATCH(MUSE!B79,Regions!$A$4:$A$19,0)) -> China | AA79: =INDEX(PolicyMapping!$B:$B,MATCH($D79,PolicyMapping!$A:$A,0)) -> cap on fossils | AB79: =INDEX(PolicyMapping!$C:$C,MATCH($D79,PolicyMapping!$A:$A,0)) -> system
A80: MUSE | B80: China | D80: Biofuel share in transport | Bioethanol + biodiesel | E80: 100000000 | G80: GJ/year | I80: 2020 | J80: Alternate interpretation | K80: added linear increase (fraction of total lorry transport consumption in 2015 = 80.2 EJ) | M80: 77 | N80: 77 | X80: =INDEX(Regions!$B$4:$B$19,MATCH(MUSE!B80,Regions!$A$4:$A$19,0)) -> China | Y80: yes | AA80: =INDEX(PolicyMapping!$B:$B,MATCH($D80,PolicyMapping!$A:$A,0)) -> clean energy | AB80: =INDEX(PolicyMapping!$C:$C,MATCH($D80,PolicyMapping!$A:$A,0)) -> transport
A81: MUSE | B81: China | D81: Electric and plug-in vehicles | Production | Share of new cars | E81: 6 | G81: % | I81: 2020 | J81: Alternate interpretation | K81: superseded by PR 2 | M81: 78 | N81: 78 | X81: =INDEX(Regions!$B$4:$B$19,MATCH(MUSE!B81,Regions!$A$4:$A$19,0)) -> China | Y81: yes | AA81: =INDEX(PolicyMapping!$B:$B,MATCH($D81,PolicyMapping!$A:$A,0)) -> clean energy | AB81: =INDEX(PolicyMapping!$C:$C,MATCH($D81,PolicyMapping!$A:$A,0)) -> transport
A82: MUSE | B82: China | D82: Electric and plug-in vehicles | Production | Share of new cars | E82: 25 | G82: % | I82: 2025 | J82: Target | K82: Linear addition to cover increased car demand | M82: 79 | N82: 79 | X82: =INDEX(Regions!$B$4:$B$19,MATCH(MUSE!B82,Regions!$A$4:$A$19,0)) -> China | Y82: yes | AA82: =INDEX(PolicyMapping!$B:$B,MATCH($D82,PolicyMapping!$A:$A,0)) -> clean energy | AB82: =INDEX(PolicyMapping!$C:$C,MATCH($D82,PolicyMapping!$A:$A,0)) -> transport
A83: MUSE | B83: China | D83: Electric and plug-in vehicles | Production | Number | E83: 2000000 | G83: Number/year | I83: 2020 | J83: Target | K83: Applied with 2g | M83: =INDEX(CombinedDatabase!K:K,MATCH(MUSE!D83,CombinedDatabase!D:D,0)) -> 80 | N83: 80 | W83: updated | X83: =INDEX(Regions!$B$4:$B$19,MATCH(MUSE!B83,Regions!$A$4:$A$19,0)) -> China | Y83: yes | AA83: =INDEX(PolicyMapping!$B:$B,MATCH($D83,PolicyMapping!$A:$A,0)) -> clean energy | AB83: =INDEX(PolicyMapping!$C:$C,MATCH($D83,PolicyMapping!$A:$A,0)) -> transport
A84: MUSE | B84: China | D84: Electric and plug-in vehicles | Number | E84: 5000000 | G84: Number | I84: 2020 | J84: Target | K84: Applied with 2g | M84: =INDEX(CombinedDatabase!K:K,MATCH(MUSE!D84,CombinedDatabase!D:D,0)) -> 81 | N84: 81 | X84: =INDEX(Regions!$B$4:$B$19,MATCH(MUSE!B84,Regions!$A$4:$A$19,0)) -> China | Y84: yes | AA84: =INDEX(PolicyMapping!$B:$B,MATCH($D84,PolicyMapping!$A:$A,0)) -> clean energy | AB84: =INDEX(PolicyMapping!$C:$C,MATCH($D84,PolicyMapping!$A:$A,0)) -> transport
A85: MUSE | B85: China | D85: Electric and plug-in vehicles | Share | E85: 1.5 | G85: % | I85: 2020 | J85: Alternate interpretation | K85: Applied with 2g | M85: =INDEX(CombinedDatabase!K:K,MATCH(MUSE!D85,CombinedDatabase!D:D,0)) -> 82 | N85: 82 | X85: =INDEX(Regions!$B$4:$B$19,MATCH(MUSE!B85,Regions!$A$4:$A$19,0)) -> China | Y85: yes | AA85: =INDEX(PolicyMapping!$B:$B,MATCH($D85,PolicyMapping!$A:$A,0)) -> clean energy | AB85: =INDEX(PolicyMapping!$C:$C,MATCH($D85,PolicyMapping!$A:$A,0)) -> transport
A86: MUSE | B86: China | D86: Share of gas in TPES | E86: 10 | G86: % | I86: 2020 | J86: Target | K86: model limitation | M86: =INDEX(CombinedDatabase!K:K,MATCH(MUSE!D86,CombinedDatabase!D:D,0)) -> 83 | N86: 83 | X86: =INDEX(Regions!$B$4:$B$19,MATCH(MUSE!B86,Regions!$A$4:$A$19,0)) -> China | AA86: =INDEX(PolicyMapping!$B:$B,MATCH($D86,PolicyMapping!$A:$A,0)) -> cap on fossils | AB86: =INDEX(PolicyMapping!$C:$C,MATCH($D86,PolicyMapping!$A:$A,0)) -> system
A87: MUSE | B87: China | D87: Cap on coal consumption | E87: 84.5 | G87: EJ/year | I87: 2020 | J87: Target | K87: model limitation | M87: =INDEX(CombinedDatabase!K:K,MATCH(MUSE!D87,CombinedDatabase!D:D,0)) -> 84 | N87: 84 | X87: =INDEX(Regions!$B$4:$B$19,MATCH(MUSE!B87,Regions!$A$4:$A$19,0)) -> China | AA87: =INDEX(PolicyMapping!$B:$B,MATCH($D87,PolicyMapping!$A:$A,0)) -> cap on fossils | AB87: =INDEX(PolicyMapping!$C:$C,MATCH($D87,PolicyMapping!$A:$A,0)) -> system
A88: MUSE | B88: China | D88: Electricity capacity | Wind | E88: 210 | G88: GW | I88: 2020 | J88: Target | K88: yearly increments until 2029 | M88: 85 | N88: 85 | X88: =INDEX(Regions!$B$4:$B$19,MATCH(MUSE!B88,Regions!$A$4:$A$19,0)) -> China | Y88: yes | AA88: =INDEX(PolicyMapping!$B:$B,MATCH($D88,PolicyMapping!$A:$A,0)) -> clean energy | AB88: =INDEX(PolicyMapping!$C:$C,MATCH($D88,PolicyMapping!$A:$A,0)) -> power
A89: MUSE | B89: China | D89: Electricity capacity | Solar PV | E89: 105 | G89: GW | I89: 2020 | J89: Target | K89: yearly increments until 2029 | M89: =INDEX(CombinedDatabase!K:K,MATCH(MUSE!D89,CombinedDatabase!D:D,0)) -> 86 | N89: 86 | X89: =INDEX(Regions!$B$4:$B$19,MATCH(MUSE!B89,Regions!$A$4:$A$19,0)) -> China | Y89: yes | AA89: =INDEX(PolicyMapping!$B:$B,MATCH($D89,PolicyMapping!$A:$A,0)) -> clean energy | AB89: =INDEX(PolicyMapping!$C:$C,MATCH($D89,PolicyMapping!$A:$A,0)) -> power
A90: MUSE | B90: China | D90: Electricity capacity | Biomass | E90: 15 | G90: GW | I90: 2020 | J90: Target | K90: yearly increments until 2029 | M90: =INDEX(CombinedDatabase!K:K,MATCH(MUSE!D90,CombinedDatabase!D:D,0)) -> 87 | N90: 87 | X90: =INDEX(Regions!$B$4:$B$19,MATCH(MUSE!B90,Regions!$A$4:$A$19,0)) -> China | Y90: yes | AA90: =INDEX(PolicyMapping!$B:$B,MATCH($D90,PolicyMapping!$A:$A,0)) -> clean energy | AB90: =INDEX(PolicyMapping!$C:$C,MATCH($D90,PolicyMapping!$A:$A,0)) -> power
A91: MUSE | B91: China | D91: Electricity capacity | Hydro | E91: 340 | G91: GW | I91: 2020 | J91: Target | K91: yearly increments until 2029 | M91: 88 | N91: 88 | X91: =INDEX(Regions!$B$4:$B$19,MATCH(MUSE!B91,Regions!$A$4:$A$19,0)) -> China | Y91: yes | AA91: =INDEX(PolicyMapping!$B:$B,MATCH($D91,PolicyMapping!$A:$A,0)) -> clean energy | AB91: =INDEX(PolicyMapping!$C:$C,MATCH($D91,PolicyMapping!$A:$A,0)) -> power
A92: MUSE | B92: China | D92: Electricity capacity | Nuclear | E92: 58 | G92: GW | I92: 2020 | J92: Target | K92: yearly increments until 2029 | M92: 89 | N92: 89 | X92: =INDEX(Regions!$B$4:$B$19,MATCH(MUSE!B92,Regions!$A$4:$A$19,0)) -> China | Y92: yes | AA92: =INDEX(PolicyMapping!$B:$B,MATCH($D92,PolicyMapping!$A:$A,0)) -> clean energy | AB92: =INDEX(PolicyMapping!$C:$C,MATCH($D92,PolicyMapping!$A:$A,0)) -> power
A93: MUSE | B93: China | D93: Electricity capacity | Solar thermal | E93: 5 | G93: GW | I93: 2020 | J93: Target | K93: yearly increments until 2029 | M93: =INDEX(CombinedDatabase!K:K,MATCH(MUSE!D93,CombinedDatabase!D:D,0)) -> 90 | N93: 90 | X93: =INDEX(Regions!$B$4:$B$19,MATCH(MUSE!B93,Regions!$A$4:$A$19,0)) -> China | Y93: yes | AA93: =INDEX(PolicyMapping!$B:$B,MATCH($D93,PolicyMapping!$A:$A,0)) -> clean energy | AB93: =INDEX(PolicyMapping!$C:$C,MATCH($D93,PolicyMapping!$A:$A,0)) -> power
A94: MUSA | B94: China | D94: Electricity capacity | Solar + Wind | F94: 1200 | G94: GW | I94: 2030 | J94: Target | X94: =INDEX(Regions!$B$4:$B$19,MATCH(MUSE!B94,Regions!$A$4:$A$19,0)) -> China | Y94: yes | AA94: =INDEX(PolicyMapping!$B:$B,MATCH($D94,PolicyMapping!$A:$A,0)) -> clean energy | AB94: =INDEX(PolicyMapping!$C:$C,MATCH($D94,PolicyMapping!$A:$A,0)) -> power
A95: MUSE | B95: China | D95: Share of renewables (electricity production) | Including hydro | E95: 26.5 | G95: % | I95: 2020 | J95: Alternate interpretation | K95: baseline | M95: =INDEX(CombinedDatabase!K:K,MATCH(MUSE!D95,CombinedDatabase!D:D,0)) -> 91 | N95: 91 | X95: =INDEX(Regions!$B$4:$B$19,MATCH(MUSE!B95,Regions!$A$4:$A$19,0)) -> China | Y95: yes | Z95: yes | AA95: =INDEX(PolicyMapping!$B:$B,MATCH($D95,PolicyMapping!$A:$A,0)) -> clean energy | AB95: =INDEX(PolicyMapping!$C:$C,MATCH($D95,PolicyMapping!$A:$A,0)) -> power
A96: MUSE | B96: China | D96: Power plant standard (efficiency) new plants | Coal | E96: 40 | G96: % | I96: 2020 | J96: Target | K96: No added capacity for coal subcritical (COA_SUB_HC), lignin subcritical (COA_SUB_LN), and lignin supercritical (COA_SC_LN) | M96: =INDEX(CombinedDatabase!K:K,MATCH(MUSE!D96,CombinedDatabase!D:D,0)) -> 92 | N96: 92 | X96: =INDEX(Regions!$B$4:$B$19,MATCH(MUSE!B96,Regions!$A$4:$A$19,0)) -> China | Y96: yes | AA96: =INDEX(PolicyMapping!$B:$B,MATCH($D96,PolicyMapping!$A:$A,0)) -> efficiency standard | AB96: =INDEX(PolicyMapping!$C:$C,MATCH($D96,PolicyMapping!$A:$A,0)) -> power
A97: MUSE | B97: China | D97: Power plant standard (efficiency) new plants | Coal | E97: 38 | G97: % | I97: 2020 | J97: Target | K97: superseded | M97: 93 | N97: 93 | X97: =INDEX(Regions!$B$4:$B$19,MATCH(MUSE!B97,Regions!$A$4:$A$19,0)) -> China | Y97: yes | AA97: =INDEX(PolicyMapping!$B:$B,MATCH($D97,PolicyMapping!$A:$A,0)) -> efficiency standard | AB97: =INDEX(PolicyMapping!$C:$C,MATCH($D97,PolicyMapping!$A:$A,0)) -> power
A98: MUSE | B98: China | D98: Cap on primary energy consumption | E98: 5 | G98: Gtce/year (billion tons of standard coal equivalent per year) | I98: 2020 | J98: Alternate interpretation | K98: model limitation | M98: 94 | N98: 94 | X98: =INDEX(Regions!$B$4:$B$19,MATCH(MUSE!B98,Regions!$A$4:$A$19,0)) -> China | AA98: =INDEX(PolicyMapping!$B:$B,MATCH($D98,PolicyMapping!$A:$A,0)) -> cap on fossils | AB98: =INDEX(PolicyMapping!$C:$C,MATCH($D98,PolicyMapping!$A:$A,0)) -> system
A99: MUSE | B99: China | D99: Share of non-fossil energy in TPES | E99: 15 | G99: % | I99: 2020 | J99: Target | K99: model limitation | M99: 95 | N99: 95 | X99: =INDEX(Regions!$B$4:$B$19,MATCH(MUSE!B99,Regions!$A$4:$A$19,0)) -> China | AA99: =INDEX(PolicyMapping!$B:$B,MATCH($D99,PolicyMapping!$A:$A,0)) -> clean energy | AB99: =INDEX(PolicyMapping!$C:$C,MATCH($D99,PolicyMapping!$A:$A,0)) -> system
A100: MUSE | B100: China | D100: Energy use per industrial value added (MJ/IVA (US$2005)) | E100: -18 | G100: % | H100: 2015 | I100: 2020 | J100: Target | K100: model limitation | M100: =INDEX(CombinedDatabase!K:K,MATCH(MUSE!D100,CombinedDatabase!D:D,0)) -> 96 | N100: 96 | X100: =INDEX(Regions!$B$4:$B$19,MATCH(MUSE!B100,Regions!$A$4:$A$19,0)) -> China | AA100: =INDEX(PolicyMapping!$B:$B,MATCH($D100,PolicyMapping!$A:$A,0)) -> efficiency standard | AB100: =INDEX(PolicyMapping!$C:$C,MATCH($D100,PolicyMapping!$A:$A,0)) -> industry
A101: MUSE | B101: China | D101: Biofuel share in transport | Bioethanol + biodiesel | E101: 1.1 | G101: % | I101: 2020 | J101: Target | K101: applied with 4b | M101: 97 | N101: 97 | X101: =INDEX(Regions!$B$4:$B$19,MATCH(MUSE!B101,Regions!$A$4:$A$19,0)) -> China | Y101: yes | AA101: =INDEX(PolicyMapping!$B:$B,MATCH($D101,PolicyMapping!$A:$A,0)) -> clean energy | AB101: =INDEX(PolicyMapping!$C:$C,MATCH($D101,PolicyMapping!$A:$A,0)) -> transport
A102: MUSE | B102: China | D102: Industrial output (MtCO2/IVA (US$2005)) | E102: -40 | G102: % | H102: 2015 | I102: 2025 | J102: Target | K102: model limitation | M102: =INDEX(CombinedDatabase!K:K,MATCH(MUSE!D102,CombinedDatabase!D:D,0)) -> 98 | N102: 98 | X102: =INDEX(Regions!$B$4:$B$19,MATCH(MUSE!B102,Regions!$A$4:$A$19,0)) -> China | AA102: =INDEX(PolicyMapping!$B:$B,MATCH($D102,PolicyMapping!$A:$A,0)) -> cap on emissions | AB102: =INDEX(PolicyMapping!$C:$C,MATCH($D102,PolicyMapping!$A:$A,0)) -> industry
...

Sheet GCAM
K2: 318
A3: Model | B3: Country | C3: Implementable? | D3: Variable | E3: Value | F3: NEW value | H3: Base year | I3: End year | J3: Class | K3: Comments and implementation strategy | M3: Database codde | N3: GCAM code | W3: Updated ?? | X3: Region | Y3: Implemented | Z3: Baseline | AA3: Type | AB3: Sector | AC3: Impactful
A4: GCAM | B4: Argentina | D4: Biofuel share in transport | Bioethanol + biodiesel | E4: 12 | H4: 2016 | J4: Target | K4: Applied to all biofuels in transport | M4: 1 | N4: biofuel_arg | X4: =INDEX(Regions!$B$4:$B19,MATCH(GCAM!B4,Regions!$A$4:$A$19,0)) -> Latin America excl. Brazil | Y4: yes | AA4: =INDEX(PolicyMapping!$B:$B,MATCH($D4,PolicyMapping!$A:$A,0)) -> clean energy | AB4: =INDEX(PolicyMapping!$C:$C,MATCH($D4,PolicyMapping!$A:$A,0)) -> transport
A5: GCAM | B5: Argentina | D5: Biofuel share in gasoline | Bioethanol | F5: 12 | X5: =INDEX(Regions!$B$4:$B20,MATCH(GCAM!B5,Regions!$A$4:$A$19,0)) -> Latin America excl. Brazil | Y5: yes | AA5: =INDEX(PolicyMapping!$B:$B,MATCH($D5,PolicyMapping!$A:$A,0)) -> clean energy | AB5: =INDEX(PolicyMapping!$C:$C,MATCH($D5,PolicyMapping!$A:$A,0)) -> transport
A6: GCAM | B6: Argentina | D6: Biofuel share in diesel | Biodiesel | F6: 5 | X6: =INDEX(Regions!$B$4:$B21,MATCH(GCAM!B6,Regions!$A$4:$A$19,0)) -> Latin America excl. Brazil | Y6: yes | AA6: =INDEX(PolicyMapping!$B:$B,MATCH($D6,PolicyMapping!$A:$A,0)) -> clean energy | AB6: =INDEX(PolicyMapping!$C:$C,MATCH($D6,PolicyMapping!$A:$A,0)) -> transport
A7: GCAM | B7: Argentina | D7: Heat capacity (added) | Biomass | E7: 200 | G7: MW | H7: 2013 | I7: 2016 | J7: Target | K7: Historical year | M7: 2 | X7: =INDEX(Regions!$B$4:$B20,MATCH(GCAM!B7,Regions!$A$4:$A$19,0)) -> Latin America excl. Brazil | Y7: yes | Z7: yes | AA7: =INDEX(PolicyMapping!$B:$B,MATCH($D7,PolicyMapping!$A:$A,0)) -> clean energy | AB7: =INDEX(PolicyMapping!$C:$C,MATCH($D7,PolicyMapping!$A:$A,0)) -> power
A8: GCAM | B8: Argentina | D8: Electricity capacity (added) | Biomass | E8: 200 | G8: MW | H8: 2013 | I8: 2016 | J8: Target | K8: Historical year | M8: 3 | X8: =INDEX(Regions!$B$4:$B21,MATCH(GCAM!B8,Regions!$A$4:$A$19,0)) -> Latin America excl. Brazil | Y8: yes | Z8: yes | AA8: =INDEX(PolicyMapping!$B:$B,MATCH($D8,PolicyMapping!$A:$A,0)) -> clean energy | AB8: =INDEX(PolicyMapping!$C:$C,MATCH($D8,PolicyMapping!$A:$A,0)) -> power
A9: GCAM | B9: Argentina | D9: Forest conservation (area) | E9: 4700000 | G9: ha | H9: 2007 | I9: 2030 | J9: Target | K9: Policy impact cannot be seen, impossible to isolate from baseline | M9: 4 | X9: =INDEX(Regions!$B$4:$B22,MATCH(GCAM!B9,Regions!$A$4:$A$19,0)) -> Latin America excl. Brazil | Y9: yes | Z9: yes | AA9: =INDEX(PolicyMapping!$B:$B,MATCH($D9,PolicyMapping!$A:$A,0)) -> land use | AB9: =INDEX(PolicyMapping!$C:$C,MATCH($D9,PolicyMapping!$A:$A,0)) -> land
A10: GCAM | B10: Argentina | D10: Forest conservation (Cumulative CO2 reduction) | E10: 1.3 | G10: Mt CO2 | H10: 2007 | I10: 2030 | J10: Alternate interpretation | K10: Policy impact cannot be seen, impossible to isolate from baseline | M10: 5 | X10: =INDEX(Regions!$B$4:$B23,MATCH(GCAM!B10,Regions!$A$4:$A$19,0)) -> Latin America excl. Brazil | Y10: yes | Z10: yes | AA10: =INDEX(PolicyMapping!$B:$B,MATCH($D10,PolicyMapping!$A:$A,0)) -> cap on emissions | AB10: =INDEX(PolicyMapping!$C:$C,MATCH($D10,PolicyMapping!$A:$A,0)) -> land
A11: GCAM | B11: Argentina | D11: Share of renewables (electricity production) | E11: 20 | G11: % | I11: 2025 | J11: Target | K11: 20% by 2025, all renewables | M11: 6 | N11: res_arg | X11: =INDEX(Regions!$B$4:$B24,MATCH(GCAM!B11,Regions!$A$4:$A$19,0)) -> Latin America excl. Brazil | Y11: yes | AA11: =INDEX(PolicyMapping!$B:$B,MATCH($D11,PolicyMapping!$A:$A,0)) -> clean energy | AB11: =INDEX(PolicyMapping!$C:$C,MATCH($D11,PolicyMapping!$A:$A,0)) -> power
A12: GCAM | B12: Argentina | D12: Share of renewables (electricity production) | E12: 18 | G12: % | I12: 2023 | J12: Target | K12: 20% by 2025, all renewables | M12: 7 | N12: res_arg | X12: =INDEX(Regions!$B$4:$B25,MATCH(GCAM!B12,Regions!$A$4:$A$19,0)) -> Latin America excl. Brazil | Y12: yes | AA12: =INDEX(PolicyMapping!$B:$B,MATCH($D12,PolicyMapping!$A:$A,0)) -> clean energy | AB12: =INDEX(PolicyMapping!$C:$C,MATCH($D12,PolicyMapping!$A:$A,0)) -> power
A13: GCAM | B13: Argentina | D13: Share of renewables (electricity production) | E13: 16 | G13: % | I13: 2021 | J13: Target | K13: 14% by 2020, all renewables | M13: 8 | N13: res_arg | X13: =INDEX(Regions!$B$4:$B26,MATCH(GCAM!B13,Regions!$A$4:$A$19,0)) -> Latin America excl. Brazil | Y13: yes | AA13: =INDEX(PolicyMapping!$B:$B,MATCH($D13,PolicyMapping!$A:$A,0)) -> clean energy | AB13: =INDEX(PolicyMapping!$C:$C,MATCH($D13,PolicyMapping!$A:$A,0)) -> power
A14: GCAM | B14: Argentina | D14: Share of renewables (electricity production) | E14: 12 | G14: % | I14: 2019 | J14: Target | K14: 14% by 2020, all renewables | M14: 9 | N14: res_arg | X14: =INDEX(Regions!$B$4:$B27,MATCH(GCAM!B14,Regions!$A$4:$A$19,0)) -> Latin America excl. Brazil | Y14: yes | AA14: =INDEX(PolicyMapping!$B:$B,MATCH($D14,PolicyMapping!$A:$A,0)) -> clean energy | AB14: =INDEX(PolicyMapping!$C:$C,MATCH($D14,PolicyMapping!$A:$A,0)) -> power
A15: GCAM | B15: Argentina | D15: Share of renewables (electricity production) | E15: 8 | G15: % | I15: 2017 | J15: Target | K15: Historical year | M15: 10 | X15: =INDEX(Regions!$B$4:$B28,MATCH(GCAM!B15,Regions!$A$4:$A$19,0)) -> Latin America excl. Brazil | Y15: yes | Z15: yes | AA15: =INDEX(PolicyMapping!$B:$B,MATCH($D15,PolicyMapping!$A:$A,0)) -> clean energy | AB15: =INDEX(PolicyMapping!$C:$C,MATCH($D15,PolicyMapping!$A:$A,0)) -> power
A16: GCAM | B16: Argentina | D16: Carbon tax | E16: 10 | G16: $/t CO2 | I16: >2018 | J16: Implemented | K16: sector wide carbon tax | M16: 11 | N16: ctax_arg | X16: =INDEX(Regions!$B$4:$B29,MATCH(GCAM!B16,Regions!$A$4:$A$19,0)) -> Latin America excl. Brazil | Y16: yes | AA16: =INDEX(PolicyMapping!$B:$B,MATCH($D16,PolicyMapping!$A:$A,0)) -> economic | AB16: =INDEX(PolicyMapping!$C:$C,MATCH($D16,PolicyMapping!$A:$A,0)) -> system | AC16: yes
A17: GCAM | B17: Australia | D17: Economy-wide|Energy productivity increase (GDP/PJ) | E17: 0.4 | G17: GDP ($M)/PJ | H17: 2015 | I17: 2030 | J17: Target | K17: Applied as constraint of 6.6 EJ primary energy by 2030 | M17: 12 | N17: tpes_aus | X17: =INDEX(Regions!$B$4:$B30,MATCH(GCAM!B17,Regions!$A$4:$A$19,0)) -> Rest of the World | Y17: yes | AA17: =INDEX(PolicyMapping!$B:$B,MATCH($D17,PolicyMapping!$A:$A,0)) -> efficiency standard | AB17: =INDEX(PolicyMapping!$C:$C,MATCH($D17,PolicyMapping!$A:$A,0)) -> system
A18: GCAM | B18: Australia | D18: Renewable electricity production | E18: 33000 | G18: GWh | I18: 2020 | J18: Target | K18: already in baseline | M18: 13 | X18: =INDEX(Regions!$B$4:$B31,MATCH(GCAM!B18,Regions!$A$4:$A$19,0)) -> Rest of the World | AA18: =INDEX(PolicyMapping!$B:$B,MATCH($D18,PolicyMapping!$A:$A,0)) -> clean energy | AB18: =INDEX(PolicyMapping!$C:$C,MATCH($D18,PolicyMapping!$A:$A,0)) -> power
A19: GCAM | B19: Australia | D19: Share of renewables (electricity production) | E19: 23.5 | G19: % | I19: 2020 | J19: Alternate interpretation | K19: superseded | M19: 14 | X19: =INDEX(Regions!$B$4:$B32,MATCH(GCAM!B19,Regions!$A$4:$A$19,0)) -> Rest of the World | Y19: yes | Z19: yes | AA19: =INDEX(PolicyMapping!$B:$B,MATCH($D19,PolicyMapping!$A:$A,0)) -> clean energy | AB19: =INDEX(PolicyMapping!$C:$C,MATCH($D19,PolicyMapping!$A:$A,0)) -> power
A20: GCAM | B20: Australia | D20: Share of renewables (electricity production) | E20: 25 | G20: % | I20: 2020 | J20: Target | K20: 25 % by 2020, all renewables | M20: 15 | N20: res_aus | X20: =INDEX(Regions!$B$4:$B33,MATCH(GCAM!B20,Regions!$A$4:$A$19,0)) -> Rest of the World | Y20: yes | AA20: =INDEX(PolicyMapping!$B:$B,MATCH($D20,PolicyMapping!$A:$A,0)) -> clean energy | AB20: =INDEX(PolicyMapping!$C:$C,MATCH($D20,PolicyMapping!$A:$A,0)) -> power
A21: GCAM | B21: Australia | D21: Share of renewables (electricity production) | E21: 50 | G21: % | I21: 2030 | J21: Target | K21: 50 % by 2020, all renewables | M21: 16 | N21: res_aus | X21: =INDEX(Regions!$B$4:$B34,MATCH(GCAM!B21,Regions!$A$4:$A$19,0)) -> Rest of the World | Y21: yes | AA21: =INDEX(PolicyMapping!$B:$B,MATCH($D21,PolicyMapping!$A:$A,0)) -> clean energy | AB21: =INDEX(PolicyMapping!$C:$C,MATCH($D21,PolicyMapping!$A:$A,0)) -> power | AC21: yes
A22: GCAM | B22: Australia | C22: no | D22: Fuel tax (diesel and gasoline) | E22: 0.4 | G22: $/liter | H22: 2016 | J22: Optional | K22: Applied tax to all oil products for transport | M22: 17 | N22: fueltax_aus | X22: =INDEX(Regions!$B$4:$B35,MATCH(GCAM!B22,Regions!$A$4:$A$19,0)) -> Rest of the World | Y22: yes | AA22: =INDEX(PolicyMapping!$B:$B,MATCH($D22,PolicyMapping!$A:$A,0)) -> economic | AB22: =INDEX(PolicyMapping!$C:$C,MATCH($D22,PolicyMapping!$A:$A,0)) -> transport
A23: GCAM | B23: Australia | C23: no | D23: Fuel tax (biodiesel) | E23: 0.013 | G23: $/liter | H23: 2016 | J23: Optional | M23: 18 | X23: =INDEX(Regions!$B$4:$B36,MATCH(GCAM!B23,Regions!$A$4:$A$19,0)) -> Rest of the World | AA23: =INDEX(PolicyMapping!$B:$B,MATCH($D23,PolicyMapping!$A:$A,0)) -> economic | AB23: =INDEX(PolicyMapping!$C:$C,MATCH($D23,PolicyMapping!$A:$A,0)) -> transport
A24: GCAM | B24: Australia | D24: Emissions | HFCs | E24: -55 | G24: % | H24: 2010 | I24: 2030 | J24: Target | K24: model limitation | M24: 19 | X24: =INDEX(Regions!$B$4:$B37,MATCH(GCAM!B24,Regions!$A$4:$A$19,0)) -> Rest of the World | AA24: =INDEX(PolicyMapping!$B:$B,MATCH($D24,PolicyMapping!$A:$A,0)) -> cap on emissions | AB24: =INDEX(PolicyMapping!$C:$C,MATCH($D24,PolicyMapping!$A:$A,0)) -> system
A25: GCAM | B25: Australia | D25: Afforestation (area) | E25: 20000 | G25: ha | I25: 2020 | J25: Target | K25: Applied as target of forest cover 200 km2 above baseline level | M25: 20 | N25: affor_aus | X25: =INDEX(Regions!$B$4:$B38,MATCH(GCAM!B25,Regions!$A$4:$A$19,0)) -> Rest of the World | Y25: yes | AA25: =INDEX(PolicyMapping!$B:$B,MATCH($D25,PolicyMapping!$A:$A,0)) -> land use | AB25: =INDEX(PolicyMapping!$C:$C,MATCH($D25,PolicyMapping!$A:$A,0)) -> land
A26: GCAM | B26: Australia | D26: Emissions | LULUCF | E26: -4.2 | G26: Mt CO2e | H26: 2010 | I26: 2020 | J26: Target | K26: model limitation | M26: 21 | X26: =INDEX(Regions!$B$4:$B39,MATCH(GCAM!B26,Regions!$A$4:$A$19,0)) -> Rest of the World | AA26: =INDEX(PolicyMapping!$B:$B,MATCH($D26,PolicyMapping!$A:$A,0)) -> cap on emissions | AB26: =INDEX(PolicyMapping!$C:$C,MATCH($D26,PolicyMapping!$A:$A,0)) -> land
A27: GCAM | B27: Australia | D27: Emissions | Agriculture | E27: -1.9 | G27: Mt CO2e | H27: 2010 | I27: 2020 | J27: Target | K27: model limitation | M27: 22 | X27: =INDEX(Regions!$B$4:$B40,MATCH(GCAM!B27,Regions!$A$4:$A$19,0)) -> Rest of the World | AA27: =INDEX(PolicyMapping!$B:$B,MATCH($D27,PolicyMapping!$A:$A,0)) -> cap on emissions | AB27: =INDEX(PolicyMapping!$C:$C,MATCH($D27,PolicyMapping!$A:$A,0)) -> land
A28: GCAM | B28: Australia | D28: Share of renewables (electricity production) | E28: 35 | G28: % | I28: 2025 | J28: Target | K28: 35 % by 2020, all renewables | M28: 23 | N28: res_aus | X28: =INDEX(Regions!$B$4:$B41,MATCH(GCAM!B28,Regions!$A$4:$A$19,0)) -> Rest of the World | Y28: yes | AA28: =INDEX(PolicyMapping!$B:$B,MATCH($D28,PolicyMapping!$A:$A,0)) -> clean energy | AB28: =INDEX(PolicyMapping!$C:$C,MATCH($D28,PolicyMapping!$A:$A,0)) -> power
A29: GCAM | B29: Brazil | D29: Share of renewables (TPES) | E29: 45 | G29: % | I29: 2030 | J29: Target | K29: applied as 45% of renewables in all primary energy | M29: 24 | N29: tpesres_bra | X29: =INDEX(Regions!$B$4:$B42,MATCH(GCAM!B29,Regions!$A$4:$A$19,0)) -> Brazil | Y29: yes | AA29: =INDEX(PolicyMapping!$B:$B,MATCH($D29,PolicyMapping!$A:$A,0)) -> clean energy | AB29: =INDEX(PolicyMapping!$C:$C,MATCH($D29,PolicyMapping!$A:$A,0)) -> system
A30: GCAM | B30: Brazil | D30: Biofuel share in gasoline | Bioethanol | E30: 27 | G30: % | H30: 2015 | J30: Target | K30: 13.5% of bio-ethanol in transport fuels | M30: 25 | N30: biofuel_bra | X30: =INDEX(Regions!$B$4:$B43,MATCH(GCAM!B30,Regions!$A$4:$A$19,0)) -> Brazil | Y30: yes | AA30: =INDEX(PolicyMapping!$B:$B,MATCH($D30,PolicyMapping!$A:$A,0)) -> clean energy | AB30: =INDEX(PolicyMapping!$C:$C,MATCH($D30,PolicyMapping!$A:$A,0)) -> transport
A31: GCAM | B31: Brazil | D31: Biofuel share in diesel | Biodiesel | E31: 7 | G31: % | H31: 2015 | J31: Target | K31: superseded | M31: 26 | X31: =INDEX(Regions!$B$4:$B44,MATCH(GCAM!B31,Regions!$A$4:$A$19,0)) -> Brazil | Y31: yes | Z31: yes | AA31: =INDEX(PolicyMapping!$B:$B,MATCH($D31,PolicyMapping!$A:$A,0)) -> clean energy | AB31: =INDEX(PolicyMapping!$C:$C,MATCH($D31,PolicyMapping!$A:$A,0)) -> transport
A32: GCAM | B32: Brazil | D32: Share of renewables (TPES) | Including hydro | E32: 45 | G32: % | I32: 2024 | J32: Target | K32: hydro and other renewables separately modelled | M32: 27 | X32: =INDEX(Regions!$B$4:$B45,MATCH(GCAM!B32,Regions!$A$4:$A$19,0)) -> Brazil | Y32: yes | Z32: yes | AA32: =INDEX(PolicyMapping!$B:$B,MATCH($D32,PolicyMapping!$A:$A,0)) -> clean energy | AB32: =INDEX(PolicyMapping!$C:$C,MATCH($D32,PolicyMapping!$A:$A,0)) -> system
A33: GCAM | B33: Brazil | D33: Share of renewables (electricity production) | Excluding hydro | E33: 16 | G33: % | I33: 2024 | J33: Target | K33: 16 % from 2020, non hydro renewables | M33: 28 | N33: res_bra | X33: =INDEX(Regions!$B$4:$B46,MATCH(GCAM!B33,Regions!$A$4:$A$19,0)) -> Brazil | Y33: yes | AA33: =INDEX(PolicyMapping!$B:$B,MATCH($D33,PolicyMapping!$A:$A,0)) -> clean energy | AB33: =INDEX(PolicyMapping!$C:$C,MATCH($D33,PolicyMapping!$A:$A,0)) -> power
A34: GCAM | B34: Brazil | D34: Electricity capacity | Bioenergy | E34: 13 | G34: GW | I34: 2025 | J34: Target | K34: overwritten by % renewables target | M34: 29 | X34: =INDEX(Regions!$B$4:$B47,MATCH(GCAM!B34,Regions!$A$4:$A$19,0)) -> Brazil | Y34: yes | Z34: yes | AA34: =INDEX(PolicyMapping!$B:$B,MATCH($D34,PolicyMapping!$A:$A,0)) -> clean energy | AB34: =INDEX(PolicyMapping!$C:$C,MATCH($D34,PolicyMapping!$A:$A,0)) -> power
A35: GCAM | B35: Brazil | D35: Electricity capacity | Solar | E35: 0 | G35: GW | I35: 2025 | J35: Target | K35: overwritten by % renewables target | M35: 30 | X35: =INDEX(Regions!$B$4:$B48,MATCH(GCAM!B35,Regions!$A$4:$A$19,0)) -> Brazil | Y35: yes | Z35: yes | AA35: =INDEX(PolicyMapping!$B:$B,MATCH($D35,PolicyMapping!$A:$A,0)) -> clean energy | AB35: =INDEX(PolicyMapping!$C:$C,MATCH($D35,PolicyMapping!$A:$A,0)) -> power
A36: GCAM | B36: Brazil | D36: Electricity capacity | Solar | E36: 3.5 | G36: GW | I36: 2025 | J36: Target | K36: overwritten by % renewables target | M36: 31 | W36: updated | X36: =INDEX(Regions!$B$4:$B49,MATCH(GCAM!B36,Regions!$A$4:$A$19,0)) -> Brazil | Y36: yes | Z36: yes | AA36: =INDEX(PolicyMapping!$B:$B,MATCH($D36,PolicyMapping!$A:$A,0)) -> clean energy | AB36: =INDEX(PolicyMapping!$C:$C,MATCH($D36,PolicyMapping!$A:$A,0)) -> power
A37: GCAM | B37: Brazil | D37: Electricity capacity | Wind | E37: 16.5 | G37: GW | I37: 2025 | J37: Target | K37: overwritten by % renewables target | M37: 32 | X37: =INDEX(Regions!$B$4:$B50,MATCH(GCAM!B37,Regions!$A$4:$A$19,0)) -> Brazil | Y37: yes | Z37: yes | AA37: =INDEX(PolicyMapping!$B:$B,MATCH($D37,PolicyMapping!$A:$A,0)) -> clean energy | AB37: =INDEX(PolicyMapping!$C:$C,MATCH($D37,PolicyMapping!$A:$A,0)) -> power
A38: GCAM | B38: Brazil | D38: Electricity capacity | Wind | E38: 27.1 | G38: GW | I38: 2025 | J38: Target | K38: overwritten by % renewables target | M38: 33 | W38: updated | X38: =INDEX(Regions!$B$4:$B51,MATCH(GCAM!B38,Regions!$A$4:$A$19,0)) -> Brazil | Y38: yes | Z38: yes | AA38: =INDEX(PolicyMapping!$B:$B,MATCH($D38,PolicyMapping!$A:$A,0)) -> clean energy | AB38: =INDEX(PolicyMapping!$C:$C,MATCH($D38,PolicyMapping!$A:$A,0)) -> power
A39: GCAM | B39: Brazil | D39: Reforestation (area) | E39: 12000000 | G39: ha | I39: 2030 | J39: Target | K39: Applied as target of forest cover 120000 km2 above baseline level | M39: 34 | N39: affor_bra | X39: =INDEX(Regions!$B$4:$B52,MATCH(GCAM!B39,Regions!$A$4:$A$19,0)) -> Brazil | Y39: yes | AA39: =INDEX(PolicyMapping!$B:$B,MATCH($D39,PolicyMapping!$A:$A,0)) -> land use | AB39: =INDEX(PolicyMapping!$C:$C,MATCH($D39,PolicyMapping!$A:$A,0)) -> land | AC39: yes
A40: GCAM | B40: Brazil | D40: Emissions | LULUCF | CO2 | E40: -0.5 | G40: % | H40: 2010 | I40: 2020 | J40: Target | K40: model limitation | M40: 35 | X40: =INDEX(Regions!$B$4:$B53,MATCH(GCAM!B40,Regions!$A$4:$A$19,0)) -> Brazil | AA40: =INDEX(PolicyMapping!$B:$B,MATCH($D40,PolicyMapping!$A:$A,0)) -> cap on emissions | AB40: =INDEX(PolicyMapping!$C:$C,MATCH($D40,PolicyMapping!$A:$A,0)) -> land
A41: GCAM | B41: Brazil | D41: Ban of incandescent light bulbs | H41: 2014 | J41: Optional | K41: model limitation | M41: 36 | X41: =INDEX(Regions!$B$4:$B54,MATCH(GCAM!B41,Regions!$A$4:$A$19,0)) -> Brazil | AA41: =INDEX(PolicyMapping!$B:$B,MATCH($D41,PolicyMapping!$A:$A,0)) -> efficiency standard | AB41: =INDEX(PolicyMapping!$C:$C,MATCH($D41,PolicyMapping!$A:$A,0)) -> buildings
A42: GCAM | B42: Brazil | D42: Fuel efficiency | Gasoline + diesel cars|New | E42: 1.82 | G42: MJ/pkm | I42: 2017 | J42: Target | K42: 12% improvement of fuel efficiency in passenger cars compared to 2015 levels | M42: 37 | N42: fuelst_bra | X42: =INDEX(Regions!$B$4:$B55,MATCH(GCAM!B42,Regions!$A$4:$A$19,0)) -> Brazil | Y42: yes | AA42: =INDEX(PolicyMapping!$B:$B,MATCH($D42,PolicyMapping!$A:$A,0)) -> efficiency standard | AB42: =INDEX(PolicyMapping!$C:$C,MATCH($D42,PolicyMapping!$A:$A,0)) -> transport
A43: GCAM | B43: Brazil | D43: Emissions | LULUCF | CO2 | E43: 250 | G43: Mt CO2 | I43: 2020 | J43: Alternate interpretation | K43: model limitation | M43: 38 | X43: =INDEX(Regions!$B$4:$B56,MATCH(GCAM!B43,Regions!$A$4:$A$19,0)) -> Brazil | AA43: =INDEX(PolicyMapping!$B:$B,MATCH($D43,PolicyMapping!$A:$A,0)) -> cap on emissions | AB43: =INDEX(PolicyMapping!$C:$C,MATCH($D43,PolicyMapping!$A:$A,0)) -> land
A44: GCAM | B44: Brazil | D44: Electricity capacity | Small hydro | E44: 5.6 | G44: GW | I44: 2025 | J44: Target | K44: included in hydro | M44: 39 | X44: =INDEX(Regions!$B$4:$B57,MATCH(GCAM!B44,Regions!$A$4:$A$19,0)) -> Brazil | Y44: yes | Z44: yes | AA44: =INDEX(PolicyMapping!$B:$B,MATCH($D44,PolicyMapping!$A:$A,0)) -> clean energy | AB44: =INDEX(PolicyMapping!$C:$C,MATCH($D44,PolicyMapping!$A:$A,0)) -> power
A45: GCAM | B45: Brazil | D45: Electricity capacity | Small hydro | E45: 7 | G45: GW | I45: 2025 | J45: Target | K45: included in hydro | M45: 40 | W45: updated | X45: =INDEX(Regions!$B$4:$B58,MATCH(GCAM!B45,Regions!$A$4:$A$19,0)) -> Brazil | Y45: yes | Z45: yes | AA45: =INDEX(PolicyMapping!$B:$B,MATCH($D45,PolicyMapping!$A:$A,0)) -> clean energy | AB45: =INDEX(PolicyMapping!$C:$C,MATCH($D45,PolicyMapping!$A:$A,0)) -> power
A46: GCAM | B46: Brazil | D46: Biofuel carbon intensity (gCO2e/MJ) | Transport | E46: -7 | G46: % | H46: 2017 | I46: 2028 | J46: Target | K46: model limitation | M46: 41 | X46: =INDEX(Regions!$B$4:$B59,MATCH(GCAM!B46,Regions!$A$4:$A$19,0)) -> Brazil | AA46: =INDEX(PolicyMapping!$B:$B,MATCH($D46,PolicyMapping!$A:$A,0)) -> cap on emissions | AB46: =INDEX(PolicyMapping!$C:$C,MATCH($D46,PolicyMapping!$A:$A,0)) -> transport
A47: GCAM | B47: Brazil | D47: Access to electricity | Population | E47: 98 | G47: % | I47: 2018 | J47: Target | K47: model limitation | M47: 42 | X47: =INDEX(Regions!$B$4:$B60,MATCH(GCAM!B47,Regions!$A$4:$A$19,0)) -> Brazil | AA47: =INDEX(PolicyMapping!$B:$B,MATCH($D47,PolicyMapping!$A:$A,0)) -> energy access | AB47: =INDEX(PolicyMapping!$C:$C,MATCH($D47,PolicyMapping!$A:$A,0)) -> system
A48: GCAM | B48: Brazil | D48: Emissions|Kyoto Gases|AFOLU | E48: -149.5 | G48: Mt CO2e | H48: Baseline | I48: 2020 | J48: Target | K48: model limitation | M48: 43 | X48: =INDEX(Regions!$B$4:$B61,MATCH(GCAM!B48,Regions!$A$4:$A$19,0)) -> Brazil | AA48: =INDEX(PolicyMapping!$B:$B,MATCH($D48,PolicyMapping!$A:$A,0)) -> cap on emissions | AB48: =INDEX(PolicyMapping!$C:$C,MATCH($D48,PolicyMapping!$A:$A,0)) -> land
A49: GCAM | B49: Brazil | D49: Biofuel share in diesel | Biodiesel | E49: 10 | G49: % | H49: 2019 | J49: Target | K49: 5% of biodiesel in transport fuels | M49: 44 | N49: biofuel_bra | X49: =INDEX(Regions!$B$4:$B62,MATCH(GCAM!B49,Regions!$A$4:$A$19,0)) -> Brazil | Y49: yes | AA49: =INDEX(PolicyMapping!$B:$B,MATCH($D49,PolicyMapping!$A:$A,0)) -> clean energy | AB49: =INDEX(PolicyMapping!$C:$C,MATCH($D49,PolicyMapping!$A:$A,0)) -> transport
A50: GCAM | B50: Brazil | D50: Electricity capacity | Hydro | E50: 88.5 | G50: GW | I50: 2025 | J50: Target | K50: superseded | M50: 45 | X50: =INDEX(Regions!$B$4:$B63,MATCH(GCAM!B50,Regions!$A$4:$A$19,0)) -> Brazil | Y50: yes | Z50: yes | AA50: =INDEX(PolicyMapping!$B:$B,MATCH($D50,PolicyMapping!$A:$A,0)) -> clean energy | AB50: =INDEX(PolicyMapping!$C:$C,MATCH($D50,PolicyMapping!$A:$A,0)) -> power
A51: GCAM | B51: Brazil | D51: Electricity capacity | Hydro | E51: 116.7 | G51: GW | I51: 2025 | J51: Target | K51: Fixed level of 1.794 EJ hydro output | M51: 46 | N51: resfix_bra | W51: updated | X51: =INDEX(Regions!$B$4:$B64,MATCH(GCAM!B51,Regions!$A$4:$A$19,0)) -> Brazil | Y51: yes | AA51: =INDEX(PolicyMapping!$B:$B,MATCH($D51,PolicyMapping!$A:$A,0)) -> clean energy | AB51: =INDEX(PolicyMapping!$C:$C,MATCH($D51,PolicyMapping!$A:$A,0)) -> power
A52: GCAM | B52: Canada | D52: Electricity capacity|Coal|Without CCS | E52: 0 | G52: GW | I52: 2029 | J52: Planned | K52: Automatic with coal phaseout | M52: 47 | X52: =INDEX(Regions!$B$4:$B65,MATCH(GCAM!B52,Regions!$A$4:$A$19,0)) -> Canada | Y52: yes | Z52: yes | AA52: =INDEX(PolicyMapping!$B:$B,MATCH($D52,PolicyMapping!$A:$A,0)) -> cap on fossils | AB52: =INDEX(PolicyMapping!$C:$C,MATCH($D52,PolicyMapping!$A:$A,0)) -> power
A53: GCAM | B53: Canada | D53: Emissions|GHG | E53: -30 | G53: MtCO2eq | H53: Baseline? | I53: 2030 | J53: Planned | K53: model limitation | M53: 48 | X53: =INDEX(Regions!$B$4:$B66,MATCH(GCAM!B53,Regions!$A$4:$A$19,0)) -> Canada | AA53: =INDEX(PolicyMapping!$B:$B,MATCH($D53,PolicyMapping!$A:$A,0)) -> cap on emissions | AB53: =INDEX(PolicyMapping!$C:$C,MATCH($D53,PolicyMapping!$A:$A,0)) -> system
A54: GCAM | B54: Canada | D54: Carbon tax | E54: 30 | G54: $/tCO2e | I54: 2020 | J54: Planned | K54: sector wide carbon tax | M54: 49 | N54: ctax_can | X54: =INDEX(Regions!$B$4:$B67,MATCH(GCAM!B54,Regions!$A$4:$A$19,0)) -> Canada | Y54: yes | AA54: =INDEX(PolicyMapping!$B:$B,MATCH($D54,PolicyMapping!$A:$A,0)) -> economic | AB54: =INDEX(PolicyMapping!$C:$C,MATCH($D54,PolicyMapping!$A:$A,0)) -> system
A55: GCAM | B55: Canada | D55: Carbon tax | E55: 50 | G55: $/tCO2e | I55: 2022 | J55: Planned | K55: sector wide carbon tax | M55: 319 | N55: ctax_can | W55: updated | X55: =INDEX(Regions!$B$4:$B68,MATCH(GCAM!B55,Regions!$A$4:$A$19,0)) -> Canada | Y55: yes | AA55: =INDEX(PolicyMapping!$B:$B,MATCH($D55,PolicyMapping!$A:$A,0)) -> economic | AB55: =INDEX(PolicyMapping!$C:$C,MATCH($D55,PolicyMapping!$A:$A,0)) -> system | AC55: yes
A56: GCAM | B56: Canada | D56: Emissions|GHG | E56: -12.7 | G56: MtCO2eq | H56: Baseline? | I56: 2030 | J56: Planned | K56: model limitation | M56: 50 | X56: =INDEX(Regions!$B$4:$B69,MATCH(GCAM!B56,Regions!$A$4:$A$19,0)) -> Canada | AA56: =INDEX(PolicyMapping!$B:$B,MATCH($D56,PolicyMapping!$A:$A,0)) -> cap on emissions | AB56: =INDEX(PolicyMapping!$C:$C,MATCH($D56,PolicyMapping!$A:$A,0)) -> system
A57: GCAM | B57: Canada | D57: Biofuel share in transport | Bioethanol + biodiesel | E57: 3.7 | G57: % | H57: 2011 | I57: 2020 | J57: Target | K57: superseded | M57: 51 | X57: =INDEX(Regions!$B$4:$B70,MATCH(GCAM!B57,Regions!$A$4:$A$19,0)) -> Canada | Y57: yes | Z57: yes | AA57: =INDEX(PolicyMapping!$B:$B,MATCH($D57,PolicyMapping!$A:$A,0)) -> clean energy | AB57: =INDEX(PolicyMapping!$C:$C,MATCH($D57,PolicyMapping!$A:$A,0)) -> transport
A58: GCAM | B58: Canada | D58: Fuel efficiency | Medium trucks|New | E58: 1.38 | G58: MJ/tkm | I58: 2027 | J58: Target | K58: applied lower fixed fuel efficiency for heavy trucks, translating decline to GCAM truck categories | M58: 52 | N58: fuelst_can | X58: =INDEX(Regions!$B$4:$B71,MATCH(GCAM!B58,Regions!$A$4:$A$19,0)) -> Canada | Y58: yes | AA58: =INDEX(PolicyMapping!$B:$B,MATCH($D58,PolicyMapping!$A:$A,0)) -> efficiency standard | AB58: =INDEX(PolicyMapping!$C:$C,MATCH($D58,PolicyMapping!$A:$A,0)) -> transport
A59: GCAM | B59: Canada | D59: Emissions | Buildings | E59: -6.5 | G59: Mt CO2e | H59: Baseline | I59: 2020 | J59: Target | K59: Modelled as carbon cap to emissions from buildings of 20 Mt C | M59: 53 | N59: ccapbuild_can | X59: =INDEX(Regions!$B$4:$B72,MATCH(GCAM!B59,Regions!$A$4:$A$19,0)) -> Canada | Y59: yes | AA59: =INDEX(PolicyMapping!$B:$B,MATCH($D59,PolicyMapping!$A:$A,0)) -> cap on emissions | AB59: =INDEX(PolicyMapping!$C:$C,MATCH($D59,PolicyMapping!$A:$A,0)) -> buildings
A60: GCAM | B60: Canada | D60: Power plant standard | New power plants | Change in CO2 intensity (kg CO2/kWh) | E60: -64 | G60: % | H60: 2010 | I60: 2030 | J60: Alternate interpretation | K60: model limitation | M60: 54 | X60: =INDEX(Regions!$B$4:$B73,MATCH(GCAM!B60,Regions!$A$4:$A$19,0)) -> Canada | Y60: yes | Z60: yes | AA60: =INDEX(PolicyMapping!$B:$B,MATCH($D60,PolicyMapping!$A:$A,0)) -> efficiency standard | AB60: =INDEX(PolicyMapping!$C:$C,MATCH($D60,PolicyMapping!$A:$A,0)) -> power
A61: GCAM | B61: Canada | D61: Emissions | Buildings | E61: -4.5 | G61: % | H61: Baseline | I61: 2020 | J61: Alternate interpretation | K61: applied as 3a as more stringent value | M61: 55 | X61: =INDEX(Regions!$B$4:$B74,MATCH(GCAM!B61,Regions!$A$4:$A$19,0)) -> Canada | Y61: yes | Z61: yes | AA61: =INDEX(PolicyMapping!$B:$B,MATCH($D61,PolicyMapping!$A:$A,0)) -> cap on emissions | AB61: =INDEX(PolicyMapping!$C:$C,MATCH($D61,PolicyMapping!$A:$A,0)) -> buildings
A62: GCAM | B62: Canada | D62: Biofuel share in gasoline | Bioethanol | E62: 5 | G62: % | H62: 2011 | I62: 2020 | J62: Target | K62: 3.7% of biofuels in all transport fuels | M62: 56 | N62: biofuel_can | X62: =INDEX(Regions!$B$4:$B75,MATCH(GCAM!B62,Regions!$A$4:$A$19,0)) -> Canada | Y62: yes | AA62: =INDEX(PolicyMapping!$B:$B,MATCH($D62,PolicyMapping!$A:$A,0)) -> clean energy | AB62: =INDEX(PolicyMapping!$C:$C,MATCH($D62,PolicyMapping!$A:$A,0)) -> transport
A63: GCAM | B63: Canada | D63: Biofuel share in diesel | Biodiesel | E63: 2 | G63: % | H63: 2011 | I63: 2020 | J63: Target | K63: 3.7% of biofuels in all transport fuels | M63: 57 | N63: biofuel_can | X63: =INDEX(Regions!$B$4:$B76,MATCH(GCAM!B63,Regions!$A$4:$A$19,0)) -> Canada | Y63: yes | AA63: =INDEX(PolicyMapping!$B:$B,MATCH($D63,PolicyMapping!$A:$A,0)) -> clean energy | AB63: =INDEX(PolicyMapping!$C:$C,MATCH($D63,PolicyMapping!$A:$A,0)) -> transport
A64: GCAM | B64: Canada | D64: Fuel efficiency | Light-duty vehicles (passenger vehicles)|New | E64: 0.91 | G64: MJ/pkm | I64: 2025 | J64: Target | K64: applied lower fixed fuel efficiency for passenger cars, matching average efficiency between ICE and hybrid cars | M64: 58 | N64: fuelst_can | X64: =INDEX(Regions!$B$4:$B77,MATCH(GCAM!B64,Regions!$A$4:$A$19,0)) -> Canada | Y64: yes | AA64: =INDEX(PolicyMapping!$B:$B,MATCH($D64,PolicyMapping!$A:$A,0)) -> efficiency standard | AB64: =INDEX(PolicyMapping!$C:$C,MATCH($D64,PolicyMapping!$A:$A,0)) -> transport
A65: GCAM | B65: Canada | D65: Emissions|Oil and gas production|CH4 | E65: -40 | G65: % | H65: 2012 | I65: 2025 | J65: Target | K65: model limitation | M65: 59 | X65: =INDEX(Regions!$B$4:$B78,MATCH(GCAM!B65,Regions!$A$4:$A$19,0)) -> Canada | AA65: =INDEX(PolicyMapping!$B:$B,MATCH($D65,PolicyMapping!$A:$A,0)) -> cap on emissions | AB65: =INDEX(PolicyMapping!$C:$C,MATCH($D65,PolicyMapping!$A:$A,0)) -> supply
A66: GCAM | B66: Canada | D66: Fuel efficiency | Heavy-duty trucks|New | E66: 0.92 | G66: MJ/tkm | I66: 2027 | J66: Target | K66: applied lower fixed fuel efficiency for heavy trucks, translating decline to GCAM truck categories | M66: 60 | N66: fuelst_can | X66: =INDEX(Regions!$B$4:$B79,MATCH(GCAM!B66,Regions!$A$4:$A$19,0)) -> Canada | Y66: yes | AA66: =INDEX(PolicyMapping!$B:$B,MATCH($D66,PolicyMapping!$A:$A,0)) -> efficiency standard | AB66: =INDEX(PolicyMapping!$C:$C,MATCH($D66,PolicyMapping!$A:$A,0)) -> transport
A67: GCAM | B67: Canada | D67: Power plant standard | New power plants | E67: 420 | G67: g CO2/kWh | H67: 2015 | I67: 2030 | J67: Target | K67: Obtained with coal phase out | M67: 61 | N67: phaseout_can | X67: =INDEX(Regions!$B$4:$B80,MATCH(GCAM!B67,Regions!$A$4:$A$19,0)) -> Canada | Y67: yes | AA67: =INDEX(PolicyMapping!$B:$B,MATCH($D67,PolicyMapping!$A:$A,0)) -> efficiency standard | AB67: =INDEX(PolicyMapping!$C:$C,MATCH($D67,PolicyMapping!$A:$A,0)) -> power | AC67: yes
A68: GCAM | B68: Canada | D68: Emissions|GHG | E68: -10.4 | G68: MtCO2eq | H68: 2015? | I68: 2030 | J68: Target | K68: model limitation | M68: 62 | X68: =INDEX(Regions!$B$4:$B81,MATCH(GCAM!B68,Regions!$A$4:$A$19,0)) -> Canada | AA68: =INDEX(PolicyMapping!$B:$B,MATCH($D68,PolicyMapping!$A:$A,0)) -> cap on emissions | AB68: =INDEX(PolicyMapping!$C:$C,MATCH($D68,PolicyMapping!$A:$A,0)) -> system
A69: GCAM | B69: Canada | D69: Emissions|HFCs | E69: 2.9 | G69: MtCO2eq | I69: 2036 | J69: Target | K69: model limitation | M69: 63 | X69: =INDEX(Regions!$B$4:$B82,MATCH(GCAM!B69,Regions!$A$4:$A$19,0)) -> Canada | AA69: =INDEX(PolicyMapping!$B:$B,MATCH($D69,PolicyMapping!$A:$A,0)) -> cap on emissions | AB69: =INDEX(PolicyMapping!$C:$C,MATCH($D69,PolicyMapping!$A:$A,0)) -> system
A70: GCAM | B70: Canada | D70: Emissions|HFCs | E70: -85 | G70: % | H70: 2036 | I70: 2036 | J70: Alternate interpretation | K70: model limitation | M70: 64 | X70: =INDEX(Regions!$B$4:$B83,MATCH(GCAM!B70,Regions!$A$4:$A$19,0)) -> Canada | AA70: =INDEX(PolicyMapping!$B:$B,MATCH($D70,PolicyMapping!$A:$A,0)) -> cap on emissions | AB70: =INDEX(PolicyMapping!$C:$C,MATCH($D70,PolicyMapping!$A:$A,0)) -> system
A71: GCAM | B71: China | D71: Share of non-fossil energy in TPES | E71: 20 | F71: 25 | G71: % | I71: 2030 | J71: Planned | K71: Modelled as Renewables + Nuclear target to all primary energy | M71: 65 | N71: tpresres_chn | X71: =INDEX(Regions!$B$4:$B84,MATCH(GCAM!B71,Regions!$A$4:$A$19,0)) -> China | Y71: yes | AA71: =INDEX(PolicyMapping!$B:$B,MATCH($D71,PolicyMapping!$A:$A,0)) -> clean energy | AB71: =INDEX(PolicyMapping!$C:$C,MATCH($D71,PolicyMapping!$A:$A,0)) -> system | AC71: yes
A72: GCAM | B72: China | D72: Share of gas in energy mix | E72: 0.15 | I72: 2030 | J72: Planned | K72: model limitation | M72: 66 | X72: =INDEX(Regions!$B$4:$B85,MATCH(GCAM!B72,Regions!$A$4:$A$19,0)) -> China | AA72: =INDEX(PolicyMapping!$B:$B,MATCH($D72,PolicyMapping!$A:$A,0)) -> cap on fossils | AB72: =INDEX(PolicyMapping!$C:$C,MATCH($D72,PolicyMapping!$A:$A,0)) -> system
A73: GCAM | B73: China | D73: Economy-wide | Energy-intensity (TPES/GDP) | E73: -15 | G73: % | H73: 2015 | I73: 2020 | J73: Target | K73: model limitation | M73: 67 | N73: tpes_chn | X73: =INDEX(Regions!$B$4:$B86,MATCH(GCAM!B73,Regions!$A$4:$A$19,0)) -> China | Y73: yes | AA73: =INDEX(PolicyMapping!$B:$B,MATCH($D73,PolicyMapping!$A:$A,0)) -> efficiency standard | AB73: =INDEX(PolicyMapping!$C:$C,MATCH($D73,PolicyMapping!$A:$A,0)) -> system
A74: GCAM | B74: China | D74: Cap on primary energy consumption | E74: 165 | G74: EJ | I74: 2020 | J74: Target | K74: met with baseline assumptions | M74: 68 | X74: =INDEX(Regions!$B$4:$B87,MATCH(GCAM!B74,Regions!$A$4:$A$19,0)) -> China | Y74: yes | Z74: yes | AA74: =INDEX(PolicyMapping!$B:$B,MATCH($D74,PolicyMapping!$A:$A,0)) -> cap on fossils | AB74: =INDEX(PolicyMapping!$C:$C,MATCH($D74,PolicyMapping!$A:$A,0)) -> system
A75: GCAM | B75: China | D75: Economy-wide | CO2-intensity (CO2/GDP) | E75: -18 | G75: % | H75: 2015 | I75: 2020 | J75: Target | K75: model limitation | M75: 69 | X75: =INDEX(Regions!$B$4:$B88,MATCH(GCAM!B75,Regions!$A$4:$A$19,0)) -> China | AA75: =INDEX(PolicyMapping!$B:$B,MATCH($D75,PolicyMapping!$A:$A,0)) -> cap on emissions | AB75: =INDEX(PolicyMapping!$C:$C,MATCH($D75,PolicyMapping!$A:$A,0)) -> system
A76: GCAM | B76: China | D76: Fuel efficiency | Medium-duty trucks|New | G76: MJ/tkm | H76: 2015 | J76: Target | K76: model limitation | M76: 70 | X76: =INDEX(Regions!$B$4:$B89,MATCH(GCAM!B76,Regions!$A$4:$A$19,0)) -> China | AA76: =INDEX(PolicyMapping!$B:$B,MATCH($D76,PolicyMapping!$A:$A,0)) -> efficiency standard | AB76: =INDEX(PolicyMapping!$C:$C,MATCH($D76,PolicyMapping!$A:$A,0)) -> transport
A77: GCAM | B77: China | D77: Fuel efficiency | Heavy-duty trucks|New | E77: 1.2 | G77: MJ/tkm | I77: 2021 | J77: Target | K77: applied linear reduction until limit reached to diesel heavy duty trucks | M77: 71 | X77: =INDEX(Regions!$B$4:$B90,MATCH(GCAM!B77,Regions!$A$4:$A$19,0)) -> China | AA77: =INDEX(PolicyMapping!$B:$B,MATCH($D77,PolicyMapping!$A:$A,0)) -> efficiency standard | AB77: =INDEX(PolicyMapping!$C:$C,MATCH($D77,PolicyMapping!$A:$A,0)) -> transport
A78: GCAM | B78: China | D78: Fuel efficiency | Heavy-duty trucks|New (percentage increase over period) | E78: -15 | G78: % | H78: 2015 | I78: 2021 | J78: Target | K78: applied 15% efficiency improvement relative to 2015 levels for all truck categories | M78: 72 | N78: fuelst_chn | X78: =INDEX(Regions!$B$4:$B91,MATCH(GCAM!B78,Regions!$A$4:$A$19,0)) -> China | Y78: yes | AA78: =INDEX(PolicyMapping!$B:$B,MATCH($D78,PolicyMapping!$A:$A,0)) -> efficiency standard | AB78: =INDEX(PolicyMapping!$C:$C,MATCH($D78,PolicyMapping!$A:$A,0)) -> transport
A79: GCAM | B79: China | D79: Fuel efficiency | Light-duty vehicles|New | G79: MJ/pkm | H79: 2015 | J79: Target | K79: model limitation | M79: 73 | X79: =INDEX(Regions!$B$4:$B92,MATCH(GCAM!B79,Regions!$A$4:$A$19,0)) -> China | AA79: =INDEX(PolicyMapping!$B:$B,MATCH($D79,PolicyMapping!$A:$A,0)) -> efficiency standard | AB79: =INDEX(PolicyMapping!$C:$C,MATCH($D79,PolicyMapping!$A:$A,0)) -> transport
A80: GCAM | B80: China | D80: Fuel efficiency | Light-duty vehicles|New | E80: 5 | G80: litre/100km | I80: 2020 | J80: Target | K80: met with baseline assumptions | M80: 74 | X80: =INDEX(Regions!$B$4:$B93,MATCH(GCAM!B80,Regions!$A$4:$A$19,0)) -> China | Y80: yes | Z80: yes | AA80: =INDEX(PolicyMapping!$B:$B,MATCH($D80,PolicyMapping!$A:$A,0)) -> efficiency standard | AB80: =INDEX(PolicyMapping!$C:$C,MATCH($D80,PolicyMapping!$A:$A,0)) -> transport
A81: GCAM | B81: China | D81: Fuel efficiency | Light-duty vehicles|New | E81: 0.92 | G81: MJ/pkm | H81: 2015 | I81: 2025 | J81: Target | K81: met with baseline assumptions | M81: 75 | X81: =INDEX(Regions!$B$4:$B94,MATCH(GCAM!B81,Regions!$A$4:$A$19,0)) -> China | Y81: yes | Z81: yes | AA81: =INDEX(PolicyMapping!$B:$B,MATCH($D81,PolicyMapping!$A:$A,0)) -> efficiency standard | AB81: =INDEX(PolicyMapping!$C:$C,MATCH($D81,PolicyMapping!$A:$A,0)) -> transport
A82: GCAM | B82: China | D82: Cap on coal consumption | Average raw coal | E82: 4.1 | G82: Gt/year | I82: 2020 | J82: Alternate interpretation | K82: met with overall set of CPs | M82: 76 | X82: =INDEX(Regions!$B$4:$B95,MATCH(GCAM!B82,Regions!$A$4:$A$19,0)) -> China | Y82: yes | Z82: yes | AA82: =INDEX(PolicyMapping!$B:$B,MATCH($D82,PolicyMapping!$A:$A,0)) -> cap on fossils | AB82: =INDEX(PolicyMapping!$C:$C,MATCH($D82,PolicyMapping!$A:$A,0)) -> system
A83: GCAM | B83: China | D83: Biofuel share in transport | Bioethanol + biodiesel | E83: 100000000 | G83: GJ/year | I83: 2020 | J83: Alternate interpretation | K83: target of biofuels in all transport fuels | M83: 77 | X83: =INDEX(Regions!$B$4:$B96,MATCH(GCAM!B83,Regions!$A$4:$A$19,0)) -> China | Y83: yes | Z83: yes | AA83: =INDEX(PolicyMapping!$B:$B,MATCH($D83,PolicyMapping!$A:$A,0)) -> clean energy | AB83: =INDEX(PolicyMapping!$C:$C,MATCH($D83,PolicyMapping!$A:$A,0)) -> transport
A84: GCAM | B84: China | D84: Electric and plug-in vehicles | Production | Share of new cars | E84: 6 | G84: % | I84: 2020 | J84: Alternate interpretation | K84: met with baseline assumptions | M84: 78 | X84: =INDEX(Regions!$B$4:$B97,MATCH(GCAM!B84,Regions!$A$4:$A$19,0)) -> China | Y84: yes | Z84: yes | AA84: =INDEX(PolicyMapping!$B:$B,MATCH($D84,PolicyMapping!$A:$A,0)) -> clean energy | AB84: =INDEX(PolicyMapping!$C:$C,MATCH($D84,PolicyMapping!$A:$A,0)) -> transport
A85: GCAM | B85: China | D85: Electric and plug-in vehicles | Production | Share of new cars | E85: 25 | G85: % | I85: 2025 | K85: met with baseline assumptions | M85: 79 | X85: =INDEX(Regions!$B$4:$B98,MATCH(GCAM!B85,Regions!$A$4:$A$19,0)) -> China | Y85: yes | Z85: yes | AA85: =INDEX(PolicyMapping!$B:$B,MATCH($D85,PolicyMapping!$A:$A,0)) -> clean energy | AB85: =INDEX(PolicyMapping!$C:$C,MATCH($D85,PolicyMapping!$A:$A,0)) -> transport
A86: GCAM | B86: China | D86: Electric and plug-in vehicles | Production | Number | E86: 2000000 | G86: Number/year | I86: 2020 | J86: Target | K86: met with baseline assumptions | M86: 80 | X86: =INDEX(Regions!$B$4:$B99,MATCH(GCAM!B86,Regions!$A$4:$A$19,0)) -> China | Y86: yes | Z86: yes | AA86: =INDEX(PolicyMapping!$B:$B,MATCH($D86,PolicyMapping!$A:$A,0)) -> clean energy | AB86: =INDEX(PolicyMapping!$C:$C,MATCH($D86,PolicyMapping!$A:$A,0)) -> transport
A87: GCAM | B87: China | D87: Electric and plug-in vehicles | Number | E87: 5000000 | G87: Number | I87: 2020 | J87: Target | K87: met with baseline assumptions | M87: 81 | X87: =INDEX(Regions!$B$4:$B100,MATCH(GCAM!B87,Regions!$A$4:$A$19,0)) -> China | Y87: yes | Z87: yes | AA87: =INDEX(PolicyMapping!$B:$B,MATCH($D87,PolicyMapping!$A:$A,0)) -> clean energy | AB87: =INDEX(PolicyMapping!$C:$C,MATCH($D87,PolicyMapping!$A:$A,0)) -> transport
A88: GCAM | B88: China | D88: Electric and plug-in vehicles | Share | E88: 1.5 | G88: % | I88: 2020 | J88: Alternate interpretation | K88: met with baseline assumptions | M88: 82 | X88: =INDEX(Regions!$B$4:$B101,MATCH(GCAM!B88,Regions!$A$4:$A$19,0)) -> China | Y88: yes | Z88: yes | AA88: =INDEX(PolicyMapping!$B:$B,MATCH($D88,PolicyMapping!$A:$A,0)) -> clean energy | AB88: =INDEX(PolicyMapping!$C:$C,MATCH($D88,PolicyMapping!$A:$A,0)) -> transport
A89: GCAM | B89: China | D89: Share of gas in TPES | E89: 10 | G89: % | I89: 2020 | J89: Target | K89: model limitation | M89: 83 | X89: =INDEX(Regions!$B$4:$B102,MATCH(GCAM!B89,Regions!$A$4:$A$19,0)) -> China | AA89: =INDEX(PolicyMapping!$B:$B,MATCH($D89,PolicyMapping!$A:$A,0)) -> cap on fossils | AB89: =INDEX(PolicyMapping!$C:$C,MATCH($D89,PolicyMapping!$A:$A,0)) -> system
A90: GCAM | B90: China | D90: Cap on coal consumption | E90: 84.5 | G90: EJ/year | I90: 2020 | J90: Target | K90: model limitation | M90: 84 | X90: =INDEX(Regions!$B$4:$B103,MATCH(GCAM!B90,Regions!$A$4:$A$19,0)) -> China | Y90: yes | Z90: yes | AA90: =INDEX(PolicyMapping!$B:$B,MATCH($D90,PolicyMapping!$A:$A,0)) -> cap on fossils | AB90: =INDEX(PolicyMapping!$C:$C,MATCH($D90,PolicyMapping!$A:$A,0)) -> system
A91: GCAM | B91: China | D91: Electricity capacity | Wind | E91: 210 | G91: GW | I91: 2020 | J91: Target | K91: overwritten by % renewables target | M91: 85 | X91: =INDEX(Regions!$B$4:$B104,MATCH(GCAM!B91,Regions!$A$4:$A$19,0)) -> China | Y91: yes | Z91: yes | AA91: =INDEX(PolicyMapping!$B:$B,MATCH($D91,PolicyMapping!$A:$A,0)) -> clean energy | AB91: =INDEX(PolicyMapping!$C:$C,MATCH($D91,PolicyMapping!$A:$A,0)) -> power
A92: GCAM | B92: China | D92: Electricity capacity | Solar PV | E92: 105 | G92: GW | I92: 2020 | J92: Target | K92: overwritten by % renewables target | M92: 86 | X92: =INDEX(Regions!$B$4:$B105,MATCH(GCAM!B92,Regions!$A$4:$A$19,0)) -> China | Y92: yes | Z92: yes | AA92: =INDEX(PolicyMapping!$B:$B,MATCH($D92,PolicyMapping!$A:$A,0)) -> clean energy | AB92: =INDEX(PolicyMapping!$C:$C,MATCH($D92,PolicyMapping!$A:$A,0)) -> power
A93: GCAM | B93: China | D93: Electricity capacity | Biomass | E93: 15 | G93: GW | I93: 2020 | J93: Target | K93: overwritten by % renewables target | M93: 87 | X93: =INDEX(Regions!$B$4:$B106,MATCH(GCAM!B93,Regions!$A$4:$A$19,0)) -> China | Y93: yes | Z93: yes | AA93: =INDEX(PolicyMapping!$B:$B,MATCH($D93,PolicyMapping!$A:$A,0)) -> clean energy | AB93: =INDEX(PolicyMapping!$C:$C,MATCH($D93,PolicyMapping!$A:$A,0)) -> power
A94: GCAM | B94: China | D94: Electricity capacity | Hydro | E94: 340 | G94: GW | I94: 2020 | J94: Target | K94: Fixed level of 4.873 EJ hydro output | M94: 88 | N94: resfix_chn | X94: =INDEX(Regions!$B$4:$B107,MATCH(GCAM!B94,Regions!$A$4:$A$19,0)) -> China | Y94: yes | AA94: =INDEX(PolicyMapping!$B:$B,MATCH($D94,PolicyMapping!$A:$A,0)) -> clean energy | AB94: =INDEX(PolicyMapping!$C:$C,MATCH($D94,PolicyMapping!$A:$A,0)) -> power
A95: GCAM | B95: China | D95: Electricity capacity | Nuclear | E95: 58 | G95: GW | I95: 2020 | J95: Target | K95: overwritten by % renewables target | M95: 89 | X95: =INDEX(Regions!$B$4:$B108,MATCH(GCAM!B95,Regions!$A$4:$A$19,0)) -> China | Y95: yes | Z95: yes | AA95: =INDEX(PolicyMapping!$B:$B,MATCH($D95,PolicyMapping!$A:$A,0)) -> clean energy | AB95: =INDEX(PolicyMapping!$C:$C,MATCH($D95,PolicyMapping!$A:$A,0)) -> power
A96: GCAM | B96: China | D96: Electricity capacity | Solar thermal | E96: 5 | G96: GW | I96: 2020 | J96: Target | K96: overwritten by % renewables target | M96: 90 | X96: =INDEX(Regions!$B$4:$B109,MATCH(GCAM!B96,Regions!$A$4:$A$19,0)) -> China | Y96: yes | Z96: yes | AA96: =INDEX(PolicyMapping!$B:$B,MATCH($D96,PolicyMapping!$A:$A,0)) -> clean energy | AB96: =INDEX(PolicyMapping!$C:$C,MATCH($D96,PolicyMapping!$A:$A,0)) -> power
A97: GCAM | B97: China | D97: Share of renewables (electricity production) | Including hydro | E97: 26.5 | G97: % | I97: 2020 | J97: Target | K97: minimum level from 2020, all renewables | M97: 91 | N97: res_chn | X97: =INDEX(Regions!$B$4:$B110,MATCH(GCAM!B97,Regions!$A$4:$A$19,0)) -> China | Y97: yes | AA97: =INDEX(PolicyMapping!$B:$B,MATCH($D97,PolicyMapping!$A:$A,0)) -> clean energy | AB97: =INDEX(PolicyMapping!$C:$C,MATCH($D97,PolicyMapping!$A:$A,0)) -> power
A98: GCAM | B98: China | D98: Power plant standard (efficiency) new plants | Coal | E98: 40 | G98: % | I98: 2020 | K98: met with baseline assumptions | M98: 92 | X98: =INDEX(Regions!$B$4:$B111,MATCH(GCAM!B98,Regions!$A$4:$A$19,0)) -> China | Y98: yes | Z98: yes | AA98: =INDEX(PolicyMapping!$B:$B,MATCH($D98,PolicyMapping!$A:$A,0)) -> efficiency standard | AB98: =INDEX(PolicyMapping!$C:$C,MATCH($D98,PolicyMapping!$A:$A,0)) -> power
A99: GCAM | B99: China | D99: Power plant standard (efficiency) new plants | Coal | E99: 38 | G99: % | I99: 2020 | J99: Target | K99: met with baseline assumptions | M99: 93 | X99: =INDEX(Regions!$B$4:$B112,MATCH(GCAM!B99,Regions!$A$4:$A$19,0)) -> China | Y99: yes | Z99: yes | AA99: =INDEX(PolicyMapping!$B:$B,MATCH($D99,PolicyMapping!$A:$A,0)) -> efficiency standard | AB99: =INDEX(PolicyMapping!$C:$C,MATCH($D99,PolicyMapping!$A:$A,0)) -> power
A100: GCAM | B100: China | D100: Cap on primary energy consumption | E100: 5 | G100: Gtce/year (billion tons of standard coal equivalent per year) | I100: 2020 | J100: Alternate interpretation | K100: model limitation | M100: 94 | X100: =INDEX(Regions!$B$4:$B113,MATCH(GCAM!B100,Regions!$A$4:$A$19,0)) -> China | AA100: =INDEX(PolicyMapping!$B:$B,MATCH($D100,PolicyMapping!$A:$A,0)) -> cap on fossils | AB100: =INDEX(PolicyMapping!$C:$C,MATCH($D100,PolicyMapping!$A:$A,0)) -> system
A101: GCAM | B101: China | D101: Share of non-fossil energy in TPES | E101: 15 | G101: % | I101: 2020 | J101: Target | K101: Modelled as Renewables + Nuclear target to all primary energy | M101: 95 | N101: tpresres_chn | X101: =INDEX(Regions!$B$4:$B114,MATCH(GCAM!B101,Regions!$A$4:$A$19,0)) -> China | Y101: yes | AA101: =INDEX(PolicyMapping!$B:$B,MATCH($D101,PolicyMapping!$A:$A,0)) -> clean energy | AB101: =INDEX(PolicyMapping!$C:$C,MATCH($D101,PolicyMapping!$A:$A,0)) -> system | AC101: yes
...

Sheet CombinedDatabase
A3: Model | B3: Country | C3: Source | D3: Variable | E3: Value | G3: Base year | H3: End year | I3: Class | J3: Updated ?? | K3: Database code | L3: Region | M3: Type | N3: Sector
A4: All | B4: Argentina | D4: Biofuel share in transport | Bioethanol + biodiesel | E4: 12 | G4: 2016 | I4: Target | K4: 1 | L4: =INDEX(Regions!$B$4:$B$19,MATCH(B4,Regions!$A$4:$A$19)) -> Latin America excl. Brazil | M4: =INDEX(PolicyMapping!$B:$B,MATCH(CombinedDatabase!$D4,PolicyMapping!$A:$A,0)) -> clean energy | N4: =INDEX(PolicyMapping!$C:$C,MATCH(CombinedDatabase!$D4,PolicyMapping!$A:$A,0)) -> transport
A5: All | B5: Argentina | D5: Heat capacity (added) | Biomass | E5: 200 | F5: MW | G5: 2013 | H5: 2016 | I5: Target | K5: 2 | L5: =INDEX(Regions!$B$4:$B$19,MATCH(B5,Regions!$A$4:$A$19)) -> Latin America excl. Brazil | M5: =INDEX(PolicyMapping!$B:$B,MATCH(CombinedDatabase!$D5,PolicyMapping!$A:$A,0)) -> clean energy | N5: =INDEX(PolicyMapping!$C:$C,MATCH(CombinedDatabase!$D5,PolicyMapping!$A:$A,0)) -> power
A6: All | B6: Argentina | D6: Electricity capacity (added) | Biomass | E6: 200 | F6: MW | G6: 2013 | H6: 2016 | I6: Target | K6: 3 | L6: =INDEX(Regions!$B$4:$B$19,MATCH(B6,Regions!$A$4:$A$19)) -> Latin America excl. Brazil | M6: =INDEX(PolicyMapping!$B:$B,MATCH(CombinedDatabase!$D6,PolicyMapping!$A:$A,0)) -> clean energy | N6: =INDEX(PolicyMapping!$C:$C,MATCH(CombinedDatabase!$D6,PolicyMapping!$A:$A,0)) -> power
A7: All | B7: Argentina | D7: Forest conservation (area) | E7: 4700000 | F7: ha | G7: 2007 | H7: 2030 | I7: Target | K7: 4 | L7: =INDEX(Regions!$B$4:$B$19,MATCH(B7,Regions!$A$4:$A$19)) -> Latin America excl. Brazil | M7: =INDEX(PolicyMapping!$B:$B,MATCH(CombinedDatabase!$D7,PolicyMapping!$A:$A,0)) -> land use | N7: =INDEX(PolicyMapping!$C:$C,MATCH(CombinedDatabase!$D7,PolicyMapping!$A:$A,0)) -> land
A8: All | B8: Argentina | D8: Forest conservation (Cumulative CO2 reduction) | E8: 1.3 | F8: Mt CO2 | G8: 2007 | H8: 2030 | I8: Alternate interpretation | K8: 5 | L8: =INDEX(Regions!$B$4:$B$19,MATCH(B8,Regions!$A$4:$A$19)) -> Latin America excl. Brazil | M8: =INDEX(PolicyMapping!$B:$B,MATCH(CombinedDatabase!$D8,PolicyMapping!$A:$A,0)) -> cap on emissions | N8: =INDEX(PolicyMapping!$C:$C,MATCH(CombinedDatabase!$D8,PolicyMapping!$A:$A,0)) -> land
A9: All | B9: Argentina | D9: Share of renewables (electricity production) | E9: 20 | F9: % | H9: 2025 | I9: Target | K9: 6 | L9: =INDEX(Regions!$B$4:$B$19,MATCH(B9,Regions!$A$4:$A$19)) -> Latin America excl. Brazil | M9: =INDEX(PolicyMapping!$B:$B,MATCH(CombinedDatabase!$D9,PolicyMapping!$A:$A,0)) -> clean energy | N9: =INDEX(PolicyMapping!$C:$C,MATCH(CombinedDatabase!$D9,PolicyMapping!$A:$A,0)) -> power
A10: All | B10: Argentina | D10: Share of renewables (electricity production) | E10: 18 | F10: % | H10: 2023 | I10: Target | K10: 7 | L10: =INDEX(Regions!$B$4:$B$19,MATCH(B10,Regions!$A$4:$A$19)) -> Latin America excl. Brazil | M10: =INDEX(PolicyMapping!$B:$B,MATCH(CombinedDatabase!$D10,PolicyMapping!$A:$A,0)) -> clean energy | N10: =INDEX(PolicyMapping!$C:$C,MATCH(CombinedDatabase!$D10,PolicyMapping!$A:$A,0)) -> power
A11: All | B11: Argentina | D11: Share of renewables (electricity production) | E11: 16 | F11: % | H11: 2021 | I11: Target | K11: 8 | L11: =INDEX(Regions!$B$4:$B$19,MATCH(B11,Regions!$A$4:$A$19)) -> Latin America excl. Brazil | M11: =INDEX(PolicyMapping!$B:$B,MATCH(CombinedDatabase!$D11,PolicyMapping!$A:$A,0)) -> clean energy | N11: =INDEX(PolicyMapping!$C:$C,MATCH(CombinedDatabase!$D11,PolicyMapping!$A:$A,0)) -> power
A12: All | B12: Argentina | D12: Share of renewables (electricity production) | E12: 12 | F12: % | H12: 2019 | I12: Target | K12: 9 | L12: =INDEX(Regions!$B$4:$B$19,MATCH(B12,Regions!$A$4:$A$19)) -> Latin America excl. Brazil | M12: =INDEX(PolicyMapping!$B:$B,MATCH(CombinedDatabase!$D12,PolicyMapping!$A:$A,0)) -> clean energy | N12: =INDEX(PolicyMapping!$C:$C,MATCH(CombinedDatabase!$D12,PolicyMapping!$A:$A,0)) -> power
A13: All | B13: Argentina | D13: Share of renewables (electricity production) | E13: 8 | F13: % | H13: 2017 | I13: Target | K13: 10 | L13: =INDEX(Regions!$B$4:$B$19,MATCH(B13,Regions!$A$4:$A$19)) -> Latin America excl. Brazil | M13: =INDEX(PolicyMapping!$B:$B,MATCH(CombinedDatabase!$D13,PolicyMapping!$A:$A,0)) -> clean energy | N13: =INDEX(PolicyMapping!$C:$C,MATCH(CombinedDatabase!$D13,PolicyMapping!$A:$A,0)) -> power
A14: All | B14: Argentina | D14: Carbon tax | E14: 10 | F14: $/t CO2 | I14: Implemented | K14: 11 | L14: =INDEX(Regions!$B$4:$B$19,MATCH(B14,Regions!$A$4:$A$19)) -> Latin America excl. Brazil | M14: =INDEX(PolicyMapping!$B:$B,MATCH(CombinedDatabase!$D14,PolicyMapping!$A:$A,0)) -> economic | N14: =INDEX(PolicyMapping!$C:$C,MATCH(CombinedDatabase!$D14,PolicyMapping!$A:$A,0)) -> system
A15: All | B15: Australia | D15: Economy-wide|Energy productivity increase (GDP/PJ) | E15: 0.4 | F15: GDP ($M)/PJ | G15: 2015 | H15: 2030 | I15: Target | K15: 12 | L15: =INDEX(Regions!$B$4:$B$19,MATCH(B15,Regions!$A$4:$A$19)) -> Rest of the World | M15: =INDEX(PolicyMapping!$B:$B,MATCH(CombinedDatabase!$D15,PolicyMapping!$A:$A,0)) -> efficiency standard | N15: =INDEX(PolicyMapping!$C:$C,MATCH(CombinedDatabase!$D15,PolicyMapping!$A:$A,0)) -> system
